Workbook
Name case: #REF!
Name co: #REF!
Name f: #REF!

Sheet Table of Contents
F1: Case No. 2026-00306
F2: SMRP Table of Contents
A5: Columbia Gas of Kentucky, Inc.
A6: Annual Adjustment to the Safety Modification and Replacement Program ("SMRP")
A7: Forecasted Period Ending December 31, 2027
A8: Table of Contents
A13: Form Number | C13: Description
A14: 1.0 | C14: SMRP Rates by Rate Schedule
A15: 1.1 | C15: Projected Volumes
A16: 2.0 | C16: Revenue Requirement
A17: 2.1 | C17: Cost of Capital
A18: 2.2 | C18: PSC Assessment Conversion Factor
A19: 3.0 | C19: Plant In Service
A20: 4.0 | C20: Accumulated Depreciation
A21: 5.0 | C21: Depreciation Expense
A22: 6.0 | C22: ADIT - Normalized
A23: 6.1 | C23: ADIT - Calculation
A24: 7.0 | C24: Property Tax Expense
A25: 8.0 | C25: O&M Savings

Sheet 1.0 SMRP Rider Calc 
I1: ='Table of Contents'!F1 -> Case No. 2026-00306
I2: SMRP Form 1.0
A4: Columbia Gas of Kentucky, Inc.
A5: Annual Adjustment to the Safety Modification and Replacement Program ("SMRP")
A6: SMRP Rider by Rate Schedule
E8: Billing | F8: Volumetric | G8: Balancing | H8: Total
A9: Line | C9: Allocation | D9: Revenue | E9: Determinant | F9: SMRP | G9: Adjustment | H9: Volumetric
A10: No. | B10: Rate Schedule | C10: Percent (1) | D10: Requirement | E10: Volumes (2) | F10: Rider | G10: SMRP Rider [4] | H10: SMRP Rider
B11: ( A ) | C11: ( B ) | D11: ( C ) | E11: ( D ) | F11: ( E ) | G11: ( F ) | H11: ( G )
A14: 1 | B14: Rate GSR, Rate SVGTS - Residential Service | C14: 0.64795 | D14: =ROUND(C14*$D$22,0) -> 15452444 | E14: ='1.1 Projected Volumes'!C17 -> 8089316 | F14: =ROUND(D14/E14,4) -> 1.9102 | G14: -0.0793 | H14: =F14+G14 -> 1.8309
A16: =A14+1 -> 2 | B16: Rate GSO, Rate GDS, Rate SVGTS - Com. or Ind. Service | C16: 0.27683 | D16: =ROUND(C16*$D$22,0) -> 6601898 | E16: ='1.1 Projected Volumes'!C18 -> 6142657.6 | F16: =ROUND(D16/E16,4) -> 1.0748 | G16: -0.0431 | H16: =F16+G16 -> 1.0317
A18: =A16+1 -> 3 | B18: Rate IUS, Rate IUDS | C18: 0.00029 | D18: =ROUND(C18*$D$22,0) -> 6916 | E18: ='1.1 Projected Volumes'!C19 -> 10601 | F18: =ROUND(D18/E18,4) -> 0.6524 | G18: -0.0508 | H18: =F18+G18 -> 0.6016
A20: =A18+1 -> 4 | B20: Rate IS, Rate DS (3), Rate SAS | C20: 0.07493 | D20: =ROUND(C20*$D$22,0) -> 1786946 | E20: ='1.1 Projected Volumes'!C20 -> 8940413.4 | F20: =ROUND(D20/E20,4) -> 0.1999 | G20: -0.0087 | H20: =F20+G20 -> 0.1912
A22: =A20+1 -> 5 | B22: TOTAL | C22: =SUM(C14:C21) -> 1 | D22: ='2.0 Revenue Req.'!I30 -> 23848204 | E22: =SUM(E14:E21) -> 23182988
A26: Notes:
A27: (1) Allocation percent is based on the as filed overall base revenue distribution in PSC Case No. 2024-00092 Stipulation
A28: (2) Billing Determinants based on projected 2027 volumes
A29: (3) Excluding customers subject to the Flex Provisions of Rate Schedule DS.
A30: (4) Balancing Adjustment - per Case No. 2026-00083

Sheet 1.1 Projected Volumes
C1: ='Table of Contents'!F1 -> Case No. 2026-00306
C2: SMRP Form 1.1
B4: Columbia Gas of Kentucky
B5: Annual Adjustment to the Safety Modification and Replacement Program ("SMRP")
B6: SMRP Rider Billing Determinants by Rate Schedule - Estimated Billing Volumes
B7: For the Twelve Months Ending December 31, 2027
B12: Rate Schedule | C12: Total Mcf
B14: ( A ) | C14: ( B )
B17: GSR /GTR - Residential | C17: =7371963.2+717352.8 -> 8089316
B18: GSO/GTO/GDS - Commercial or Industrial | C18: =316284.8+1139073.4+4687299.4 -> 6142657.6
B19: IUS, IUDS | C19: 10601
B20: IS, DS | C20: 8940413.4
B21: Total | C21: =SUM(C17:C20) -> 23182988

Sheet 2.0 Revenue Req.
K1: ='Table of Contents'!F1 -> Case No. 2026-00306
K2: SMRP Form 2.0
A3: Columbia Gas of Kentucky, Inc.
A4: Annual Adjustment to the Safety Modification and Replacement Program ("SMRP")
A5: Forecasted SMRP Revenue Requirement For the Thirteen Months Ending December 31, 2027
A8: Line | G8: SMRP Investment | I8: Revenue Requirement
A9: No. | G9: 46752 | I9: Calculation | K9: Reference
G10: ( A ) | I10: ( B ) | K10: ( C )
A12: 1 | C12: Plant In Service | G12: ='3.0 Plant in Service'!Q328 -> 1.8953733e+08 | K12: Form 3.0
A13: =A12+1 -> 2 | C13: Accumulated Depreciation | G13: ='4.0 Accumulated Depr'!Q373 -> 15278143 | K13: Form 4.0
A14: 3 | C14: Accumulated Deferred Income Tax | G14: ='6.0 ADIT Normalized '!Q53 -> -28629484 | K14: From 6.0
A15: 4 | D15: Net Rate Base (Line 1 + Line 2 + Line 3) | I15: =SUM(G12:G14) -> 1.7618599e+08 | K15: Line 1 + Line 2 + Line 3
A17: 5 | C17: Rate of Return | I17: ='2.1 ROR '!F20 -> 0.0905 | K17: Form 2.1
A19: 6 | C19: Return on Rate Base | I19: =ROUND(I15*I17,0) -> 15944832 | K19: Line 4 * Line 5
A21: 7 | C21: Depreciation Expense | G21: ='5.0 Depr Expense'!Q381 -> 5015908.8 | K21: Form 5.0
A22: 8 | C22: Property Tax | G22: ='7.0 Property Tax'!G17 -> 2756968 | K22: Form 7.0
A23: =+A22+1 -> 9 | C23: O&M Savings | G23: ='8.0 O&M Savings '!E13 -> 0 | K23: Form 8.0
A24: =+A23+1 -> 10 | D24: Subtotal Depreciation, Property Tax and O&M Savings | I24: =SUM(G21:G23) -> 7772876.8 | K24: Line 7 + Line 8 + Line 9
A26: =+A24+1 -> 11 | C26: Revenue Requirement Before PSC Assessment/Uncollectible | I26: =+I19+I24 -> 23717709 | K26: Line 6 + Line 10
A28: =+A26+1 -> 12 | C28: PSC Assessment & Uncollectible Conversion Factor | I28: 1.005502 | K28: Form 2.2
A30: =+A28+1 -> 13 | C30: Required Return on SMRP Related Investment | I30: =ROUND(I26*I28,0) -> 23848204 | K30: Line 11 * Line 12

Sheet 2.1 ROR 
H1: ='Table of Contents'!F1 -> Case No. 2026-00306
H2: SMRP Form 2.1
A4: Columbia Gas of Kentucky, Inc.
A5: Annual Adjustment to the Safety Modification and Replacement Program
A6: Cost of Capital
F10: Pre-Tax @
A11: Line | E11: Weighted | F11: Effect tax of
A12: No. | B12: Capital Structure | C12: Ratio | D12: Cost | E12: Cost | F12: 0.2495
B13: ( A ) | C13: ( B ) | D13: ( C ) | E13: ( D ) | F13: ( E )
A16: 1 | B16: Short term Debt | C16: 0.0183 | D16: 0.0525 | E16: =+C16*D16 -> 0.00096075 | F16: =E16 -> 0.00096075
A17: =+A16+1 -> 2 | B17: Long term Debt | C17: 0.4553 | D17: 0.048 | E17: =+C17*D17 -> 0.0218544 | F17: =E17 -> 0.0218544
A18: =+A17+1 -> 3 | B18: Equity | C18: 0.52641 | D18: 0.0965 | E18: =+C18*D18 -> 0.050798565 | F18: =ROUND(E18/(1-F12),7) -> 0.0676863
A20: =A18+1 -> 4 | B20: Total | C20: =SUM(C16:C18) -> 1.00001 | E20: =SUM(E16:E18) -> 0.073613715 | F20: =ROUND(SUM(F16:F18),4) -> 0.0905
B23: Reflects Cost of Capital as filed in PSC Case No. 2024-00092 Stipulation

Sheet 2.2 Conversion Factor 
I1: ='Table of Contents'!F1 -> Case No. 2026-00306
I2: SMRP Form 2.2
C4: Columbia Gas of Kentucky, Inc.
C5: Annual Adjustment to the Safety Modification and Replacement Program
C6: Conversion Factor - PSC fees
E10: PERCENTAGE OF
E11: INCREMENTAL
C12: Line No. | D12: DESCRIPTION | E12: GROSS REVENUE
C14: 1 | D14: OPERATING REVENUE | E14: 1
C16: =+C14+1 -> 2 | D16: LESS: UNCOLLECTIBLE EXPENSE | E16: 0.00417
C18: =+C16+1 -> 3 | D18: LESS: PSC FEES | E18: 0.001302
C20: =+C18+1 -> 4 | D20: NET REVENUES | E20: =+E14-E16-E18 -> 0.994528
C22: =+C20+1 -> 5 | D22: GROSS REVENUE CONVERSION FACTOR | E22: =ROUND(1/$E$20,6) -> 1.005502
C25: Reflects Gross Conversion Factor as filed in PSC Case No. 2024-00092 Stipulation

Sheet 3.0 Plant in Service
Q1: ='Table of Contents'!F1 -> Case No. 2026-00306
Q2: SMRP Form 3.0
Q3: Page 1 of 5
A4: Columbia Gas of Kentucky, Inc.
A5: Annual Adjustment to the Safety Modification and Replacement Program ("SMRP")
A6: 2023 Plant In Service
C10: 2022 | D10: =+C10+1 -> 2023 | E10: =+D10 -> 2023 | F10: =+E10 -> 2023 | G10: =+F10 -> 2023 | H10: =+G10 -> 2023 | I10: =+H10 -> 2023 | J10: =+I10 -> 2023 | K10: =+J10 -> 2023 | L10: =+K10 -> 2023 | ... Q10: =+P10 -> 2023
C11: December | D11: January | E11: February | F11: March | G11: April | H11: May | I11: June | J11: July | K11: August | L11: September | M11: October | N11: November | O11: December | P11: Cumulative Total | Q11: 13 Month Average
C12: Cumulative | D12: Actual | E12: Actual | F12: Actual | G12: Actual | H12: Actual | I12: Actual | J12: Actual | K12: Actual | L12: Actual | M12: Actual | N12: Actual | O12: Actual
B14: Additions
B15: 376 Mains | C15: 0 | D15: 79805.64 | E15: 859141.8 | F15: 3925560.6 | G15: 805780.18 | H15: 3005341.4 | I15: 3854453.1 | J15: 3124046.7 | K15: 1345549.6 | L15: 4929452 | M15: 1282582.2 | N15: 3498689.7 | O15: 4263655.3 | P15: =SUM(C15:O15) -> 30974058
B16: 378 Plant Regulators | C16: 0 | P16: =SUM(C16:O16) -> 0
B17: 380 Service Lines | C17: 0 | D17: 849592.64 | E17: 1027481.7 | F17: 1095911 | G17: 1074077.5 | H17: 1261172 | I17: 1124603.4 | J17: 946236.83 | K17: 1262751.2 | L17: 1078244.2 | M17: 1523803.1 | N17: 861761.95 | O17: 782388.46 | P17: =SUM(C17:O17) -> 12888024
B18: 382 Meter Installations | C18: 0 | D18: 1645.31 | E18: 0 | F18: 1219.19 | G18: 374.88 | H18: 2800.43 | I18: 4551.35 | J18: 7084.41 | K18: 19772.76 | L18: 5637.86 | M18: 17703.63 | N18: 14238.46 | O18: 10554.1 | P18: =SUM(C18:O18) -> 85582.38
B19: 383 House Regulators | C19: 0 | D19: 0 | E19: 0 | F19: 0 | G19: 0 | H19: 0 | I19: 0 | J19: 0 | K19: 0 | L19: 0 | M19: 0 | N19: 0 | O19: 0 | P19: =SUM(C19:O19) -> 0
B20: Total Monthly Additions | C20: =SUM(C15:C19) -> 0 | D20: =SUM(D15:D19) -> 931043.59 | E20: =SUM(E15:E19) -> 1886623.5 | F20: =SUM(F15:F19) -> 5022690.8 | G20: =SUM(G15:G19) -> 1880232.6 | H20: =SUM(H15:H19) -> 4269313.8 | I20: =SUM(I15:I19) -> 4983607.9 | J20: =SUM(J15:J19) -> 4077368 | ... O20: =SUM(O15:O19) -> 5056597.9
B21: Total Cumulative Additions | C21: =+C20 -> 0 | D21: =+D20+C21 -> 931043.59 | E21: =+E20+D21 -> 2817667.1 | F21: =+F20+E21 -> 7840357.9 | G21: =+G20+F21 -> 9720590.5 | H21: =+H20+G21 -> 13989904 | I21: =+I20+H21 -> 18973512 | J21: =+J20+I21 -> 23050880 | K21: =+K20+J21 -> 25678954 | ... O21: =+O20+N21 -> 43947665 | P21: =SUM(P15:P19) -> 43947665 | Q21: =AVERAGE(C21:O21) -> 19388485
B23: Retirements
B24: 376 Mains | C24: 0 | D24: 0 | E24: 0 | F24: 0 | G24: 0 | H24: -14490.58 | I24: -207 | J24: -64.34 | K24: -207 | L24: -175288.07 | M24: -557.34 | N24: 0 | O24: -94799.38 | P24: =SUM(C24:O24) -> -285613.71
B25: 378 Plant Regulators | C25: 0 | D25: -7576.53 | E25: -6092.8 | F25: -17244.22 | G25: -1679.98 | H25: -9507.96 | I25: -98607.48 | J25: -90900.48 | K25: -73755.9 | L25: -42418.09 | M25: 0 | N25: -507.39 | O25: -42121.18 | P25: =SUM(C25:O25) -> -390412.01
B26: 380 Service Lines | C26: 0 | D26: -277338.55 | E26: -116568.91 | F26: -192040.81 | G26: -189065.28 | H26: -292187.68 | I26: -358664.11 | J26: -231124.94 | K26: -168870.39 | L26: -273184.83 | M26: -178657.54 | N26: -274398.31 | O26: -240285.09 | P26: =SUM(C26:O26) -> -2792386.4
B27: 382 Meter Installations | C27: 0 | D27: -489.15 | E27: -1574.73 | F27: -2045.79 | G27: -5647.45 | H27: -3453.44 | I27: -3705.51 | J27: -5252.36 | K27: -9322.32 | L27: -4705.11 | M27: -4703.41 | N27: -3639.67 | O27: -3691.83 | P27: =SUM(C27:O27) -> -48230.77
B28: 383 House Regulators | C28: 0 | D28: -188.66 | E28: -230.7 | F28: -156.8 | G28: -171.39 | H28: -348.81 | I28: -226.33 | J28: -3043.3 | K28: -197.14 | L28: -575.59 | M28: -562.87 | N28: -632.73 | O28: -534.67 | P28: =SUM(C28:O28) -> -6868.99
B29: Total Monthly Retirements | C29: =SUM(C24:C28) -> 0 | D29: =SUM(D24:D28) -> -285592.89 | E29: =SUM(E24:E28) -> -124467.14 | F29: =SUM(F24:F28) -> -211487.62 | G29: =SUM(G24:G28) -> -196564.1 | H29: =SUM(H24:H28) -> -319988.47 | I29: =SUM(I24:I28) -> -461410.43 | J29: =SUM(J24:J28) -> -330385.42 | ... O29: =SUM(O24:O28) -> -381432.15
B30: Total Cumulative Retirements | C30: =+C29 -> 0 | D30: =+D29+C30 -> -285592.89 | E30: =+E29+D30 -> -410060.03 | F30: =+F29+E30 -> -621547.65 | G30: =+G29+F30 -> -818111.75 | H30: =+H29+G30 -> -1138100.2 | I30: =+I29+H30 -> -1599510.7 | J30: =+J29+I30 -> -1929896.1 | K30: =+K29+J30 -> -2182248.8 | ... O30: =+O29+N30 -> -3523511.9 | P30: =SUM(P24:P28) -> -3523511.9 | Q30: =AVERAGE(C30:O30) -> -1630152.5
B32: Total Plant In Service
B33: 376 Mains | C33: =+C15+C24 -> 0 | D33: =+D15+D24 -> 79805.64 | E33: =+E15+E24 -> 859141.8 | F33: =+F15+F24 -> 3925560.6 | G33: =+G15+G24 -> 805780.18 | H33: =+H15+H24 -> 2990850.8 | I33: =+I15+I24 -> 3854246.1 | J33: =+J15+J24 -> 3123982.4 | ... O33: =+O15+O24 -> 4168855.9 | P33: =SUM(C33:O33) -> 30688444
B34: 378 Plant Regulators | C34: =+C16+C25 -> 0 | D34: =+D16+D25 -> -7576.53 | E34: =+E16+E25 -> -6092.8 | F34: =+F16+F25 -> -17244.22 | G34: =+G16+G25 -> -1679.98 | H34: =+H16+H25 -> -9507.96 | I34: =+I16+I25 -> -98607.48 | J34: =+J16+J25 -> -90900.48 | ... O34: =+O16+O25 -> -42121.18 | P34: =SUM(C34:O34) -> -390412.01
B35: 380 Service Lines | C35: =+C17+C26 -> 0 | D35: =+D17+D26 -> 572254.09 | E35: =+E17+E26 -> 910912.81 | F35: =+F17+F26 -> 903870.21 | G35: =+G17+G26 -> 885012.26 | H35: =+H17+H26 -> 968984.3 | I35: =+I17+I26 -> 765939.34 | J35: =+J17+J26 -> 715111.89 | ... O35: =+O17+O26 -> 542103.37 | P35: =SUM(C35:O35) -> 10095638
B36: 382 Meter Installations | C36: =+C18+C27 -> 0 | D36: =+D18+D27 -> 1156.16 | E36: =+E18+E27 -> -1574.73 | F36: =+F18+F27 -> -826.6 | G36: =+G18+G27 -> -5272.57 | H36: =+H18+H27 -> -653.01 | I36: =+I18+I27 -> 845.84 | J36: =+J18+J27 -> 1832.05 | ... O36: =+O18+O27 -> 6862.27 | P36: =SUM(C36:O36) -> 37351.61
B37: 383 House Regulators | C37: =+C19+C28 -> 0 | D37: =+D19+D28 -> -188.66 | E37: =+E19+E28 -> -230.7 | F37: =+F19+F28 -> -156.8 | G37: =+G19+G28 -> -171.39 | H37: =+H19+H28 -> -348.81 | I37: =+I19+I28 -> -226.33 | J37: =+J19+J28 -> -3043.3 | ... O37: =+O19+O28 -> -534.67 | P37: =SUM(C37:O37) -> -6868.99
B38: Total Plant In Service Monthly Activity | C38: =SUM(C33:C37) -> 0 | D38: =SUM(D33:D37) -> 645450.7 | E38: =SUM(E33:E37) -> 1762156.4 | F38: =SUM(F33:F37) -> 4811203.2 | G38: =SUM(G33:G37) -> 1683668.5 | H38: =SUM(H33:H37) -> 3949325.4 | I38: =SUM(I33:I37) -> 4522197.4 | J38: =SUM(J33:J37) -> 3746982.5 | ... O38: =SUM(O33:O37) -> 4675165.7
B39: Total Cumulative Plant In Service | C39: =+C38 -> 0 | D39: =+D38+C39 -> 645450.7 | E39: =+E38+D39 -> 2407607.1 | F39: =+F38+E39 -> 7218810.2 | G39: =+G38+F39 -> 8902478.7 | H39: =+H38+G39 -> 12851804 | I39: =+I38+H39 -> 17374002 | J39: =+J38+I39 -> 21120984 | K39: =+K38+J39 -> 23496705 | ... O39: =+O38+N39 -> 40424153 | P39: =SUM(P33:P37) -> 40424153 | Q39: =AVERAGE(C39:O39) -> 17758333
Q71: =Q1 -> Case No. 2026-00306
Q72: SMRP Form 3.0
Q73: Page 2 of 5
A74: Columbia Gas of Kentucky, Inc.
A75: Annual Adjustment to the Safety Modification and Replacement Program ("SMRP")
A76: 2024 Plant In Service
C80: 2023 | D80: =+C80+1 -> 2024 | E80: =+D80 -> 2024 | F80: =+E80 -> 2024 | G80: =+F80 -> 2024 | H80: =+G80 -> 2024 | I80: =+H80 -> 2024 | J80: =+I80 -> 2024 | K80: =+J80 -> 2024 | L80: =+K80 -> 2024 | ... Q80: =+P80 -> 2024
C81: December | D81: January | E81: February | F81: March | G81: April | H81: May | I81: June | J81: July | K81: August | L81: September | M81: October | N81: November | O81: December | P81: Cumulative Total | Q81: 13 Month Average
C82: Cumulative | D82: Actual | E82: Actual | F82: Actual | G82: Actual | H82: Actual | I82: Actual | J82: Actual | K82: Actual | L82: Actual | M82: Actual | N82: Actual | O82: Actual
B84: Additions
B85: 376 Mains | C85: =P15 -> 30974058 | D85: 493561.91 | E85: 631073.58 | F85: 2871922.8 | G85: 972819.89 | H85: 971911.57 | I85: 1075612.9 | J85: 1648380.5 | K85: 898881.67 | L85: 698598.6 | M85: 4733534.5 | N85: 5812471.8 | O85: 7358169.6 | P85: =SUM(C85:O85) -> 59140998
B86: 378 Plant Regulators | C86: =P16 -> 0 | D86: 0 | E86: 0 | F86: 0 | G86: 0 | H86: 0 | I86: 0 | J86: 0 | K86: 0 | L86: 0 | M86: 0 | N86: 0 | O86: 0 | P86: =SUM(C86:O86) -> 0
B87: 380 Service Lines | C87: =P17 -> 12888024 | D87: 528444.89 | E87: 965406.04 | F87: 982289.47 | G87: 819877.05 | H87: 967829.41 | I87: 1277747.6 | J87: 1111761.6 | K87: 1238839.4 | L87: 943335.65 | M87: 1474212.5 | N87: 1443719.9 | O87: 1248564.6 | P87: =SUM(C87:O87) -> 25890052
B88: 382 Meter Installations | C88: =P18 -> 85582.38 | D88: 99666.4 | E88: 46199.51 | F88: 71137.13 | G88: 30394.9 | H88: 68100.06 | I88: 26020.64 | J88: 35647.22 | K88: 77968.27 | L88: 29768.76 | M88: 57535.61 | N88: 29538.28 | O88: 35466.29 | P88: =SUM(C88:O88) -> 693025.45
B89: 383 House Regulators | C89: =P19 -> 0 | D89: 7763.63 | E89: 16342.16 | F89: 5818.02 | G89: 6048.96 | H89: -43.29 | I89: 5572.98 | J89: 2393.53 | K89: 10530.81 | L89: 4614.83 | M89: 2409.44 | N89: -650.35 | O89: 5519.75 | P89: =SUM(C89:O89) -> 66320.47
B90: Total Monthly Additions | D90: =SUM(D85:D89) -> 1129436.8 | E90: =SUM(E85:E89) -> 1659021.3 | F90: =SUM(F85:F89) -> 3931167.4 | G90: =SUM(G85:G89) -> 1829140.8 | H90: =SUM(H85:H89) -> 2007797.8 | I90: =SUM(I85:I89) -> 2384954.1 | J90: =SUM(J85:J89) -> 2798182.9 | K90: =SUM(K85:K89) -> 2226220.1 | ... O90: =SUM(O85:O89) -> 8647720.2
B91: Total Cumulative Additions | C91: =SUM(C85:C89) -> 43947665 | D91: =+D90+C91 -> 45077101 | E91: =+E90+D91 -> 46736123 | F91: =+F90+E91 -> 50667290 | G91: =+G90+F91 -> 52496431 | H91: =+H90+G91 -> 54504229 | I91: =+I90+H91 -> 56889183 | J91: =+J90+I91 -> 59687366 | K91: =+K90+J91 -> 61913586 | ... O91: =+O90+N91 -> 85790396 | P91: =SUM(P85:P89) -> 85790396 | Q91: =AVERAGE(C91:O91) -> 59099965
B93: Retirements
B94: 376 Mains | C94: =P24 -> -285613.71 | D94: 0 | E94: 0 | F94: -34095.33 | G94: -2475.74 | H94: 0 | I94: -12190.76 | J94: -744119.04 | K94: -18271.8 | L94: 193737.59 | M94: -137754.31 | N94: 7853.39 | O94: -437354.73 | P94: =SUM(C94:O94) -> -1470284.4
B95: 378 Plant Regulators | C95: =P25 -> -390412.01 | D95: 0 | E95: 0 | F95: -8225.53 | G95: 0 | H95: -53875.33 | I95: -1229.86 | J95: 0 | K95: 0 | L95: 0 | M95: 0 | N95: -129.32 | O95: -309.87 | P95: =SUM(C95:O95) -> -454181.92
B96: 380 Service Lines | C96: =P26 -> -2792386.4 | D96: -80627.68 | E96: -142561.49 | F96: -363834.12 | G96: -22542.8 | H96: -122658.81 | I96: -187805.38 | J96: -294042.9 | K96: -261287.98 | L96: -233683.67 | M96: -214091.11 | N96: -325921.16 | O96: -258857.48 | P96: =SUM(C96:O96) -> -5300301
B97: 382 Meter Installations | C97: =P27 -> -48230.77 | D97: -1867.38 | E97: -2576.42 | F97: -9968.38 | G97: 0 | H97: -6767.86 | I97: -4172.42 | J97: -2618.31 | K97: -6967.02 | L97: -17586.99 | M97: -5456.08 | N97: -15799.48 | O97: -2905.87 | P97: =SUM(C97:O97) -> -124916.98
B98: 383 House Regulators | C98: =P28 -> -6868.99 | D98: -270.1 | E98: -489.95 | F98: -900.07 | G98: 0 | H98: -670.82 | I98: -419.35 | J98: -267.74 | K98: -705.31 | L98: -674.09 | M98: -593.1 | N98: -767.43 | O98: -356.34 | P98: =SUM(C98:O98) -> -12983.29
B99: Total Monthly Retirements | D99: =SUM(D94:D98) -> -82765.16 | E99: =SUM(E94:E98) -> -145627.86 | F99: =SUM(F94:F98) -> -417023.43 | G99: =SUM(G94:G98) -> -25018.54 | H99: =SUM(H94:H98) -> -183972.82 | I99: =SUM(I94:I98) -> -205817.77 | J99: =SUM(J94:J98) -> -1041048 | K99: =SUM(K94:K98) -> -287232.11 | ... O99: =SUM(O94:O98) -> -699784.29
B100: Total Cumulative Retirements | C100: =SUM(C94:C98) -> -3523511.9 | D100: =+D99+C100 -> -3606277.1 | E100: =+E99+D100 -> -3751904.9 | F100: =+F99+E100 -> -4168928.4 | G100: =+G99+F100 -> -4193946.9 | H100: =+H99+G100 -> -4377919.7 | I100: =+I99+H100 -> -4583737.5 | J100: =+J99+I100 -> -5624785.5 | K100: =+K99+J100 -> -5912017.6 | ... O100: =+O99+N100 -> -7362667.6 | P100: =SUM(P94:P98) -> -7362667.6 | Q100: =AVERAGE(C100:O100) -> -5082071.1
B102: Total Plant In Service
B103: 376 Mains | C103: =+C85+C94 -> 30688444 | D103: =+D85+D94 -> 493561.91 | E103: =+E85+E94 -> 631073.58 | F103: =+F85+F94 -> 2837827.4 | G103: =+G85+G94 -> 970344.15 | H103: =+H85+H94 -> 971911.57 | I103: =+I85+I94 -> 1063422.1 | J103: =+J85+J94 -> 904261.48 | ... O103: =+O85+O94 -> 6920814.9 | P103: =SUM(C103:O103) -> 57670713
B104: 378 Plant Regulators | C104: =+C86+C95 -> -390412.01 | D104: =+D86+D95 -> 0 | E104: =+E86+E95 -> 0 | F104: =+F86+F95 -> -8225.53 | G104: =+G86+G95 -> 0 | H104: =+H86+H95 -> -53875.33 | I104: =+I86+I95 -> -1229.86 | J104: =+J86+J95 -> 0 | ... O104: =+O86+O95 -> -309.87 | P104: =SUM(C104:O104) -> -454181.92
B105: 380 Service Lines | C105: =+C87+C96 -> 10095638 | D105: =+D87+D96 -> 447817.21 | E105: =+E87+E96 -> 822844.55 | F105: =+F87+F96 -> 618455.35 | G105: =+G87+G96 -> 797334.25 | H105: =+H87+H96 -> 845170.6 | I105: =+I87+I96 -> 1089942.2 | J105: =+J87+J96 -> 817718.73 | ... O105: =+O87+O96 -> 989707.08 | P105: =SUM(C105:O105) -> 20589751
B106: 382 Meter Installations | C106: =+C88+C97 -> 37351.61 | D106: =+D88+D97 -> 97799.02 | E106: =+E88+E97 -> 43623.09 | F106: =+F88+F97 -> 61168.75 | G106: =+G88+G97 -> 30394.9 | H106: =+H88+H97 -> 61332.2 | I106: =+I88+I97 -> 21848.22 | J106: =+J88+J97 -> 33028.91 | ... O106: =+O88+O97 -> 32560.42 | P106: =SUM(C106:O106) -> 568108.47
B107: 383 House Regulators | C107: =+C89+C98 -> -6868.99 | D107: =+D89+D98 -> 7493.53 | E107: =+E89+E98 -> 15852.21 | F107: =+F89+F98 -> 4917.95 | G107: =+G89+G98 -> 6048.96 | H107: =+H89+H98 -> -714.11 | I107: =+I89+I98 -> 5153.63 | J107: =+J89+J98 -> 2125.79 | ... O107: =+O89+O98 -> 5163.41 | P107: =SUM(C107:O107) -> 53337.18
B108: Total Plant In Service Monthly Activity | D108: =SUM(D103:D107) -> 1046671.7 | E108: =SUM(E103:E107) -> 1513393.4 | F108: =SUM(F103:F107) -> 3514144 | G108: =SUM(G103:G107) -> 1804122.3 | H108: =SUM(H103:H107) -> 1823824.9 | I108: =SUM(I103:I107) -> 2179136.4 | J108: =SUM(J103:J107) -> 1757134.9 | K108: =SUM(K103:K107) -> 1938988 | ... O108: =SUM(O103:O107) -> 7947935.9
B109: Total Cumulative Plant In Service | C109: =SUM(C103:C107) -> 40424153 | D109: =+D108+C109 -> 41470824 | E109: =+E108+D109 -> 42984218 | F109: =+F108+E109 -> 46498362 | G109: =+G108+F109 -> 48302484 | H109: =+H108+G109 -> 50126309 | I109: =+I108+H109 -> 52305445 | J109: =+J108+I109 -> 54062580 | K109: =+K108+J109 -> 56001568 | ... O109: =+O108+N109 -> 78427728 | P109: =SUM(P103:P107) -> 78427728 | Q109: =AVERAGE(C109:O109) -> 54017894
Q144: =Q71 -> Case No. 2026-00306
Q145: SMRP Form 3.0
Q146: Page 3 of 5
A147: Columbia Gas of Kentucky, Inc.
A148: Annual Adjustment to the Safety Modification and Replacement Program ("SMRP")
A149: 2025 Plant In Service
C153: =+Q80 -> 2024 | D153: =+C153+1 -> 2025 | E153: =+D153 -> 2025 | F153: =+E153 -> 2025 | G153: =+F153 -> 2025 | H153: =+G153 -> 2025 | I153: =+H153 -> 2025 | J153: =+I153 -> 2025 | K153: =+J153 -> 2025 | L153: =+K153 -> 2025 | ... Q153: =+P153 -> 2025
C154: December | D154: January | E154: February | F154: March | G154: April | H154: May | I154: June | J154: July | K154: August | L154: September | M154: October | N154: November | O154: December | P154: Cumulative Total | Q154: 13 Month Average
C155: Cumulative | D155: Actual | E155: Actual | F155: Actual | G155: Actual | H155: Actual | I155: Actual | J155: Actual | K155: Actual | L155: Actual | M155: Actual | N155: Actual | O155: Actual
B157: Additions (1)
B158: 376 Mains | C158: =+P85 -> 59140998 | D158: 340284.56 | E158: 621939.48 | F158: 822483.72 | G158: 2368191.7 | H158: 1681373.8 | I158: 3060752.2 | J158: 3006343 | K158: 2268456.2 | L158: 3418087.8 | M158: 3845643 | N158: 5351518.5 | O158: 6733832.7 | P158: =SUM(C158:O158) -> 92659904
B159: 378 Plant Regulators | C159: =+P86 -> 0 | D159: 0 | E159: 0 | F159: 0 | G159: 0 | H159: 0 | I159: 0 | J159: 0 | K159: 0 | L159: 0 | M159: 0 | N159: 0 | O159: 0 | P159: =SUM(C159:O159) -> 0
B160: 380 Service Lines | C160: =+P87 -> 25890052 | D160: 479589.65 | E160: 758563.04 | F160: 1170713.3 | G160: 799453.27 | H160: 615874.18 | I160: 754450.86 | J160: 633188.71 | K160: 789666.55 | L160: 711986.3 | M160: 873338.01 | N160: 810833.8 | O160: 717782.24 | P160: =SUM(C160:O160) -> 35005492
B161: 382 Meter Installations | C161: =+P88 -> 693025.45 | D161: 14998.86 | E161: 30222.3 | F161: 12429.14 | G161: 14599.68 | H161: 22044.5 | I161: 63405.95 | J161: 65167.45 | K161: 116253.17 | L161: 69508.5 | M161: 97551.93 | N161: 69545.88 | O161: 71215.13 | P161: =SUM(C161:O161) -> 1339967.9
B162: 383 House Regulators | C162: =+P89 -> 66320.47 | D162: 2580.31 | E162: -7987.67 | F162: 1331.33 | G162: 3106.02 | H162: -2503.28 | I162: 36766.48 | J162: 32186.8 | K162: 53296.5 | L162: 33078.55 | M162: 27142.68 | N162: 33234.28 | O162: 43035.68 | P162: =SUM(C162:O162) -> 321588.15
B163: Total Monthly Additions | D163: =SUM(D158:D162) -> 837453.38 | E163: =SUM(E158:E162) -> 1402737.2 | F163: =SUM(F158:F162) -> 2006957.5 | G163: =SUM(G158:G162) -> 3185350.7 | H163: =SUM(H158:H162) -> 2316789.2 | I163: =SUM(I158:I162) -> 3915375.5 | J163: =SUM(J158:J162) -> 3736885.9 | K163: =SUM(K158:K162) -> 3227672.4 | ... O163: =SUM(O158:O162) -> 7565865.8
B164: Total Cumulative Additions | C164: =SUM(C158:C162) -> 85790396 | D164: =+D163+C164 -> 86627849 | E164: =+E163+D164 -> 88030586 | F164: =+F163+E164 -> 90037544 | G164: =+G163+F164 -> 93222894 | H164: =+H163+G164 -> 95539684 | I164: =+I163+H164 -> 99455059 | J164: =+J163+I164 -> 1.0319194e+08 | K164: =+K163+J164 -> 1.0641962e+08 | ... O164: =+O163+N164 -> 1.2932695e+08 | P164: =SUM(P158:P162) -> 1.2932695e+08 | Q164: =AVERAGE(C164:O164) -> 1.0196553e+08
B166: Retirements (1)
B167: 376 Mains | C167: =+P94 -> -1470284.4 | D167: -44475.64 | E167: -174540.68 | F167: -9190.56 | G167: 0 | H167: -1663.44 | I167: -38170.82 | J167: -396357.47 | K167: -14942.26 | L167: -416565.29 | M167: -109401.97 | N167: 0 | O167: -645323.34 | P167: =SUM(C167:O167) -> -3320915.9
B168: 378 Plant Regulators | C168: =+P95 -> -454181.92 | D168: 0 | E168: 0 | F168: 0 | G168: 0 | H168: 0 | I168: -68270.02 | J168: 0 | K168: 0 | L168: 0 | M168: 0 | N168: 0 | O168: 0 | P168: =SUM(C168:O168) -> -522451.94
B169: 380 Service Lines | C169: =+P96 -> -5300301 | D169: -218960.79 | E169: -270012.05 | F169: -379808.66 | G169: -339910.17 | H169: -220548.09 | I169: -227244.34 | J169: -244216.31 | K169: -251305.51 | L169: -230472.62 | M169: -227932.89 | N169: -226219.29 | O169: -215774.36 | P169: =SUM(C169:O169) -> -8352706.1
B170: 382 Meter Installations | C170: =+P97 -> -124916.98 | D170: -11761.3 | E170: -3034.54 | F170: -3592.91 | G170: -5213.71 | H170: -3684.07 | I170: -8780.16 | J170: -440.26 | K170: -461.15 | L170: -513.77 | M170: -547.7 | N170: -28.49 | O170: -153.06 | P170: =SUM(C170:O170) -> -163128.1
B171: 383 House Regulators | C171: =+P98 -> -12983.29 | D171: -391.03 | E171: -432.71 | F171: -452.29 | G171: -376.34 | H171: -375.47 | I171: -428.67 | J171: -31.38 | K171: -32.87 | L171: -36.62 | M171: -39.04 | N171: 0 | O171: -127.09 | P171: =SUM(C171:O171) -> -15706.8
B172: Total Monthly Retirements | D172: =SUM(D167:D171) -> -275588.76 | E172: =SUM(E167:E171) -> -448019.98 | F172: =SUM(F167:F171) -> -393044.42 | G172: =SUM(G167:G171) -> -345500.22 | H172: =SUM(H167:H171) -> -226271.07 | I172: =SUM(I167:I171) -> -342894.01 | J172: =SUM(J167:J171) -> -641045.42 | K172: =SUM(K167:K171) -> -266741.79 | ... O172: =SUM(O167:O171) -> -861377.85
B173: Total Cumulative Retirements | C173: =SUM(C167:C171) -> -7362667.6 | D173: =+D172+C173 -> -7638256.4 | E173: =+E172+D173 -> -8086276.4 | F173: =+F172+E173 -> -8479320.8 | G173: =+G172+F173 -> -8824821 | H173: =+H172+G173 -> -9051092.1 | I173: =+I172+H173 -> -9393986.1 | J173: =+J172+I173 -> -10035032 | K173: =+K172+J173 -> -10301773 | ... O173: =+O172+N173 -> -12374909 | P173: =SUM(P167:P171) -> -12374909 | Q173: =AVERAGE(C173:O173) -> -9638331.5
B175: Total Plant In Service
B176: 376 Mains | C176: =+P103 -> 57670713 | D176: =+D158+D167 -> 295808.92 | E176: =+E158+E167 -> 447398.8 | F176: =+F158+F167 -> 813293.16 | G176: =+G158+G167 -> 2368191.7 | H176: =+H158+H167 -> 1679710.4 | I176: =+I158+I167 -> 3022581.4 | J176: =+J158+J167 -> 2609985.5 | K176: =+K158+K167 -> 2253513.9 | ... O176: =+O158+O167 -> 6088509.4 | P176: =SUM(C176:O176) -> 89338988
B177: 378 Plant Regulators | C177: =+P104 -> -454181.92 | D177: =+D159+D168 -> 0 | E177: =+E159+E168 -> 0 | F177: =+F159+F168 -> 0 | G177: =+G159+G168 -> 0 | H177: =+H159+H168 -> 0 | I177: =+I159+I168 -> -68270.02 | J177: =+J159+J168 -> 0 | K177: =+K159+K168 -> 0 | ... O177: =+O159+O168 -> 0 | P177: =SUM(C177:O177) -> -522451.94
B178: 380 Service Lines | C178: =+P105 -> 20589751 | D178: =+D160+D169 -> 260628.86 | E178: =+E160+E169 -> 488550.99 | F178: =+F160+F169 -> 790904.62 | G178: =+G160+G169 -> 459543.1 | H178: =+H160+H169 -> 395326.09 | I178: =+I160+I169 -> 527206.52 | J178: =+J160+J169 -> 388972.4 | K178: =+K160+K169 -> 538361.04 | ... O178: =+O160+O169 -> 502007.88 | P178: =SUM(C178:O178) -> 26652786
B179: 382 Meter Installations | C179: =+P106 -> 568108.47 | D179: =+D161+D170 -> 3237.56 | E179: =+E161+E170 -> 27187.76 | F179: =+F161+F170 -> 8836.23 | G179: =+G161+G170 -> 9385.97 | H179: =+H161+H170 -> 18360.43 | I179: =+I161+I170 -> 54625.79 | J179: =+J161+J170 -> 64727.19 | K179: =+K161+K170 -> 115792.02 | ... O179: =+O161+O170 -> 71062.07 | P179: =SUM(C179:O179) -> 1176839.8
B180: 383 House Regulators | C180: =+P107 -> 53337.18 | D180: =+D162+D171 -> 2189.28 | E180: =+E162+E171 -> -8420.38 | F180: =+F162+F171 -> 879.04 | G180: =+G162+G171 -> 2729.68 | H180: =+H162+H171 -> -2878.75 | I180: =+I162+I171 -> 36337.81 | J180: =+J162+J171 -> 32155.42 | K180: =+K162+K171 -> 53263.63 | ... O180: =+O162+O171 -> 42908.59 | P180: =SUM(C180:O180) -> 305881.35
B181: Total Plant In Service Monthly Activity | D181: =SUM(D176:D180) -> 561864.62 | E181: =SUM(E176:E180) -> 954717.17 | F181: =SUM(F176:F180) -> 1613913.1 | G181: =SUM(G176:G180) -> 2839850.5 | H181: =SUM(H176:H180) -> 2090518.1 | I181: =SUM(I176:I180) -> 3572481.5 | J181: =SUM(J176:J180) -> 3095840.5 | K181: =SUM(K176:K180) -> 2960930.6 | ... O181: =SUM(O176:O180) -> 6704487.9
B182: Total Cumulative Plant In Service | C182: =SUM(C176:C180) -> 78427728 | D182: =+D181+C182 -> 78989593 | E182: =+E181+D182 -> 79944310 | F182: =+F181+E182 -> 81558223 | G182: =+G181+F182 -> 84398073 | H182: =+H181+G182 -> 86488591 | I182: =+I181+H182 -> 90061073 | J182: =+J181+I182 -> 93156913 | K182: =+K181+J182 -> 96117844 | ... O182: =+O181+N182 -> 1.1695204e+08 | P182: =SUM(P176:P180) -> 1.1695204e+08 | Q182: =AVERAGE(C182:O182) -> 92327195
B184: (1) Beginning in July 2025, Columbia implemented a new work management system, SAP Enterprise Asset Management, to facilitate the planning, scheduling, dispatch, and execution of the work and management of utility assets. Columbia continues to use PowerPlant and PeopleSoft as an asset management system and accounting records system. The implementation of SAP Enterprise Asset Management did not change the type or timing of work performed by Columbia.
...

Sheet 4.0 Accumulated Depr
Q1: ='Table of Contents'!F1 -> Case No. 2026-00306
Q2: SMRP Form 4.0
Q3: Page 1 of 5
A4: Columbia Gas of Kentucky, Inc.
A5: Annual Adjustment to the Safety Modification and Replacement Program ("SMRP")
A6: 2023 Accumulated Depreciation
C11: 2022 | D11: =+C11+1 -> 2023 | E11: =+D11 -> 2023 | F11: =+E11 -> 2023 | G11: =+F11 -> 2023 | H11: =+G11 -> 2023 | I11: =+H11 -> 2023 | J11: =+I11 -> 2023 | K11: =+J11 -> 2023 | L11: =+K11 -> 2023 | ... Q11: =+P11 -> 2023
C12: December | D12: January | E12: February | F12: March | G12: April | H12: May | I12: June | J12: July | K12: August | L12: September | M12: October | N12: November | O12: December | P12: Cumulative Total | Q12: 13 Month Average
C13: Cumulative | D13: Actual | E13: Actual | F13: Actual | G13: Actual | H13: Actual | I13: Actual | J13: Actual | K13: Actual | L13: Actual | M13: Actual | N13: Actual | O13: Actual
B15: Depreciation Expense
B16: 376 Mains | C16: 0 | D16: =-'5.0 Depr Expense'!E20 -> -57.859 | E16: =-'5.0 Depr Expense'!F20 -> -738.878 | F16: =-'5.0 Depr Expense'!G20 -> -4207.031 | G16: =-'5.0 Depr Expense'!H20 -> -7638.191 | H16: =-'5.0 Depr Expense'!I20 -> -10390.367 | I16: =-'5.0 Depr Expense'!J20 -> -15353.328 | J16: =-'5.0 Depr Expense'!K20 -> -20411.887 | K16: =-'5.0 Depr Expense'!L20 -> -23652.373 | ... O16: =-'5.0 Depr Expense'!P20 -> -41475.421 | P16: =SUM(C16:O16) -> -220367.12
B17: 378 Plant Regulators | C17: 0 | D17: =-'5.0 Depr Expense'!E30 -> 7.955 | E17: =-'5.0 Depr Expense'!F30 -> 22.397 | F17: =-'5.0 Depr Expense'!G30 -> 47.106 | G17: =-'5.0 Depr Expense'!H30 -> 66.764 | H17: =-'5.0 Depr Expense'!I30 -> 77.983 | I17: =-'5.0 Depr Expense'!J30 -> 191.538 | J17: =-'5.0 Depr Expense'!K30 -> 390.446 | K17: =-'5.0 Depr Expense'!L30 -> 563.444 | ... O17: =-'5.0 Depr Expense'!P30 -> 775.227 | P17: =SUM(C17:O17) -> 4288.932
B18: 380 Service Lines | C18: 0 | D18: =-'5.0 Depr Expense'!E40 -> -948.988 | E18: =-'5.0 Depr Expense'!F40 -> -3408.597 | F18: =-'5.0 Depr Expense'!G40 -> -6417.918 | G18: =-'5.0 Depr Expense'!H40 -> -9384.645 | H18: =-'5.0 Depr Expense'!I40 -> -12458.899 | I18: =-'5.0 Depr Expense'!J40 -> -15336.183 | J18: =-'5.0 Depr Expense'!K40 -> -17791.894 | K18: =-'5.0 Depr Expense'!L40 -> -20792.019 | ... O18: =-'5.0 Depr Expense'!P40 -> -32584.988 | P18: =SUM(C18:O18) -> -201283.93
B19: 382 Meter Installations | C19: 0 | D19: =-'5.0 Depr Expense'!E50 -> -0.853 | E19: =-'5.0 Depr Expense'!F50 -> -0.839 | F19: =-'5.0 Depr Expense'!G50 -> 1.61 | G19: =-'5.0 Depr Expense'!H50 -> 5.889 | H19: =-'5.0 Depr Expense'!I50 -> 10.482 | I19: =-'5.0 Depr Expense'!J50 -> 10.376 | J19: =-'5.0 Depr Expense'!K50 -> 7.649 | K19: =-'5.0 Depr Expense'!L50 -> -0.707 | ... O19: =-'5.0 Depr Expense'!P50 -> -50.061 | P19: =SUM(C19:O19) -> -82.547
B20: 383 House Regulators | C20: 0 | D20: =-'5.0 Depr Expense'!E60 -> 0.153 | E20: =-'5.0 Depr Expense'!F60 -> 0.186 | F20: =-'5.0 Depr Expense'!G60 -> 1.127 | G20: =-'5.0 Depr Expense'!H60 -> 1.139 | H20: =-'5.0 Depr Expense'!I60 -> 1.282 | I20: =-'5.0 Depr Expense'!J60 -> 2.183 | J20: =-'5.0 Depr Expense'!K60 -> 4.46 | K20: =-'5.0 Depr Expense'!L60 -> 7.159 | ... O20: =-'5.0 Depr Expense'!P60 -> 10.432 | P20: =SUM(C20:O20) -> 53.552
B21: Total Depreciation Monthly | D21: =SUM(D16:D20) -> -999.592 | E21: =SUM(E16:E20) -> -4125.731 | F21: =SUM(F16:F20) -> -10575.106 | G21: =SUM(G16:G20) -> -16949.044 | H21: =SUM(H16:H20) -> -22759.519 | I21: =SUM(I16:I20) -> -30485.414 | J21: =SUM(J16:J20) -> -37801.226 | K21: =SUM(K16:K20) -> -43874.496 | ... P21: =SUM(P16:P20) -> -417391.12
B22: Total Cumulative Depreciation | C22: =SUM(C16:C21) -> 0 | D22: =+D21+C22 -> -999.592 | E22: =+E21+D22 -> -5125.323 | F22: =+F21+E22 -> -15700.429 | G22: =+G21+F22 -> -32649.473 | H22: =+H21+G22 -> -55408.992 | I22: =+I21+H22 -> -85894.406 | J22: =+J21+I22 -> -123695.63 | K22: =+K21+J22 -> -167570.13 | ... O22: =+O21+N22 -> -417391.12
B24: Retirements
B25: 376 Mains | C25: 0 | D25: =-'5.0 Depr Expense'!E14 -> 0 | E25: =-'5.0 Depr Expense'!F14 -> 0 | F25: =-'5.0 Depr Expense'!G14 -> 0 | G25: =-'5.0 Depr Expense'!H14 -> 0 | H25: =-'5.0 Depr Expense'!I14 -> 14490.58 | I25: =-'5.0 Depr Expense'!J14 -> 207 | J25: =-'5.0 Depr Expense'!K14 -> 64.34 | K25: =-'5.0 Depr Expense'!L14 -> 207 | ... O25: =-'5.0 Depr Expense'!P14 -> 94799.38 | P25: =SUM(C25:O25) -> 285613.71
B26: 378 Plant Regulators | C26: 0 | D26: =-'5.0 Depr Expense'!E24 -> 7576.53 | E26: =-'5.0 Depr Expense'!F24 -> 6092.8 | F26: =-'5.0 Depr Expense'!G24 -> 17244.22 | G26: =-'5.0 Depr Expense'!H24 -> 1679.98 | H26: =-'5.0 Depr Expense'!I24 -> 9507.96 | I26: =-'5.0 Depr Expense'!J24 -> 98607.48 | J26: =-'5.0 Depr Expense'!K24 -> 90900.48 | K26: =-'5.0 Depr Expense'!L24 -> 73755.9 | ... O26: =-'5.0 Depr Expense'!P24 -> 42121.18 | P26: =SUM(C26:O26) -> 390412.01
B27: 380 Service Lines | C27: 0 | D27: =-'5.0 Depr Expense'!E34 -> 277338.55 | E27: =-'5.0 Depr Expense'!F34 -> 116568.91 | F27: =-'5.0 Depr Expense'!G34 -> 192040.81 | G27: =-'5.0 Depr Expense'!H34 -> 189065.28 | H27: =-'5.0 Depr Expense'!I34 -> 292187.68 | I27: =-'5.0 Depr Expense'!J34 -> 358664.11 | J27: =-'5.0 Depr Expense'!K34 -> 231124.94 | K27: =-'5.0 Depr Expense'!L34 -> 168870.39 | ... O27: =-'5.0 Depr Expense'!P34 -> 240285.09 | P27: =SUM(C27:O27) -> 2792386.4
B28: 382 Meter Installations | C28: 0 | D28: =-'5.0 Depr Expense'!E44 -> 489.15 | E28: =-'5.0 Depr Expense'!F44 -> 1574.73 | F28: =-'5.0 Depr Expense'!G44 -> 2045.79 | G28: =-'5.0 Depr Expense'!H44 -> 5647.45 | H28: =-'5.0 Depr Expense'!I44 -> 3453.44 | I28: =-'5.0 Depr Expense'!J44 -> 3705.51 | J28: =-'5.0 Depr Expense'!K44 -> 5252.36 | K28: =-'5.0 Depr Expense'!L44 -> 9322.32 | ... O28: =-'5.0 Depr Expense'!P44 -> 3691.83 | P28: =SUM(C28:O28) -> 48230.77
B29: 383 House Regulators | C29: 0 | D29: =-'5.0 Depr Expense'!E54 -> 188.66 | E29: =-'5.0 Depr Expense'!F54 -> 230.7 | F29: =-'5.0 Depr Expense'!G54 -> 156.8 | G29: =-'5.0 Depr Expense'!H54 -> 171.39 | H29: =-'5.0 Depr Expense'!I54 -> 348.81 | I29: =-'5.0 Depr Expense'!J54 -> 226.33 | J29: =-'5.0 Depr Expense'!K54 -> 3043.3 | K29: =-'5.0 Depr Expense'!L54 -> 197.14 | ... O29: =-'5.0 Depr Expense'!P54 -> 534.67 | P29: =SUM(C29:O29) -> 6868.99
B30: Total Monthly Retirements | D30: =SUM(D25:D29) -> 285592.89 | E30: =SUM(E25:E29) -> 124467.14 | F30: =SUM(F25:F29) -> 211487.62 | G30: =SUM(G25:G29) -> 196564.1 | H30: =SUM(H25:H29) -> 319988.47 | I30: =SUM(I25:I29) -> 461410.43 | J30: =SUM(J25:J29) -> 330385.42 | K30: =SUM(K25:K29) -> 252352.75 | ... P30: =SUM(P25:P29) -> 3523511.9
B31: Total Cumulative Retirements | C31: =SUM(C25:C30) -> 0 | D31: =+D30+C31 -> 285592.89 | E31: =+E30+D31 -> 410060.03 | F31: =+F30+E31 -> 621547.65 | G31: =+G30+F31 -> 818111.75 | H31: =+H30+G31 -> 1138100.2 | I31: =+I30+H31 -> 1599510.7 | J31: =+J30+I31 -> 1929896.1 | K31: =+K30+J31 -> 2182248.8 | ... O31: =+O30+N31 -> 3523511.9
B33: Cost of Removal
B34: 376 Mains | C34: 0 | D34: 0 | E34: 9794.68 | F34: 0 | G34: 2568.83 | H34: 939.63 | I34: 0 | J34: 8203.54 | K34: 0 | L34: 0 | M34: 65.73 | N34: 0 | O34: 0 | P34: =SUM(C34:O34) -> 21572.41
B35: 378 Plant Regulators | C35: 0 | D35: 685.86 | E35: 0 | F35: 970.13 | G35: 5246.21 | H35: 4099.36 | I35: 9703.03 | J35: 3350.24 | K35: 14666.38 | L35: 1626.68 | M35: 0 | N35: 945.06 | O35: 12469.08 | P35: =SUM(C35:O35) -> 53762.03
B36: 380 Service Lines | C36: 0 | D36: 467104.37 | E36: 83958.337 | F36: 92751.653 | G36: 125279.38 | H36: 136891.88 | I36: 133263.06 | J36: 147739.34 | K36: 166411.5 | L36: 141814.28 | M36: 171317.11 | N36: 176170.76 | O36: 133360.56 | P36: =SUM(C36:O36) -> 1976062.2
B37: 382 Meter Installations | C37: 0 | D37: 0 | E37: 0 | F37: 0 | G37: 0 | H37: 0 | I37: 0 | J37: 0 | K37: 0 | L37: 0 | M37: 0 | N37: 0 | O37: 0 | P37: =SUM(C37:O37) -> 0
B38: 383 House Regulators | C38: 0 | D38: 0 | E38: 0 | F38: 0 | G38: 0 | H38: 0 | I38: 0 | J38: 0 | K38: 0 | L38: 0 | M38: 0 | N38: 0 | O38: 0 | P38: =SUM(C38:O38) -> 0
B39: Total Monthly Cost of Removal | D39: =SUM(D34:D38) -> 467790.23 | E39: =SUM(E34:E38) -> 93753.017 | F39: =SUM(F34:F38) -> 93721.783 | G39: =SUM(G34:G38) -> 133094.42 | H39: =SUM(H34:H38) -> 141930.87 | I39: =SUM(I34:I38) -> 142966.09 | J39: =SUM(J34:J38) -> 159293.12 | K39: =SUM(K34:K38) -> 181077.88 | ... P39: =SUM(P34:P38) -> 2051396.7
B40: Total Cumulative Cost of Removal | C40: =SUM(C34:C39) -> 0 | D40: =+D39+C40 -> 467790.23 | E40: =+E39+D40 -> 561543.25 | F40: =+F39+E40 -> 655265.03 | G40: =+G39+F40 -> 788359.46 | H40: =+H39+G40 -> 930290.33 | I40: =+I39+H40 -> 1073256.4 | J40: =+J39+I40 -> 1232549.5 | K40: =+K39+J40 -> 1413627.4 | ... O40: =+O39+N40 -> 2051396.7
B42: Total Accumulated Depreciation
B43: 376 Mains | C43: =+C16+C25+C34 -> 0 | D43: =+D16+D25+D34 -> -57.859 | E43: =+E16+E25+E34 -> 9055.802 | F43: =+F16+F25+F34 -> -4207.031 | G43: =+G16+G25+G34 -> -5069.361 | H43: =+H16+H25+H34 -> 5039.843 | I43: =+I16+I25+I34 -> -15146.328 | J43: =+J16+J25+J34 -> -12144.007 | ... O43: =+O16+O25+O34 -> 53323.959 | P43: =SUM(C43:O43) -> 86818.998
B44: 378 Plant Regulators | C44: =+C17+C26+C35 -> 0 | D44: =+D17+D26+D35 -> 8270.345 | E44: =+E17+E26+E35 -> 6115.197 | F44: =+F17+F26+F35 -> 18261.456 | G44: =+G17+G26+G35 -> 6992.954 | H44: =+H17+H26+H35 -> 13685.303 | I44: =+I17+I26+I35 -> 108502.05 | J44: =+J17+J26+J35 -> 94641.166 | ... O44: =+O17+O26+O35 -> 55365.487 | P44: =SUM(C44:O44) -> 448462.97
B45: 380 Service Lines | C45: =+C18+C27+C36 -> 0 | D45: =+D18+D27+D36 -> 743493.93 | E45: =+E18+E27+E36 -> 197118.65 | F45: =+F18+F27+F36 -> 278374.55 | G45: =+G18+G27+G36 -> 304960.02 | H45: =+H18+H27+H36 -> 416620.66 | I45: =+I18+I27+I36 -> 476590.99 | J45: =+J18+J27+J36 -> 361072.38 | ... O45: =+O18+O27+O36 -> 341060.66 | P45: =SUM(C45:O45) -> 4567164.7
B46: 382 Meter Installations | C46: =+C19+C28+C37 -> 0 | D46: =+D19+D28+D37 -> 488.297 | E46: =+E19+E28+E37 -> 1573.891 | F46: =+F19+F28+F37 -> 2047.4 | G46: =+G19+G28+G37 -> 5653.339 | H46: =+H19+H28+H37 -> 3463.922 | I46: =+I19+I28+I37 -> 3715.886 | J46: =+J19+J28+J37 -> 5260.009 | ... O46: =+O19+O28+O37 -> 3641.769 | P46: =SUM(C46:O46) -> 48148.223
B47: 383 House Regulators | C47: =+C20+C29+C38 -> 0 | D47: =+D20+D29+D38 -> 188.813 | E47: =+E20+E29+E38 -> 230.886 | F47: =+F20+F29+F38 -> 157.927 | G47: =+G20+G29+G38 -> 172.529 | H47: =+H20+H29+H38 -> 350.092 | I47: =+I20+I29+I38 -> 228.513 | J47: =+J20+J29+J38 -> 3047.76 | ... O47: =+O20+O29+O38 -> 545.102 | P47: =SUM(C47:O47) -> 6922.542
B48: Total Accumulated Depreciation Activity | D48: =SUM(D43:D47) -> 752383.53 | E48: =SUM(E43:E47) -> 214094.43 | F48: =SUM(F43:F47) -> 294634.3 | G48: =SUM(G43:G47) -> 312709.48 | H48: =SUM(H43:H47) -> 439159.82 | I48: =SUM(I43:I47) -> 573891.11 | J48: =SUM(J43:J47) -> 451877.31 | K48: =SUM(K43:K47) -> 389556.14 | ... P48: =SUM(P43:P47) -> 5157517.5
B49: Total Accumulated Depreciation Cumulative | C49: =SUM(C43:C48) -> 0 | D49: =+D48+C49 -> 752383.53 | E49: =+E48+D49 -> 966477.96 | F49: =+F48+E49 -> 1261112.3 | G49: =+G48+F49 -> 1573821.7 | H49: =+H48+G49 -> 2012981.6 | I49: =+I48+H49 -> 2586872.7 | J49: =+J48+I49 -> 3038750 | K49: =+K48+J49 -> 3428306.1 | ... O49: =+O48+N49 -> 5157517.5 | Q49: =AVERAGE(C49:O49) -> 2600892.5
Q82: =Q1 -> Case No. 2026-00306
Q83: SMRP Form 4.0
Q84: Page 2 of 5
A85: Columbia Gas of Kentucky, Inc.
A86: Annual Adjustment to the Safety Modification and Replacement Program ("SMRP")
A87: 2024 Accumulated Depreciation
C92: 2023 | D92: =+C92+1 -> 2024 | E92: =+D92 -> 2024 | F92: =+E92 -> 2024 | G92: =+F92 -> 2024 | H92: =+G92 -> 2024 | I92: =+H92 -> 2024 | J92: =+I92 -> 2024 | K92: =+J92 -> 2024 | L92: =+K92 -> 2024 | ... Q92: =+P92 -> 2024
C93: December | D93: January | E93: February | F93: March | G93: April | H93: May | I93: June | J93: July | K93: August | L93: September | M93: October | N93: November | O93: December | P93: Cumulative Total | Q93: 13 Month Average
C94: Cumulative | D94: Actual | E94: Actual | F94: Actual | G94: Actual | H94: Actual | I94: Actual | J94: Actual | K94: Actual | L94: Actual | M94: Actual | N94: Actual | O94: Actual
B96: Depreciation Expense
B97: 376 Mains | C97: =P16 -> -220367.12 | D97: =-'5.0 Depr Expense'!E104 -> -44855.832 | E97: =-'5.0 Depr Expense'!F104 -> -45671.528 | F97: =-'5.0 Depr Expense'!G104 -> -48186.425 | G97: =-'5.0 Depr Expense'!H104 -> -50947.5 | H97: =-'5.0 Depr Expense'!I104 -> -52355.636 | I97: =-'5.0 Depr Expense'!J104 -> -53830.981 | J97: =-'5.0 Depr Expense'!K104 -> -55257.59 | K97: =-'5.0 Depr Expense'!L104 -> -56551.442 | ... O97: =-'5.0 Depr Expense'!P104 -> -78604.591 | P97: =SUM(C97:O97) -> -895649.27
B98: 378 Plant Regulators | C98: =P17 -> 4288.932 | D98: =-'5.0 Depr Expense'!E114 -> 820 | E98: =-'5.0 Depr Expense'!F114 -> 820 | F98: =-'5.0 Depr Expense'!G114 -> 828.637 | G98: =-'5.0 Depr Expense'!H114 -> 837 | H98: =-'5.0 Depr Expense'!I114 -> 893.569 | I98: =-'5.0 Depr Expense'!J114 -> 951.291 | J98: =-'5.0 Depr Expense'!K114 -> 953 | K98: =-'5.0 Depr Expense'!L114 -> 953 | ... O98: =-'5.0 Depr Expense'!P114 -> 953.325 | P98: =SUM(C98:O98) -> 15157.89
B99: 380 Service Lines | C99: =P18 -> -201283.93 | D99: =-'5.0 Depr Expense'!E124 -> -34226.63 | E99: =-'5.0 Depr Expense'!F124 -> -36333.551 | F99: =-'5.0 Depr Expense'!G124 -> -38723.605 | G99: =-'5.0 Depr Expense'!H124 -> -41071.246 | H99: =-'5.0 Depr Expense'!I124 -> -43795.575 | I99: =-'5.0 Depr Expense'!J124 -> -47004.488 | J99: =-'5.0 Depr Expense'!K124 -> -50168.05 | K99: =-'5.0 Depr Expense'!L124 -> -53145.106 | ... O99: =-'5.0 Depr Expense'!P124 -> -66648.264 | P99: =SUM(C99:O99) -> -790705.67
B100: 382 Meter Installations | C100: =P19 -> -82.547 | D100: =-'5.0 Depr Expense'!E134 -> -127.127 | E100: =-'5.0 Depr Expense'!F134 -> -231.172 | F100: =-'5.0 Depr Expense'!G134 -> -309.112 | G100: =-'5.0 Depr Expense'!H134 -> -376.416 | H100: =-'5.0 Depr Expense'!I134 -> -444.232 | I100: =-'5.0 Depr Expense'!J134 -> -505.113 | J100: =-'5.0 Depr Expense'!K134 -> -545.359 | K100: =-'5.0 Depr Expense'!L134 -> -622.363 | ... O100: =-'5.0 Depr Expense'!P134 -> -814.013 | P100: =SUM(C100:O100) -> -6252.979
B101: 383 House Regulators | C101: =P20 -> 53.552 | D101: =-'5.0 Depr Expense'!E144 -> 4.943 | E101: =-'5.0 Depr Expense'!F144 -> -13.814 | F101: =-'5.0 Depr Expense'!G144 -> -30.975 | G101: =-'5.0 Depr Expense'!H144 -> -39.89 | H101: =-'5.0 Depr Expense'!I144 -> -43.423 | I101: =-'5.0 Depr Expense'!J144 -> -47.166 | J101: =-'5.0 Depr Expense'!K144 -> -53.718 | K101: =-'5.0 Depr Expense'!L144 -> -62.942 | ... O101: =-'5.0 Depr Expense'!P144 -> -82.174 | P101: =SUM(C101:O101) -> -547.114
B102: Total Depreciation Monthly | D102: =SUM(D97:D101) -> -78384.646 | E102: =SUM(E97:E101) -> -81430.065 | F102: =SUM(F97:F101) -> -86421.48 | G102: =SUM(G97:G101) -> -91598.052 | H102: =SUM(H97:H101) -> -95745.297 | I102: =SUM(I97:I101) -> -100436.46 | J102: =SUM(J97:J101) -> -105071.72 | K102: =SUM(K97:K101) -> -109428.85 | ... P102: =SUM(P97:P101) -> -1677997.1
B103: Total Cumulative Depreciation | C103: =SUM(C97:C102) -> -417391.12 | D103: =+D102+C103 -> -495775.76 | E103: =+E102+D103 -> -577205.83 | F103: =+F102+E103 -> -663627.31 | G103: =+G102+F103 -> -755225.36 | H103: =+H102+G103 -> -850970.66 | I103: =+I102+H103 -> -951407.11 | J103: =+J102+I103 -> -1056478.8 | K103: =+K102+J103 -> -1165907.7 | ... O103: =+O102+N103 -> -1677997.1
B105: Retirements
B106: 376 Mains | C106: =P25 -> 285613.71 | D106: =-'5.0 Depr Expense'!E98 -> 0 | E106: =-'5.0 Depr Expense'!F98 -> 0 | F106: =-'5.0 Depr Expense'!G98 -> 34095.33 | G106: =-'5.0 Depr Expense'!H98 -> 2475.74 | H106: =-'5.0 Depr Expense'!I98 -> 0 | I106: =-'5.0 Depr Expense'!J98 -> 12190.76 | J106: =-'5.0 Depr Expense'!K98 -> 744119.04 | K106: =-'5.0 Depr Expense'!L98 -> 18271.8 | ... O106: =-'5.0 Depr Expense'!P98 -> 437354.73 | P106: =SUM(C106:O106) -> 1470284.4
B107: 378 Plant Regulators | C107: =P26 -> 390412.01 | D107: =-'5.0 Depr Expense'!E108 -> 0 | E107: =-'5.0 Depr Expense'!F108 -> 0 | F107: =-'5.0 Depr Expense'!G108 -> 8225.53 | G107: =-'5.0 Depr Expense'!H108 -> 0 | H107: =-'5.0 Depr Expense'!I108 -> 53875.33 | I107: =-'5.0 Depr Expense'!J108 -> 1229.86 | J107: =-'5.0 Depr Expense'!K108 -> 0 | K107: =-'5.0 Depr Expense'!L108 -> 0 | ... O107: =-'5.0 Depr Expense'!P108 -> 309.87 | P107: =SUM(C107:O107) -> 454181.92
B108: 380 Service Lines | C108: =P27 -> 2792386.4 | D108: =-'5.0 Depr Expense'!E118 -> 80627.68 | E108: =-'5.0 Depr Expense'!F118 -> 142561.49 | F108: =-'5.0 Depr Expense'!G118 -> 363834.12 | G108: =-'5.0 Depr Expense'!H118 -> 22542.8 | H108: =-'5.0 Depr Expense'!I118 -> 122658.81 | I108: =-'5.0 Depr Expense'!J118 -> 187805.38 | J108: =-'5.0 Depr Expense'!K118 -> 294042.9 | K108: =-'5.0 Depr Expense'!L118 -> 261287.98 | ... O108: =-'5.0 Depr Expense'!P118 -> 258857.48 | P108: =SUM(C108:O108) -> 5300301
B109: 382 Meter Installations | C109: =P28 -> 48230.77 | D109: =-'5.0 Depr Expense'!E128 -> 1867.38 | E109: =-'5.0 Depr Expense'!F128 -> 2576.42 | F109: =-'5.0 Depr Expense'!G128 -> 9968.38 | G109: =-'5.0 Depr Expense'!H128 -> 0 | H109: =-'5.0 Depr Expense'!I128 -> 6767.86 | I109: =-'5.0 Depr Expense'!J128 -> 4172.42 | J109: =-'5.0 Depr Expense'!K128 -> 2618.31 | K109: =-'5.0 Depr Expense'!L128 -> 6967.02 | ... O109: =-'5.0 Depr Expense'!P128 -> 2905.87 | P109: =SUM(C109:O109) -> 124916.98
B110: 383 House Regulators | C110: =P29 -> 6868.99 | D110: =-'5.0 Depr Expense'!E138 -> 270.1 | E110: =-'5.0 Depr Expense'!F138 -> 489.95 | F110: =-'5.0 Depr Expense'!G138 -> 900.07 | G110: =-'5.0 Depr Expense'!H138 -> 0 | H110: =-'5.0 Depr Expense'!I138 -> 670.82 | I110: =-'5.0 Depr Expense'!J138 -> 419.35 | J110: =-'5.0 Depr Expense'!K138 -> 267.74 | K110: =-'5.0 Depr Expense'!L138 -> 705.31 | ... O110: =-'5.0 Depr Expense'!P138 -> 356.34 | P110: =SUM(C110:O110) -> 12983.29
B111: Total Monthly Retirements | D111: =SUM(D106:D110) -> 82765.16 | E111: =SUM(E106:E110) -> 145627.86 | F111: =SUM(F106:F110) -> 417023.43 | G111: =SUM(G106:G110) -> 25018.54 | H111: =SUM(H106:H110) -> 183972.82 | I111: =SUM(I106:I110) -> 205817.77 | J111: =SUM(J106:J110) -> 1041048 | K111: =SUM(K106:K110) -> 287232.11 | ... P111: =SUM(P106:P110) -> 7362667.6
B112: Total Cumulative Retirements | C112: =SUM(C106:C111) -> 3523511.9 | D112: =+D111+C112 -> 3606277.1 | E112: =+E111+D112 -> 3751904.9 | F112: =+F111+E112 -> 4168928.4 | G112: =+G111+F112 -> 4193946.9 | H112: =+H111+G112 -> 4377919.7 | I112: =+I111+H112 -> 4583737.5 | J112: =+J111+I112 -> 5624785.5 | K112: =+K111+J112 -> 5912017.6 | ... O112: =+O111+N112 -> 7362667.6
B114: Cost of Removal
B115: 376 Mains | C115: =P34 -> 21572.41 | D115: 1024.86 | E115: 5197.96 | F115: 6049.99 | G115: 6965.55 | H115: 330 | I115: 0 | J115: 8957.86 | K115: 136.28 | L115: 0 | M115: 109.14 | N115: 114922.36 | O115: 0 | P115: =SUM(C115:O115) -> 165266.41
B116: 378 Plant Regulators | C116: =P35 -> 53762.03 | D116: 0 | E116: 0 | F116: 0 | G116: 0 | H116: 0 | I116: 0 | J116: 2779.72 | K116: 0 | L116: 0 | M116: 381.64 | N116: 0 | O116: 0 | P116: =SUM(C116:O116) -> 56923.39
B117: 380 Service Lines | C117: =P36 -> 1976062.2 | D117: 91221.67 | E117: 91122.1 | F117: 79078.7 | G117: 74143.77 | H117: 63358.89 | I117: 66768.28 | J117: 50527.99 | K117: 50801.94 | L117: 42148.39 | M117: 99928.98 | N117: 103165.57 | O117: 74809.04 | P117: =SUM(C117:O117) -> 2863137.6
B118: 382 Meter Installations | C118: =P37 -> 0 | D118: 0 | E118: 0 | F118: 0 | G118: 0 | H118: 0 | I118: 0 | J118: 0 | K118: 0 | L118: 0 | M118: 0 | N118: 0 | O118: 0 | P118: =SUM(C118:O118) -> 0
B119: 383 House Regulators | C119: =P38 -> 0 | D119: 0 | E119: 0 | F119: 0 | G119: 0 | H119: 0 | I119: 0 | J119: 0 | K119: 0 | L119: 0 | M119: 0 | N119: 0 | O119: 0 | P119: =SUM(C119:O119) -> 0
B120: Total Monthly Cost of Removal | D120: =SUM(D115:D119) -> 92246.53 | E120: =SUM(E115:E119) -> 96320.06 | F120: =SUM(F115:F119) -> 85128.69 | G120: =SUM(G115:G119) -> 81109.32 | H120: =SUM(H115:H119) -> 63688.89 | I120: =SUM(I115:I119) -> 66768.28 | J120: =SUM(J115:J119) -> 62265.57 | K120: =SUM(K115:K119) -> 50938.22 | ... P120: =SUM(P115:P119) -> 3085327.4
B121: Total Cumulative Cost of Removal | C121: =SUM(C115:C120) -> 2051396.7 | D121: =+D120+C121 -> 2143643.2 | E121: =+E120+D121 -> 2239963.3 | F121: =+F120+E121 -> 2325092 | G121: =+G120+F121 -> 2406201.3 | H121: =+H120+G121 -> 2469890.2 | I121: =+I120+H121 -> 2536658.4 | J121: =+J120+I121 -> 2598924 | K121: =+K120+J121 -> 2649862.2 | ... O121: =+O120+N121 -> 3085327.4
B123: Total Accumulated Depreciation
B124: 376 Mains | C124: =P43 -> 86818.998 | D124: =+D97+D106+D115 -> -43830.972 | E124: =+E97+E106+E115 -> -40473.568 | F124: =+F97+F106+F115 -> -8041.105 | G124: =+G97+G106+G115 -> -41506.21 | H124: =+H97+H106+H115 -> -52025.636 | I124: =+I97+I106+I115 -> -41640.221 | J124: =+J97+J106+J115 -> 697819.31 | K124: =+K97+K106+K115 -> -38143.362 | ... O124: =+O97+O106+O115 -> 358750.14 | P124: =SUM(C124:O124) -> 739901.58
B125: 378 Plant Regulators | C125: =P44 -> 448462.97 | D125: =+D98+D107+D116 -> 820 | E125: =+E98+E107+E116 -> 820 | F125: =+F98+F107+F116 -> 9054.167 | G125: =+G98+G107+G116 -> 837 | H125: =+H98+H107+H116 -> 54768.899 | I125: =+I98+I107+I116 -> 2181.151 | J125: =+J98+J107+J116 -> 3732.72 | K125: =+K98+K107+K116 -> 953 | ... O125: =+O98+O107+O116 -> 1263.195 | P125: =SUM(C125:O125) -> 526263.2
B126: 380 Service Lines | C126: =P45 -> 4567164.7 | D126: =+D99+D108+D117 -> 137622.72 | E126: =+E99+E108+E117 -> 197350.04 | F126: =+F99+F108+F117 -> 404189.22 | G126: =+G99+G108+G117 -> 55615.324 | H126: =+H99+H108+H117 -> 142222.12 | I126: =+I99+I108+I117 -> 207569.17 | J126: =+J99+J108+J117 -> 294402.84 | K126: =+K99+K108+K117 -> 258944.81 | ... O126: =+O99+O108+O117 -> 267018.26 | P126: =SUM(C126:O126) -> 7372732.9
B127: 382 Meter Installations | C127: =P46 -> 48148.223 | D127: =+D100+D109+D118 -> 1740.253 | E127: =+E100+E109+E118 -> 2345.248 | F127: =+F100+F109+F118 -> 9659.268 | G127: =+G100+G109+G118 -> -376.416 | H127: =+H100+H109+H118 -> 6323.628 | I127: =+I100+I109+I118 -> 3667.307 | J127: =+J100+J109+J118 -> 2072.951 | K127: =+K100+K109+K118 -> 6344.657 | ... O127: =+O100+O109+O118 -> 2091.857 | P127: =SUM(C127:O127) -> 118664
B128: 383 House Regulators | C128: =P47 -> 6922.542 | D128: =+D101+D110+D119 -> 275.043 | E128: =+E101+E110+E119 -> 476.136 | F128: =+F101+F110+F119 -> 869.095 | G128: =+G101+G110+G119 -> -39.89 | H128: =+H101+H110+H119 -> 627.397 | I128: =+I101+I110+I119 -> 372.184 | J128: =+J101+J110+J119 -> 214.022 | K128: =+K101+K110+K119 -> 642.368 | ... O128: =+O101+O110+O119 -> 274.166 | P128: =SUM(C128:O128) -> 12436.176
B129: Total Accumulated Depreciation Activity | D129: =SUM(D124:D128) -> 96627.044 | E129: =SUM(E124:E128) -> 160517.85 | F129: =SUM(F124:F128) -> 415730.64 | G129: =SUM(G124:G128) -> 14529.808 | H129: =SUM(H124:H128) -> 151916.41 | I129: =SUM(I124:I128) -> 172149.59 | J129: =SUM(J124:J128) -> 998241.84 | K129: =SUM(K124:K128) -> 228741.48 | ... P129: =SUM(P124:P128) -> 8769997.9
B130: Total Accumulated Depreciation Cumulative | C130: =SUM(C124:C129) -> 5157517.5 | D130: =+D129+C130 -> 5254144.5 | E130: =+E129+D130 -> 5414662.4 | F130: =+F129+E130 -> 5830393 | G130: =+G129+F130 -> 5844922.8 | H130: =+H129+G130 -> 5996839.2 | I130: =+I129+H130 -> 6168988.8 | J130: =+J129+I130 -> 7167230.7 | K130: =+K129+J130 -> 7395972.2 | ... O130: =+O129+N130 -> 8769997.9 | Q130: =AVERAGE(C130:O130) -> 6634168.2
Q163: =Q82 -> Case No. 2026-00306
Q164: =+Q83 -> SMRP Form 4.0
Q165: Page 3 of 5
A166: Columbia Gas of Kentucky, Inc.
A167: Annual Adjustment to the Safety Modification and Replacement Program ("SMRP")
A168: 2025 Accumulated Depreciation
C173: =+P92 -> 2024 | D173: =+C173+1 -> 2025 | E173: =+D173 -> 2025 | F173: =+E173 -> 2025 | G173: =+F173 -> 2025 | H173: =+G173 -> 2025 | I173: =+H173 -> 2025 | J173: =+I173 -> 2025 | K173: =+J173 -> 2025 | L173: =+K173 -> 2025 | ... Q173: =+P173 -> 2025
C174: December | D174: January | E174: February | F174: March | G174: April | H174: May | I174: June | J174: July | K174: August | L174: September | M174: October | N174: November | O174: December | P174: Cumulative Total | Q174: 13 Month Average
C175: Cumulative | D175: Actual | E175: Actual | F175: Actual | G175: Actual | H175: Actual | I175: Actual | J175: Actual | K175: Actual | L175: Actual | M175: Actual | N175: Actual | O175: Actual
B177: Depreciation Expense
B178: 376 Mains | C178: =+P97 -> -895649.27 | D178: =-'5.0 Depr Expense'!E177 -> -86727.857 | E178: =-'5.0 Depr Expense'!F177 -> -87285.549 | F178: =-'5.0 Depr Expense'!G177 -> -88230.97 | G178: =-'5.0 Depr Expense'!H177 -> -90617.144 | H178: =-'5.0 Depr Expense'!I177 -> -93652.783 | I178: =-'5.0 Depr Expense'!J177 -> -97179.936 | J178: =-'5.0 Depr Expense'!K177 -> -101404.49 | K178: =-'5.0 Depr Expense'!L177 -> -105052.13 | ... O178: =-'5.0 Depr Expense'!P177 -> -129442.38 | P178: =SUM(C178:O178) -> -2119143.5
B179: 378 Plant Regulators | C179: =+P98 -> 15157.89 | D179: =-'5.0 Depr Expense'!E187 -> 1253 | E179: =-'5.0 Depr Expense'!F187 -> 1253 | F179: =-'5.0 Depr Expense'!G187 -> 1253 | G179: =-'5.0 Depr Expense'!H187 -> 1253 | H179: =-'5.0 Depr Expense'!I187 -> 1253 | I179: =-'5.0 Depr Expense'!J187 -> 1347.156 | J179: =-'5.0 Depr Expense'!K187 -> 1441 | K179: =-'5.0 Depr Expense'!L187 -> 1441 | ... O179: =-'5.0 Depr Expense'!P187 -> 1441 | P179: =SUM(C179:O179) -> 31416.046
B180: 380 Service Lines | C180: =+P99 -> -790705.67 | D180: =-'5.0 Depr Expense'!E197 -> -89441.524 | E180: =-'5.0 Depr Expense'!F197 -> -91058.456 | F180: =-'5.0 Depr Expense'!G197 -> -93820.036 | G180: =-'5.0 Depr Expense'!H197 -> -96518.847 | H180: =-'5.0 Depr Expense'!I197 -> -98364.245 | I180: =-'5.0 Depr Expense'!J197 -> -100354.89 | J180: =-'5.0 Depr Expense'!K197 -> -102332.53 | K180: =-'5.0 Depr Expense'!L197 -> -104333.96 | ... O180: =-'5.0 Depr Expense'!P197 -> -113967.5 | P180: =SUM(C180:O180) -> -2008023.7
B181: 382 Meter Installations | C181: =+P100 -> -6252.979 | D181: =-'5.0 Depr Expense'!E207 -> -1082.076 | E181: =-'5.0 Depr Expense'!F207 -> -1111.828 | F181: =-'5.0 Depr Expense'!G207 -> -1145.394 | G181: =-'5.0 Depr Expense'!H207 -> -1162.917 | H181: =-'5.0 Depr Expense'!I207 -> -1189.442 | I181: =-'5.0 Depr Expense'!J207 -> -1258.895 | J181: =-'5.0 Depr Expense'!K207 -> -1372.491 | K181: =-'5.0 Depr Expense'!L207 -> -1543.002 | ... O181: =-'5.0 Depr Expense'!P207 -> -2168.509 | P181: =SUM(C181:O181) -> -23918.274
B182: 383 House Regulators | C182: =+P101 -> -547.114 | D182: =-'5.0 Depr Expense'!E217 -> -101.025 | E182: =-'5.0 Depr Expense'!F217 -> -95.211 | F182: =-'5.0 Depr Expense'!G217 -> -87.813 | G182: =-'5.0 Depr Expense'!H217 -> -91.525 | H182: =-'5.0 Depr Expense'!I217 -> -91.337 | I182: =-'5.0 Depr Expense'!J217 -> -121.612 | J182: =-'5.0 Depr Expense'!K217 -> -185.744 | K182: =-'5.0 Depr Expense'!L217 -> -264.269 | ... O182: =-'5.0 Depr Expense'!P217 -> -525.69 | P182: =SUM(C182:O182) -> -3311.717
B183: Total Depreciation Monthly | D183: =SUM(D178:D182) -> -176099.48 | E183: =SUM(E178:E182) -> -178298.04 | F183: =SUM(F178:F182) -> -182031.21 | G183: =SUM(G178:G182) -> -187137.43 | H183: =SUM(H178:H182) -> -192044.81 | I183: =SUM(I178:I182) -> -197568.17 | J183: =SUM(J178:J182) -> -203854.26 | K183: =SUM(K178:K182) -> -209752.37 | ... P183: =SUM(P178:P182) -> -4122981.1
B184: Total Cumulative Depreciation | C184: =SUM(C178:C183) -> -1677997.1 | D184: =+D183+C184 -> -1854096.6 | E184: =+E183+D184 -> -2032394.7 | F184: =+F183+E184 -> -2214425.9 | G184: =+G183+F184 -> -2401563.3 | H184: =+H183+G184 -> -2593608.1 | I184: =+I183+H184 -> -2791176.3 | J184: =+J183+I184 -> -2995030.6 | K184: =+K183+J184 -> -3204782.9 | ... O184: =+O183+N184 -> -4122981.1
B186: Retirements
...

Sheet 5.0 Depr Expense
Q1: ='Table of Contents'!F1 -> Case No. 2026-00306
Q2: SMRP Form 5.0
Q3: Page 1 of 5
A4: Columbia Gas of Kentucky, Inc.
A5: Annual Adjustment to the Safety Modification and Replacement Program ("SMRP")
A6: 2023 Depreciation Expense
C8: Monthly | D8: 2022 | E8: =+D8+1 -> 2023 | F8: =+E8 -> 2023 | G8: =+F8 -> 2023 | H8: =+G8 -> 2023 | I8: =+H8 -> 2023 | J8: =+I8 -> 2023 | K8: =+J8 -> 2023 | L8: =+K8 -> 2023 | M8: =+L8 -> 2023 | ... Q8: =+P8 -> 2023
C9: Depreciation | D9: December | E9: January | F9: February | G9: March | H9: April | I9: May | J9: June | K9: July | L9: August | M9: September | N9: October | O9: November | P9: December | Q9: Cumulative
C10: Rate by GPA | D10: Cumulative | E10: Actual | F10: Actual | G10: Actual | H10: Actual | I10: Actual | J10: Actual | K10: Actual | L10: Actual | M10: Actual | N10: Actual | O10: Actual | P10: Actual | Q10: Total
B12: 376 Mains | C12: =1.74%/12 -> 0.00145
B13: Additions | D13: 0 | E13: ='3.0 Plant in Service'!D15 -> 79805.64 | F13: ='3.0 Plant in Service'!E15 -> 859141.8 | G13: ='3.0 Plant in Service'!F15 -> 3925560.6 | H13: ='3.0 Plant in Service'!G15 -> 805780.18 | I13: ='3.0 Plant in Service'!H15 -> 3005341.4 | J13: ='3.0 Plant in Service'!I15 -> 3854453.1 | K13: ='3.0 Plant in Service'!J15 -> 3124046.7 | L13: ='3.0 Plant in Service'!K15 -> 1345549.6 | ... P13: ='3.0 Plant in Service'!O15 -> 4263655.3 | Q13: =SUM(D13:P13) -> 30974058
B14: Retirements | D14: 0 | E14: ='3.0 Plant in Service'!D24 -> 0 | F14: ='3.0 Plant in Service'!E24 -> 0 | G14: ='3.0 Plant in Service'!F24 -> 0 | H14: ='3.0 Plant in Service'!G24 -> 0 | I14: ='3.0 Plant in Service'!H24 -> -14490.58 | J14: ='3.0 Plant in Service'!I24 -> -207 | K14: ='3.0 Plant in Service'!J24 -> -64.34 | L14: ='3.0 Plant in Service'!K24 -> -207 | ... P14: ='3.0 Plant in Service'!O24 -> -94799.38
B15: Monthly Activity | D15: =SUM(D13:D14) -> 0 | E15: =SUM(E13:E14) -> 79805.64 | F15: =SUM(F13:F14) -> 859141.8 | G15: =SUM(G13:G14) -> 3925560.6 | H15: =SUM(H13:H14) -> 805780.18 | I15: =SUM(I13:I14) -> 2990850.8 | J15: =SUM(J13:J14) -> 3854246.1 | K15: =SUM(K13:K14) -> 3123982.4 | ... P15: =SUM(P13:P14) -> 4168855.9 | Q15: =SUM(D15:P15) -> 30688444
B16: Cumulative Balance | D16: 0 | E16: =+E15+D16 -> 79805.64 | F16: =+F15+E16 -> 938947.44 | G16: =+G15+F16 -> 4864508 | H16: =+H15+G16 -> 5670288.2 | I16: =+I15+H16 -> 8661139 | J16: =+J15+I16 -> 12515385 | K16: =+K15+J16 -> 15639367 | L16: =+L15+K16 -> 16984710 | ... P16: =+P15+O16 -> 30688444
B18: Depreciation on Prior Month Balance | E18: =ROUND($C12*D16,0) -> 0 | F18: =ROUND($C12*E16,0) -> 116 | G18: =ROUND($C12*F16,0) -> 1361 | H18: =ROUND($C12*G16,0) -> 7054 | I18: =ROUND($C12*H16,0) -> 8222 | J18: =ROUND($C12*I16,0) -> 12559 | K18: =ROUND($C12*J16,0) -> 18147 | L18: =ROUND($C12*K16,0) -> 22677 | ... P18: =ROUND($C12*O16,0) -> 38453
B19: 1/2 Month Depreciation on Current Month Activity | E19: =ROUND($C12*E15*0.5,3) -> 57.859 | F19: =ROUND($C12*F15*0.5,3) -> 622.878 | G19: =ROUND($C12*G15*0.5,3) -> 2846.031 | H19: =ROUND($C12*H15*0.5,3) -> 584.191 | I19: =ROUND($C12*I15*0.5,3) -> 2168.367 | J19: =ROUND($C12*J15*0.5,3) -> 2794.328 | K19: =ROUND($C12*K15*0.5,3) -> 2264.887 | L19: =ROUND($C12*L15*0.5,3) -> 975.373 | ... P19: =ROUND($C12*P15*0.5,3) -> 3022.421
B20: Total Depreciation - 376 Mains | D20: 0 | E20: =SUM(E18:E19) -> 57.859 | F20: =SUM(F18:F19) -> 738.878 | G20: =SUM(G18:G19) -> 4207.031 | H20: =SUM(H18:H19) -> 7638.191 | I20: =SUM(I18:I19) -> 10390.367 | J20: =SUM(J18:J19) -> 15353.328 | K20: =SUM(K18:K19) -> 20411.887 | L20: =SUM(L18:L19) -> 23652.373 | ... P20: =SUM(P18:P19) -> 41475.421 | Q20: =SUM(D20:P20) -> 220367.12
B22: 378 Plant Regulators | C22: =2.52%/12 -> 0.0021
B23: Additions | D23: 0 | E23: ='3.0 Plant in Service'!D16 -> 0 | F23: ='3.0 Plant in Service'!E16 -> 0 | G23: ='3.0 Plant in Service'!F16 -> 0 | H23: ='3.0 Plant in Service'!G16 -> 0 | I23: ='3.0 Plant in Service'!H16 -> 0 | J23: ='3.0 Plant in Service'!I16 -> 0 | K23: ='3.0 Plant in Service'!J16 -> 0 | L23: ='3.0 Plant in Service'!K16 -> 0 | ... P23: ='3.0 Plant in Service'!O16 -> 0 | Q23: =SUM(D23:P23) -> 0
B24: Retirements | D24: 0 | E24: ='3.0 Plant in Service'!D25 -> -7576.53 | F24: ='3.0 Plant in Service'!E25 -> -6092.8 | G24: ='3.0 Plant in Service'!F25 -> -17244.22 | H24: ='3.0 Plant in Service'!G25 -> -1679.98 | I24: ='3.0 Plant in Service'!H25 -> -9507.96 | J24: ='3.0 Plant in Service'!I25 -> -98607.48 | K24: ='3.0 Plant in Service'!J25 -> -90900.48 | L24: ='3.0 Plant in Service'!K25 -> -73755.9 | ... P24: ='3.0 Plant in Service'!O25 -> -42121.18
B25: Monthly Activity | D25: =SUM(D23:D24) -> 0 | E25: =SUM(E23:E24) -> -7576.53 | F25: =SUM(F23:F24) -> -6092.8 | G25: =SUM(G23:G24) -> -17244.22 | H25: =SUM(H23:H24) -> -1679.98 | I25: =SUM(I23:I24) -> -9507.96 | J25: =SUM(J23:J24) -> -98607.48 | K25: =SUM(K23:K24) -> -90900.48 | ... P25: =SUM(P23:P24) -> -42121.18 | Q25: =SUM(D25:P25) -> -390412.01
B26: Cumulative Balance | D26: 0 | E26: =+E25+D26 -> -7576.53 | F26: =+F25+E26 -> -13669.33 | G26: =+G25+F26 -> -30913.55 | H26: =+H25+G26 -> -32593.53 | I26: =+I25+H26 -> -42101.49 | J26: =+J25+I26 -> -140708.97 | K26: =+K25+J26 -> -231609.45 | L26: =+L25+K26 -> -305365.35 | ... P26: =+P25+O26 -> -390412.01
B28: Depreciation on Prior Month Balance | E28: =ROUND($C22*D26,0) -> 0 | F28: =ROUND($C22*E26,0) -> -16 | G28: =ROUND($C22*F26,0) -> -29 | H28: =ROUND($C22*G26,0) -> -65 | I28: =ROUND($C22*H26,0) -> -68 | J28: =ROUND($C22*I26,0) -> -88 | K28: =ROUND($C22*J26,0) -> -295 | L28: =ROUND($C22*K26,0) -> -486 | ... P28: =ROUND($C22*O26,0) -> -731
B29: 1/2 Month Depreciation on Current Month Activity | E29: =ROUND($C22*E25*0.5,3) -> -7.955 | F29: =ROUND($C22*F25*0.5,3) -> -6.397 | G29: =ROUND($C22*G25*0.5,3) -> -18.106 | H29: =ROUND($C22*H25*0.5,3) -> -1.764 | I29: =ROUND($C22*I25*0.5,3) -> -9.983 | J29: =ROUND($C22*J25*0.5,3) -> -103.538 | K29: =ROUND($C22*K25*0.5,3) -> -95.446 | L29: =ROUND($C22*L25*0.5,3) -> -77.444 | ... P29: =ROUND($C22*P25*0.5,3) -> -44.227
B30: Total Depreciation - 378 Plant Regulators | D30: 0 | E30: =SUM(E28:E29) -> -7.955 | F30: =SUM(F28:F29) -> -22.397 | G30: =SUM(G28:G29) -> -47.106 | H30: =SUM(H28:H29) -> -66.764 | I30: =SUM(I28:I29) -> -77.983 | J30: =SUM(J28:J29) -> -191.538 | K30: =SUM(K28:K29) -> -390.446 | L30: =SUM(L28:L29) -> -563.444 | ... P30: =SUM(P28:P29) -> -775.227 | Q30: =SUM(D30:P30) -> -4288.932
B32: 380 Service Lines | C32: =3.98%/12 -> 0.0033166667
B33: Additions | D33: 0 | E33: ='3.0 Plant in Service'!D17 -> 849592.64 | F33: ='3.0 Plant in Service'!E17 -> 1027481.7 | G33: ='3.0 Plant in Service'!F17 -> 1095911 | H33: ='3.0 Plant in Service'!G17 -> 1074077.5 | I33: ='3.0 Plant in Service'!H17 -> 1261172 | J33: ='3.0 Plant in Service'!I17 -> 1124603.4 | K33: ='3.0 Plant in Service'!J17 -> 946236.83 | L33: ='3.0 Plant in Service'!K17 -> 1262751.2 | ... P33: ='3.0 Plant in Service'!O17 -> 782388.46 | Q33: =SUM(D33:P33) -> 12888024
B34: Retirements | D34: 0 | E34: ='3.0 Plant in Service'!D26 -> -277338.55 | F34: ='3.0 Plant in Service'!E26 -> -116568.91 | G34: ='3.0 Plant in Service'!F26 -> -192040.81 | H34: ='3.0 Plant in Service'!G26 -> -189065.28 | I34: ='3.0 Plant in Service'!H26 -> -292187.68 | J34: ='3.0 Plant in Service'!I26 -> -358664.11 | K34: ='3.0 Plant in Service'!J26 -> -231124.94 | L34: ='3.0 Plant in Service'!K26 -> -168870.39 | ... P34: ='3.0 Plant in Service'!O26 -> -240285.09
B35: Monthly Activity | D35: =SUM(D33:D34) -> 0 | E35: =SUM(E33:E34) -> 572254.09 | F35: =SUM(F33:F34) -> 910912.81 | G35: =SUM(G33:G34) -> 903870.21 | H35: =SUM(H33:H34) -> 885012.26 | I35: =SUM(I33:I34) -> 968984.3 | J35: =SUM(J33:J34) -> 765939.34 | K35: =SUM(K33:K34) -> 715111.89 | ... P35: =SUM(P33:P34) -> 542103.37 | Q35: =SUM(D35:P35) -> 10095638
B36: Cumulative Balance | D36: 0 | E36: =+E35+D36 -> 572254.09 | F36: =+F35+E36 -> 1483166.9 | G36: =+G35+F36 -> 2387037.1 | H36: =+H35+G36 -> 3272049.4 | I36: =+I35+H36 -> 4241033.7 | J36: =+J35+I36 -> 5006973 | K36: =+K35+J36 -> 5722084.9 | L36: =+L35+K36 -> 6815965.7 | ... P36: =+P35+O36 -> 10095638
B38: Depreciation on Prior Month Balance | E38: =ROUND($C32*D36,0) -> 0 | F38: =ROUND($C32*E36,0) -> 1898 | G38: =ROUND($C32*F36,0) -> 4919 | H38: =ROUND($C32*G36,0) -> 7917 | I38: =ROUND($C32*H36,0) -> 10852 | J38: =ROUND($C32*I36,0) -> 14066 | K38: =ROUND($C32*J36,0) -> 16606 | L38: =ROUND($C32*K36,0) -> 18978 | ... P38: =ROUND($C32*O36,0) -> 31686
B39: 1/2 Month Depreciation on Current Month Activity | E39: =ROUND($C32*E35*0.5,3) -> 948.988 | F39: =ROUND($C32*F35*0.5,3) -> 1510.597 | G39: =ROUND($C32*G35*0.5,3) -> 1498.918 | H39: =ROUND($C32*H35*0.5,3) -> 1467.645 | I39: =ROUND($C32*I35*0.5,3) -> 1606.899 | J39: =ROUND($C32*J35*0.5,3) -> 1270.183 | K39: =ROUND($C32*K35*0.5,3) -> 1185.894 | L39: =ROUND($C32*L35*0.5,3) -> 1814.019 | ... P39: =ROUND($C32*P35*0.5,3) -> 898.988
B40: Total Depreciation - 380 Service Lines | D40: 0 | E40: =SUM(E38:E39) -> 948.988 | F40: =SUM(F38:F39) -> 3408.597 | G40: =SUM(G38:G39) -> 6417.918 | H40: =SUM(H38:H39) -> 9384.645 | I40: =SUM(I38:I39) -> 12458.899 | J40: =SUM(J38:J39) -> 15336.183 | K40: =SUM(K38:K39) -> 17791.894 | L40: =SUM(L38:L39) -> 20792.019 | ... P40: =SUM(P38:P39) -> 32584.988 | Q40: =SUM(D40:P40) -> 201283.93
B42: 382 Meter Installations | C42: =1.77%/12 -> 0.001475
B43: Additions | D43: 0 | E43: ='3.0 Plant in Service'!D18 -> 1645.31 | F43: ='3.0 Plant in Service'!E18 -> 0 | G43: ='3.0 Plant in Service'!F18 -> 1219.19 | H43: ='3.0 Plant in Service'!G18 -> 374.88 | I43: ='3.0 Plant in Service'!H18 -> 2800.43 | J43: ='3.0 Plant in Service'!I18 -> 4551.35 | K43: ='3.0 Plant in Service'!J18 -> 7084.41 | L43: ='3.0 Plant in Service'!K18 -> 19772.76 | ... P43: ='3.0 Plant in Service'!O18 -> 10554.1 | Q43: =SUM(D43:P43) -> 85582.38
B44: Retirements | D44: 0 | E44: ='3.0 Plant in Service'!D27 -> -489.15 | F44: ='3.0 Plant in Service'!E27 -> -1574.73 | G44: ='3.0 Plant in Service'!F27 -> -2045.79 | H44: ='3.0 Plant in Service'!G27 -> -5647.45 | I44: ='3.0 Plant in Service'!H27 -> -3453.44 | J44: ='3.0 Plant in Service'!I27 -> -3705.51 | K44: ='3.0 Plant in Service'!J27 -> -5252.36 | L44: ='3.0 Plant in Service'!K27 -> -9322.32 | ... P44: ='3.0 Plant in Service'!O27 -> -3691.83
B45: Monthly Activity | D45: =SUM(D43:D44) -> 0 | E45: =SUM(E43:E44) -> 1156.16 | F45: =SUM(F43:F44) -> -1574.73 | G45: =SUM(G43:G44) -> -826.6 | H45: =SUM(H43:H44) -> -5272.57 | I45: =SUM(I43:I44) -> -653.01 | J45: =SUM(J43:J44) -> 845.84 | K45: =SUM(K43:K44) -> 1832.05 | ... P45: =SUM(P43:P44) -> 6862.27 | Q45: =SUM(D45:P45) -> 37351.61
B46: Cumulative Balance | D46: 0 | E46: =+E45+D46 -> 1156.16 | F46: =+F45+E46 -> -418.57 | G46: =+G45+F46 -> -1245.17 | H46: =+H45+G46 -> -6517.74 | I46: =+I45+H46 -> -7170.75 | J46: =+J45+I46 -> -6324.91 | K46: =+K45+J46 -> -4492.86 | L46: =+L45+K46 -> 5957.58 | ... P46: =+P45+O46 -> 37351.61
B48: Depreciation on Prior Month Balance | E48: =ROUND($C42*D46,0) -> 0 | F48: =ROUND($C42*E46,0) -> 2 | G48: =ROUND($C42*F46,0) -> -1 | H48: =ROUND($C42*G46,0) -> -2 | I48: =ROUND($C42*H46,0) -> -10 | J48: =ROUND($C42*I46,0) -> -11 | K48: =ROUND($C42*J46,0) -> -9 | L48: =ROUND($C42*K46,0) -> -7 | ... P48: =ROUND($C42*O46,0) -> 45
B49: 1/2 Month Depreciation on Current Month Activity | E49: =ROUND($C42*E45*0.5,3) -> 0.853 | F49: =ROUND($C42*F45*0.5,3) -> -1.161 | G49: =ROUND($C42*G45*0.5,3) -> -0.61 | H49: =ROUND($C42*H45*0.5,3) -> -3.889 | I49: =ROUND($C42*I45*0.5,3) -> -0.482 | J49: =ROUND($C42*J45*0.5,3) -> 0.624 | K49: =ROUND($C42*K45*0.5,3) -> 1.351 | L49: =ROUND($C42*L45*0.5,3) -> 7.707 | ... P49: =ROUND($C42*P45*0.5,3) -> 5.061
B50: Total Depreciation - 382 Meter Installations | D50: 0 | E50: =SUM(E48:E49) -> 0.853 | F50: =SUM(F48:F49) -> 0.839 | G50: =SUM(G48:G49) -> -1.61 | H50: =SUM(H48:H49) -> -5.889 | I50: =SUM(I48:I49) -> -10.482 | J50: =SUM(J48:J49) -> -10.376 | K50: =SUM(K48:K49) -> -7.649 | L50: =SUM(L48:L49) -> 0.707 | ... P50: =SUM(P48:P49) -> 50.061 | Q50: =SUM(D50:P50) -> 82.547
B52: 383 House Regulators | C52: =1.94%/12 -> 0.0016166667
B53: Additions | D53: 0 | E53: ='3.0 Plant in Service'!D19 -> 0 | F53: ='3.0 Plant in Service'!E19 -> 0 | G53: ='3.0 Plant in Service'!F19 -> 0 | H53: ='3.0 Plant in Service'!G19 -> 0 | I53: ='3.0 Plant in Service'!H19 -> 0 | J53: ='3.0 Plant in Service'!I19 -> 0 | K53: ='3.0 Plant in Service'!J19 -> 0 | L53: ='3.0 Plant in Service'!K19 -> 0 | ... P53: ='3.0 Plant in Service'!O19 -> 0 | Q53: =SUM(D53:P53) -> 0
B54: Retirements | D54: 0 | E54: ='3.0 Plant in Service'!D28 -> -188.66 | F54: ='3.0 Plant in Service'!E28 -> -230.7 | G54: ='3.0 Plant in Service'!F28 -> -156.8 | H54: ='3.0 Plant in Service'!G28 -> -171.39 | I54: ='3.0 Plant in Service'!H28 -> -348.81 | J54: ='3.0 Plant in Service'!I28 -> -226.33 | K54: ='3.0 Plant in Service'!J28 -> -3043.3 | L54: ='3.0 Plant in Service'!K28 -> -197.14 | ... P54: ='3.0 Plant in Service'!O28 -> -534.67
B55: Monthly Activity | D55: =SUM(D53:D54) -> 0 | E55: =SUM(E53:E54) -> -188.66 | F55: =SUM(F53:F54) -> -230.7 | G55: =SUM(G53:G54) -> -156.8 | H55: =SUM(H53:H54) -> -171.39 | I55: =SUM(I53:I54) -> -348.81 | J55: =SUM(J53:J54) -> -226.33 | K55: =SUM(K53:K54) -> -3043.3 | ... P55: =SUM(P53:P54) -> -534.67 | Q55: =SUM(D55:P55) -> -6868.99
B56: Cumulative Balance | D56: 0 | E56: =+E55+D56 -> -188.66 | F56: =+F55+E56 -> -419.36 | G56: =+G55+F56 -> -576.16 | H56: =+H55+G56 -> -747.55 | I56: =+I55+H56 -> -1096.36 | J56: =+J55+I56 -> -1322.69 | K56: =+K55+J56 -> -4365.99 | L56: =+L55+K56 -> -4563.13 | ... P56: =+P55+O56 -> -6868.99
B58: Depreciation on Prior Month Balance | E58: =ROUND($C52*D56,0) -> 0 | F58: =ROUND($C52*E56,0) -> 0 | G58: =ROUND($C52*F56,0) -> -1 | H58: =ROUND($C52*G56,0) -> -1 | I58: =ROUND($C52*H56,0) -> -1 | J58: =ROUND($C52*I56,0) -> -2 | K58: =ROUND($C52*J56,0) -> -2 | L58: =ROUND($C52*K56,0) -> -7 | ... P58: =ROUND($C52*O56,0) -> -10
B59: 1/2 Month Depreciation on Current Month Activity | E59: =ROUND($C52*E55*0.5,3) -> -0.153 | F59: =ROUND($C52*F55*0.5,3) -> -0.186 | G59: =ROUND($C52*G55*0.5,3) -> -0.127 | H59: =ROUND($C52*H55*0.5,3) -> -0.139 | I59: =ROUND($C52*I55*0.5,3) -> -0.282 | J59: =ROUND($C52*J55*0.5,3) -> -0.183 | K59: =ROUND($C52*K55*0.5,3) -> -2.46 | L59: =ROUND($C52*L55*0.5,3) -> -0.159 | ... P59: =ROUND($C52*P55*0.5,3) -> -0.432
B60: Total Depreciation - 383 House Regulators | D60: 0 | E60: =SUM(E58:E59) -> -0.153 | F60: =SUM(F58:F59) -> -0.186 | G60: =SUM(G58:G59) -> -1.127 | H60: =SUM(H58:H59) -> -1.139 | I60: =SUM(I58:I59) -> -1.282 | J60: =SUM(J58:J59) -> -2.183 | K60: =SUM(K58:K59) -> -4.46 | L60: =SUM(L58:L59) -> -7.159 | ... P60: =SUM(P58:P59) -> -10.432 | Q60: =SUM(D60:P60) -> -53.552
B62: Total Depreciation - Monthly | E62: =+E20+E30+E40+E50+E60 -> 999.592 | F62: =+F20+F30+F40+F50+F60 -> 4125.731 | G62: =+G20+G30+G40+G50+G60 -> 10575.106 | H62: =+H20+H30+H40+H50+H60 -> 16949.044 | I62: =+I20+I30+I40+I50+I60 -> 22759.519 | J62: =+J20+J30+J40+J50+J60 -> 30485.414 | K62: =+K20+K30+K40+K50+K60 -> 37801.226 | L62: =+L20+L30+L40+L50+L60 -> 43874.496 | ... P62: =+P20+P30+P40+P50+P60 -> 73324.811 | Q62: =SUM(E62:P62) -> 417391.12
B63: Total Cumulative Depreciation | D63: 0 | E63: =+E62+D63 -> 999.592 | F63: =+F62+E63 -> 5125.323 | G63: =+G62+F63 -> 15700.429 | H63: =+H62+G63 -> 32649.473 | I63: =+I62+H63 -> 55408.992 | J63: =+J62+I63 -> 85894.406 | K63: =+K62+J63 -> 123695.63 | L63: =+L62+K63 -> 167570.13 | ... P63: =+P62+O63 -> 417391.12
Q85: =Q1 -> Case No. 2026-00306
Q86: SMRP Form 5.0
Q87: Page 2 of 5
A88: Columbia Gas of Kentucky, Inc.
A89: Annual Adjustment to the Safety Modification and Replacement Program ("SMRP")
A90: 2024 Depreciation Expense
C92: Monthly | D92: 2023 | E92: =+D92+1 -> 2024 | F92: =+E92 -> 2024 | G92: =+F92 -> 2024 | H92: =+G92 -> 2024 | I92: =+H92 -> 2024 | J92: =+I92 -> 2024 | K92: =+J92 -> 2024 | L92: =+K92 -> 2024 | M92: =+L92 -> 2024 | ... Q92: =+P92 -> 2024
C93: Depreciation | D93: December | E93: January | F93: February | G93: March | H93: April | I93: May | J93: June | K93: July | L93: August | M93: September | N93: October | O93: November | P93: December | Q93: Cumulative
C94: Rate by GPA | D94: Cumulative | E94: Actual | F94: Actual | G94: Actual | H94: Actual | I94: Actual | J94: Actual | K94: Actual | L94: Actual | M94: Actual | N94: Actual | O94: Actual | P94: Actual | Q94: Total
B96: 376 Mains | C96: =1.74%/12 -> 0.00145
B97: Additions | D97: 0 | E97: ='3.0 Plant in Service'!D85 -> 493561.91 | F97: ='3.0 Plant in Service'!E85 -> 631073.58 | G97: ='3.0 Plant in Service'!F85 -> 2871922.8 | H97: ='3.0 Plant in Service'!G85 -> 972819.89 | I97: ='3.0 Plant in Service'!H85 -> 971911.57 | J97: ='3.0 Plant in Service'!I85 -> 1075612.9 | K97: ='3.0 Plant in Service'!J85 -> 1648380.5 | L97: ='3.0 Plant in Service'!K85 -> 898881.67 | ... P97: ='3.0 Plant in Service'!O85 -> 7358169.6 | Q97: =SUM(D97:P97) -> 28166939
B98: Retirements | D98: 0 | E98: ='3.0 Plant in Service'!D94 -> 0 | F98: ='3.0 Plant in Service'!E94 -> 0 | G98: ='3.0 Plant in Service'!F94 -> -34095.33 | H98: ='3.0 Plant in Service'!G94 -> -2475.74 | I98: ='3.0 Plant in Service'!H94 -> 0 | J98: ='3.0 Plant in Service'!I94 -> -12190.76 | K98: ='3.0 Plant in Service'!J94 -> -744119.04 | L98: ='3.0 Plant in Service'!K94 -> -18271.8 | ... P98: ='3.0 Plant in Service'!O94 -> -437354.73
B99: Monthly Activity | D99: =SUM(D97:D98) -> 0 | E99: =SUM(E97:E98) -> 493561.91 | F99: =SUM(F97:F98) -> 631073.58 | G99: =SUM(G97:G98) -> 2837827.4 | H99: =SUM(H97:H98) -> 970344.15 | I99: =SUM(I97:I98) -> 971911.57 | J99: =SUM(J97:J98) -> 1063422.1 | K99: =SUM(K97:K98) -> 904261.48 | ... P99: =SUM(P97:P98) -> 6920814.9 | Q99: =SUM(D99:P99) -> 26982269
B100: Cumulative Balance | D100: =Q15 -> 30688444 | E100: =+E99+D100 -> 31182006 | F100: =+F99+E100 -> 31813080 | G100: =+G99+F100 -> 34650907 | H100: =+H99+G100 -> 35621252 | I100: =+I99+H100 -> 36593163 | J100: =+J99+I100 -> 37656585 | K100: =+K99+J100 -> 38560847 | L100: =+L99+K100 -> 39441457 | ... P100: =+P99+O100 -> 57670713
B102: Depreciation on Prior Month Balance | E102: =ROUND($C96*D100,0) -> 44498 | F102: =ROUND($C96*E100,0) -> 45214 | G102: =ROUND($C96*F100,0) -> 46129 | H102: =ROUND($C96*G100,0) -> 50244 | I102: =ROUND($C96*H100,0) -> 51651 | J102: =ROUND($C96*I100,0) -> 53060 | K102: =ROUND($C96*J100,0) -> 54602 | L102: =ROUND($C96*K100,0) -> 55913 | ... P102: =ROUND($C96*O100,0) -> 73587
B103: 1/2 Month Depreciation on Current Month Activity | E103: =ROUND($C96*E99*0.5,3) -> 357.832 | F103: =ROUND($C96*F99*0.5,3) -> 457.528 | G103: =ROUND($C96*G99*0.5,3) -> 2057.425 | H103: =ROUND($C96*H99*0.5,3) -> 703.5 | I103: =ROUND($C96*I99*0.5,3) -> 704.636 | J103: =ROUND($C96*J99*0.5,3) -> 770.981 | K103: =ROUND($C96*K99*0.5,3) -> 655.59 | L103: =ROUND($C96*L99*0.5,3) -> 638.442 | ... P103: =ROUND($C96*P99*0.5,3) -> 5017.591
B104: Total Depreciation - 376 Mains | D104: 0 | E104: =SUM(E102:E103) -> 44855.832 | F104: =SUM(F102:F103) -> 45671.528 | G104: =SUM(G102:G103) -> 48186.425 | H104: =SUM(H102:H103) -> 50947.5 | I104: =SUM(I102:I103) -> 52355.636 | J104: =SUM(J102:J103) -> 53830.981 | K104: =SUM(K102:K103) -> 55257.59 | L104: =SUM(L102:L103) -> 56551.442 | ... P104: =SUM(P102:P103) -> 78604.591 | Q104: =SUM(D104:P104) -> 675282.15
B106: 378 Plant Regulators | C106: =2.52%/12 -> 0.0021
B107: Additions | D107: 0 | E107: ='3.0 Plant in Service'!D86 -> 0 | F107: ='3.0 Plant in Service'!E86 -> 0 | G107: ='3.0 Plant in Service'!F86 -> 0 | H107: ='3.0 Plant in Service'!G86 -> 0 | I107: ='3.0 Plant in Service'!H86 -> 0 | J107: ='3.0 Plant in Service'!I86 -> 0 | K107: ='3.0 Plant in Service'!J86 -> 0 | L107: ='3.0 Plant in Service'!K86 -> 0 | ... P107: ='3.0 Plant in Service'!O86 -> 0 | Q107: =SUM(D107:P107) -> 0
B108: Retirements | D108: 0 | E108: ='3.0 Plant in Service'!D95 -> 0 | F108: ='3.0 Plant in Service'!E95 -> 0 | G108: ='3.0 Plant in Service'!F95 -> -8225.53 | H108: ='3.0 Plant in Service'!G95 -> 0 | I108: ='3.0 Plant in Service'!H95 -> -53875.33 | J108: ='3.0 Plant in Service'!I95 -> -1229.86 | K108: ='3.0 Plant in Service'!J95 -> 0 | L108: ='3.0 Plant in Service'!K95 -> 0 | ... P108: ='3.0 Plant in Service'!O95 -> -309.87
B109: Monthly Activity | D109: =SUM(D107:D108) -> 0 | E109: =SUM(E107:E108) -> 0 | F109: =SUM(F107:F108) -> 0 | G109: =SUM(G107:G108) -> -8225.53 | H109: =SUM(H107:H108) -> 0 | I109: =SUM(I107:I108) -> -53875.33 | J109: =SUM(J107:J108) -> -1229.86 | K109: =SUM(K107:K108) -> 0 | ... P109: =SUM(P107:P108) -> -309.87 | Q109: =SUM(D109:P109) -> -63769.91
B110: Cumulative Balance | D110: =Q25 -> -390412.01 | E110: =+E109+D110 -> -390412.01 | F110: =+F109+E110 -> -390412.01 | G110: =+G109+F110 -> -398637.54 | H110: =+H109+G110 -> -398637.54 | I110: =+I109+H110 -> -452512.87 | J110: =+J109+I110 -> -453742.73 | K110: =+K109+J110 -> -453742.73 | L110: =+L109+K110 -> -453742.73 | ... P110: =+P109+O110 -> -454181.92
B112: Depreciation on Prior Month Balance | E112: =ROUND($C106*D110,0) -> -820 | F112: =ROUND($C106*E110,0) -> -820 | G112: =ROUND($C106*F110,0) -> -820 | H112: =ROUND($C106*G110,0) -> -837 | I112: =ROUND($C106*H110,0) -> -837 | J112: =ROUND($C106*I110,0) -> -950 | K112: =ROUND($C106*J110,0) -> -953 | L112: =ROUND($C106*K110,0) -> -953 | ... P112: =ROUND($C106*O110,0) -> -953
B113: 1/2 Month Depreciation on Current Month Activity | E113: =ROUND($C106*E109*0.5,3) -> 0 | F113: =ROUND($C106*F109*0.5,3) -> 0 | G113: =ROUND($C106*G109*0.5,3) -> -8.637 | H113: =ROUND($C106*H109*0.5,3) -> 0 | I113: =ROUND($C106*I109*0.5,3) -> -56.569 | J113: =ROUND($C106*J109*0.5,3) -> -1.291 | K113: =ROUND($C106*K109*0.5,3) -> 0 | L113: =ROUND($C106*L109*0.5,3) -> 0 | ... P113: =ROUND($C106*P109*0.5,3) -> -0.325
B114: Total Depreciation - 378 Plant Regulators | D114: 0 | E114: =SUM(E112:E113) -> -820 | F114: =SUM(F112:F113) -> -820 | G114: =SUM(G112:G113) -> -828.637 | H114: =SUM(H112:H113) -> -837 | I114: =SUM(I112:I113) -> -893.569 | J114: =SUM(J112:J113) -> -951.291 | K114: =SUM(K112:K113) -> -953 | L114: =SUM(L112:L113) -> -953 | ... P114: =SUM(P112:P113) -> -953.325 | Q114: =SUM(D114:P114) -> -10868.958
B116: 380 Service Lines | C116: =3.98%/12 -> 0.0033166667
B117: Additions | D117: 0 | E117: ='3.0 Plant in Service'!D87 -> 528444.89 | F117: ='3.0 Plant in Service'!E87 -> 965406.04 | G117: ='3.0 Plant in Service'!F87 -> 982289.47 | H117: ='3.0 Plant in Service'!G87 -> 819877.05 | I117: ='3.0 Plant in Service'!H87 -> 967829.41 | J117: ='3.0 Plant in Service'!I87 -> 1277747.6 | K117: ='3.0 Plant in Service'!J87 -> 1111761.6 | L117: ='3.0 Plant in Service'!K87 -> 1238839.4 | ... P117: ='3.0 Plant in Service'!O87 -> 1248564.6 | Q117: =SUM(D117:P117) -> 13002028
B118: Retirements | D118: 0 | E118: ='3.0 Plant in Service'!D96 -> -80627.68 | F118: ='3.0 Plant in Service'!E96 -> -142561.49 | G118: ='3.0 Plant in Service'!F96 -> -363834.12 | H118: ='3.0 Plant in Service'!G96 -> -22542.8 | I118: ='3.0 Plant in Service'!H96 -> -122658.81 | J118: ='3.0 Plant in Service'!I96 -> -187805.38 | K118: ='3.0 Plant in Service'!J96 -> -294042.9 | L118: ='3.0 Plant in Service'!K96 -> -261287.98 | ... P118: ='3.0 Plant in Service'!O96 -> -258857.48
B119: Monthly Activity | D119: =SUM(D117:D118) -> 0 | E119: =SUM(E117:E118) -> 447817.21 | F119: =SUM(F117:F118) -> 822844.55 | G119: =SUM(G117:G118) -> 618455.35 | H119: =SUM(H117:H118) -> 797334.25 | I119: =SUM(I117:I118) -> 845170.6 | J119: =SUM(J117:J118) -> 1089942.2 | K119: =SUM(K117:K118) -> 817718.73 | ... P119: =SUM(P117:P118) -> 989707.08 | Q119: =SUM(D119:P119) -> 10494114
B120: Cumulative Balance | D120: =Q35 -> 10095638 | E120: =+E119+D120 -> 10543455 | F120: =+F119+E120 -> 11366299 | G120: =+G119+F120 -> 11984755 | H120: =+H119+G120 -> 12782089 | I120: =+I119+H120 -> 13627260 | J120: =+J119+I120 -> 14717202 | K120: =+K119+J120 -> 15534921 | L120: =+L119+K120 -> 16512472 | ... P120: =+P119+O120 -> 20589751
B122: Depreciation on Prior Month Balance | E122: =ROUND($C116*D120,0) -> 33484 | F122: =ROUND($C116*E120,0) -> 34969 | G122: =ROUND($C116*F120,0) -> 37698 | H122: =ROUND($C116*G120,0) -> 39749 | I122: =ROUND($C116*H120,0) -> 42394 | J122: =ROUND($C116*I120,0) -> 45197 | K122: =ROUND($C116*J120,0) -> 48812 | L122: =ROUND($C116*K120,0) -> 51524 | ... P122: =ROUND($C116*O120,0) -> 65007
B123: 1/2 Month Depreciation on Current Month Activity | E123: =ROUND($C116*E119*0.5,3) -> 742.63 | F123: =ROUND($C116*F119*0.5,3) -> 1364.551 | G123: =ROUND($C116*G119*0.5,3) -> 1025.605 | H123: =ROUND($C116*H119*0.5,3) -> 1322.246 | I123: =ROUND($C116*I119*0.5,3) -> 1401.575 | J123: =ROUND($C116*J119*0.5,3) -> 1807.488 | K123: =ROUND($C116*K119*0.5,3) -> 1356.05 | L123: =ROUND($C116*L119*0.5,3) -> 1621.106 | ... P123: =ROUND($C116*P119*0.5,3) -> 1641.264
B124: Total Depreciation - 380 Service Lines | D124: 0 | E124: =SUM(E122:E123) -> 34226.63 | F124: =SUM(F122:F123) -> 36333.551 | G124: =SUM(G122:G123) -> 38723.605 | H124: =SUM(H122:H123) -> 41071.246 | I124: =SUM(I122:I123) -> 43795.575 | J124: =SUM(J122:J123) -> 47004.488 | K124: =SUM(K122:K123) -> 50168.05 | L124: =SUM(L122:L123) -> 53145.106 | ... P124: =SUM(P122:P123) -> 66648.264 | Q124: =SUM(D124:P124) -> 589421.74
B126: 382 Meter Installations | C126: =1.77%/12 -> 0.001475
B127: Additions | D127: 0 | E127: ='3.0 Plant in Service'!D88 -> 99666.4 | F127: ='3.0 Plant in Service'!E88 -> 46199.51 | G127: ='3.0 Plant in Service'!F88 -> 71137.13 | H127: ='3.0 Plant in Service'!G88 -> 30394.9 | I127: ='3.0 Plant in Service'!H88 -> 68100.06 | J127: ='3.0 Plant in Service'!I88 -> 26020.64 | K127: ='3.0 Plant in Service'!J88 -> 35647.22 | L127: ='3.0 Plant in Service'!K88 -> 77968.27 | ... P127: ='3.0 Plant in Service'!O88 -> 35466.29 | Q127: =SUM(D127:P127) -> 607443.07
B128: Retirements | D128: 0 | E128: ='3.0 Plant in Service'!D97 -> -1867.38 | F128: ='3.0 Plant in Service'!E97 -> -2576.42 | G128: ='3.0 Plant in Service'!F97 -> -9968.38 | H128: ='3.0 Plant in Service'!G97 -> 0 | I128: ='3.0 Plant in Service'!H97 -> -6767.86 | J128: ='3.0 Plant in Service'!I97 -> -4172.42 | K128: ='3.0 Plant in Service'!J97 -> -2618.31 | L128: ='3.0 Plant in Service'!K97 -> -6967.02 | ... P128: ='3.0 Plant in Service'!O97 -> -2905.87
B129: Monthly Activity | D129: =SUM(D127:D128) -> 0 | E129: =SUM(E127:E128) -> 97799.02 | F129: =SUM(F127:F128) -> 43623.09 | G129: =SUM(G127:G128) -> 61168.75 | H129: =SUM(H127:H128) -> 30394.9 | I129: =SUM(I127:I128) -> 61332.2 | J129: =SUM(J127:J128) -> 21848.22 | K129: =SUM(K127:K128) -> 33028.91 | ... P129: =SUM(P127:P128) -> 32560.42 | Q129: =SUM(D129:P129) -> 530756.86
B130: Cumulative Balance | D130: =Q45 -> 37351.61 | E130: =+E129+D130 -> 135150.63 | F130: =+F129+E130 -> 178773.72 | G130: =+G129+F130 -> 239942.47 | H130: =+H129+G130 -> 270337.37 | I130: =+I129+H130 -> 331669.57 | J130: =+J129+I130 -> 353517.79 | K130: =+K129+J130 -> 386546.7 | L130: =+L129+K130 -> 457547.95 | ... P130: =+P129+O130 -> 568108.47
B132: Depreciation on Prior Month Balance | E132: =ROUND($C126*D130,0) -> 55 | F132: =ROUND($C126*E130,0) -> 199 | G132: =ROUND($C126*F130,0) -> 264 | H132: =ROUND($C126*G130,0) -> 354 | I132: =ROUND($C126*H130,0) -> 399 | J132: =ROUND($C126*I130,0) -> 489 | K132: =ROUND($C126*J130,0) -> 521 | L132: =ROUND($C126*K130,0) -> 570 | ... P132: =ROUND($C126*O130,0) -> 790
B133: 1/2 Month Depreciation on Current Month Activity | E133: =ROUND($C126*E129*0.5,3) -> 72.127 | F133: =ROUND($C126*F129*0.5,3) -> 32.172 | G133: =ROUND($C126*G129*0.5,3) -> 45.112 | H133: =ROUND($C126*H129*0.5,3) -> 22.416 | I133: =ROUND($C126*I129*0.5,3) -> 45.232 | J133: =ROUND($C126*J129*0.5,3) -> 16.113 | K133: =ROUND($C126*K129*0.5,3) -> 24.359 | L133: =ROUND($C126*L129*0.5,3) -> 52.363 | ... P133: =ROUND($C126*P129*0.5,3) -> 24.013
B134: Total Depreciation - 382 Meter Installations | D134: 0 | E134: =SUM(E132:E133) -> 127.127 | F134: =SUM(F132:F133) -> 231.172 | G134: =SUM(G132:G133) -> 309.112 | H134: =SUM(H132:H133) -> 376.416 | I134: =SUM(I132:I133) -> 444.232 | J134: =SUM(J132:J133) -> 505.113 | K134: =SUM(K132:K133) -> 545.359 | L134: =SUM(L132:L133) -> 622.363 | ... P134: =SUM(P132:P133) -> 814.013 | Q134: =SUM(D134:P134) -> 6170.432
B136: 383 House Regulators | C136: =1.94%/12 -> 0.0016166667
B137: Additions | D137: 0 | E137: ='3.0 Plant in Service'!D89 -> 7763.63 | F137: ='3.0 Plant in Service'!E89 -> 16342.16 | G137: ='3.0 Plant in Service'!F89 -> 5818.02 | H137: ='3.0 Plant in Service'!G89 -> 6048.96 | I137: ='3.0 Plant in Service'!H89 -> -43.29 | J137: ='3.0 Plant in Service'!I89 -> 5572.98 | K137: ='3.0 Plant in Service'!J89 -> 2393.53 | L137: ='3.0 Plant in Service'!K89 -> 10530.81 | ... P137: ='3.0 Plant in Service'!O89 -> 5519.75 | Q137: =SUM(D137:P137) -> 66320.47
B138: Retirements | D138: 0 | E138: ='3.0 Plant in Service'!D98 -> -270.1 | F138: ='3.0 Plant in Service'!E98 -> -489.95 | G138: ='3.0 Plant in Service'!F98 -> -900.07 | H138: ='3.0 Plant in Service'!G98 -> 0 | I138: ='3.0 Plant in Service'!H98 -> -670.82 | J138: ='3.0 Plant in Service'!I98 -> -419.35 | K138: ='3.0 Plant in Service'!J98 -> -267.74 | L138: ='3.0 Plant in Service'!K98 -> -705.31 | ... P138: ='3.0 Plant in Service'!O98 -> -356.34
B139: Monthly Activity | D139: =SUM(D137:D138) -> 0 | E139: =SUM(E137:E138) -> 7493.53 | F139: =SUM(F137:F138) -> 15852.21 | G139: =SUM(G137:G138) -> 4917.95 | H139: =SUM(H137:H138) -> 6048.96 | I139: =SUM(I137:I138) -> -714.11 | J139: =SUM(J137:J138) -> 5153.63 | K139: =SUM(K137:K138) -> 2125.79 | ... P139: =SUM(P137:P138) -> 5163.41 | Q139: =SUM(D139:P139) -> 60206.17
B140: Cumulative Balance | D140: =Q55 -> -6868.99 | E140: =+E139+D140 -> 624.54 | F140: =+F139+E140 -> 16476.75 | G140: =+G139+F140 -> 21394.7 | H140: =+H139+G140 -> 27443.66 | I140: =+I139+H140 -> 26729.55 | J140: =+J139+I140 -> 31883.18 | K140: =+K139+J140 -> 34008.97 | L140: =+L139+K140 -> 43834.47 | ... P140: =+P139+O140 -> 53337.18
B142: Depreciation on Prior Month Balance | E142: =ROUND($C136*D140,0) -> -11 | F142: =ROUND($C136*E140,0) -> 1 | G142: =ROUND($C136*F140,0) -> 27 | H142: =ROUND($C136*G140,0) -> 35 | I142: =ROUND($C136*H140,0) -> 44 | J142: =ROUND($C136*I140,0) -> 43 | K142: =ROUND($C136*J140,0) -> 52 | L142: =ROUND($C136*K140,0) -> 55 | ... P142: =ROUND($C136*O140,0) -> 78
B143: 1/2 Month Depreciation on Current Month Activity | E143: =ROUND($C136*E139*0.5,3) -> 6.057 | F143: =ROUND($C136*F139*0.5,3) -> 12.814 | G143: =ROUND($C136*G139*0.5,3) -> 3.975 | H143: =ROUND($C136*H139*0.5,3) -> 4.89 | I143: =ROUND($C136*I139*0.5,3) -> -0.577 | J143: =ROUND($C136*J139*0.5,3) -> 4.166 | K143: =ROUND($C136*K139*0.5,3) -> 1.718 | L143: =ROUND($C136*L139*0.5,3) -> 7.942 | ... P143: =ROUND($C136*P139*0.5,3) -> 4.174
B144: Total Depreciation - 383 House Regulators | D144: 0 | E144: =SUM(E142:E143) -> -4.943 | F144: =SUM(F142:F143) -> 13.814 | G144: =SUM(G142:G143) -> 30.975 | H144: =SUM(H142:H143) -> 39.89 | I144: =SUM(I142:I143) -> 43.423 | J144: =SUM(J142:J143) -> 47.166 | K144: =SUM(K142:K143) -> 53.718 | L144: =SUM(L142:L143) -> 62.942 | ... P144: =SUM(P142:P143) -> 82.174 | Q144: =SUM(D144:P144) -> 600.666
...

Sheet 6.0 ADIT Normalized 
Q1: ='Table of Contents'!F1 -> Case No. 2026-00306
Q2: SMRP Form 6.0
A3: Columbia Gas of Kentucky, Inc.
A4: Calculation of Accumulated Deferred Income Tax (Normalized)
A5: Annual Adjustment to the Safety Modification and Replacement Program
B9: 2022 | C9: =+B9+1 -> 2023 | D9: =+C9 -> 2023 | E9: =+D9 -> 2023 | F9: =+E9 -> 2023 | G9: =+F9 -> 2023 | H9: =+G9 -> 2023 | I9: =+H9 -> 2023 | J9: =+I9 -> 2023 | K9: =+J9 -> 2023 | ... Q9: =+P9 -> 2023
B10: December | C10: January | D10: February | E10: March | F10: April | G10: May | H10: June | I10: July | J10: August | K10: September | L10: October | M10: November | N10: December | O10: Activity | P10: Monthly Activity | Q10: 13 Month Ave.
B12: ( A ) | C12: ( B) | D12: ( C ) | E12: ( D ) | F12: ( E ) | G12: ( F ) | H12: ( G ) | I12: ( H ) | J12: ( I ) | K12: ( J ) | L12: ( K ) | M12: ( L ) | N12: ( M ) | O12: ( N ) | P12: ( O ) | Q12: ( P )
O13: (N= M-A) | P13: (O=N/12)
A15: ADIT Balance - Form 6.1 | B15: 0 | N15: ='6.1 ADIT Calculated p.1'!AK19*-1 -> -4910282 | O15: =+N15-B15 -> -4910282 | P15: =ROUND(O15/12,0) -> -409190
A17: 2023 Normalized ADIT | B17: =+B15 -> 0 | C17: =+B17+$P$15 -> -409190 | D17: =+C17+$P$15 -> -818380 | E17: =+D17+$P$15 -> -1227570 | F17: =+E17+$P$15 -> -1636760 | G17: =+F17+$P$15 -> -2045950 | H17: =+G17+$P$15 -> -2455140 | I17: =+H17+$P$15 -> -2864330 | J17: =+I17+$P$15 -> -3273520 | ... M17: =+L17+$P$15 -> -4501090 | N17: =+N15 -> -4910282 | Q17: =AVERAGE(B17:N17) -> -2455140.2
B21: =+N9 -> 2023 | C21: =+B21+1 -> 2024 | D21: =+C21 -> 2024 | E21: =+D21 -> 2024 | F21: =+E21 -> 2024 | G21: =+F21 -> 2024 | H21: =+G21 -> 2024 | I21: =+H21 -> 2024 | J21: =+I21 -> 2024 | K21: =+J21 -> 2024 | ... Q21: =+P21 -> 2024
B22: December | C22: January | D22: February | E22: March | F22: April | G22: May | H22: June | I22: July | J22: August | K22: September | L22: October | M22: November | N22: December | O22: Activity | P22: Monthly Activity | Q22: 13 Month Ave.
A24: ADIT Balance - Form 6.1 | B24: =+N17 -> -4910282 | N24: ='6.1 ADIT Calculated p.1'!AK20*-1 -> -9574930 | O24: =+N24-B24 -> -4664648 | P24: =ROUND(O24/12,0) -> -388721
A26: 2024 Normalized ADIT | B26: =+B24 -> -4910282 | C26: =+B26+P24 -> -5299003 | D26: =+C26+$P$24 -> -5687724 | E26: =+D26+$P$24 -> -6076445 | F26: =+E26+$P$24 -> -6465166 | G26: =+F26+$P$24 -> -6853887 | H26: =+G26+$P$24 -> -7242608 | I26: =+H26+$P$24 -> -7631329 | J26: =+I26+$P$24 -> -8020050 | K26: =+J26+$P$24 -> -8408771 | ... M26: =+L26+$P$24 -> -9186213 | N26: =+M26+$P$24+3 -> -9574931 | Q26: =AVERAGE(B26:N26) -> -7242607.8
B30: =N21 -> 2024 | C30: =+B30+1 -> 2025 | D30: =+C30 -> 2025 | E30: =+D30 -> 2025 | F30: =+E30 -> 2025 | G30: =+F30 -> 2025 | H30: =+G30 -> 2025 | I30: =+H30 -> 2025 | J30: =+I30 -> 2025 | K30: =+J30 -> 2025 | ... Q30: =+P30 -> 2025
B31: December | C31: January | D31: February | E31: March | F31: April | G31: May | H31: June | I31: July | J31: August | K31: September | L31: October | M31: November | N31: December | O31: Activity | P31: Monthly Activity | Q31: 13 Month Ave.
A33: ADIT Balance - Form 6.1 | B33: =+N26 -> -9574931 | N33: ='6.1 ADIT Calculated p.1'!AK21*-1 -> -14545986 | O33: =+N33-B33 -> -4971055 | P33: =ROUND(O33/12,0) -> -414255
A35: 2024 Normalized ADIT | B35: =+B33 -> -9574931 | C35: =+B35+P33 -> -9989186 | D35: =+C35+$P$33 -> -10403441 | E35: =+D35+$P$33 -> -10817696 | F35: =+E35+$P$33 -> -11231951 | G35: =+F35+$P$33 -> -11646206 | H35: =+G35+$P$33 -> -12060461 | I35: =+H35+$P$33 -> -12474716 | J35: =+I35+$P$33 -> -12888971 | K35: =+J35+$P$33 -> -13303226 | ... N35: =+M35+$P$33 -> -14545991 | Q35: =AVERAGE(B35:N35) -> -12060461
B39: =N30 -> 2025 | C39: =+B39+1 -> 2026 | D39: =+C39 -> 2026 | E39: =+D39 -> 2026 | F39: =+E39 -> 2026 | G39: =+F39 -> 2026 | H39: =+G39 -> 2026 | I39: =+H39 -> 2026 | J39: =+I39 -> 2026 | K39: =+J39 -> 2026 | ... Q39: =+P39 -> 2026
B40: December | C40: January | D40: February | E40: March | F40: April | G40: May | H40: June | I40: July | J40: August | K40: September | L40: October | M40: November | N40: December | O40: Activity | P40: Monthly Activity | Q40: 13 Month Ave.
A42: ADIT Balance - Form 6.1 | B42: =+N33 -> -14545986 | N42: ='6.1 ADIT Calculated p.1'!AK22*-1 -> -23841032 | O42: =+N42-B42 -> -9295046 | P42: =ROUND(O42/12,0) -> -774587
A44: 2024 Normalized ADIT | B44: =+B42 -> -14545986 | C44: =+B44+P42 -> -15320573 | D44: =+C44+$P$42 -> -16095160 | E44: =+D44+$P$42 -> -16869747 | F44: =+E44+$P$42 -> -17644334 | G44: =+F44+$P$42 -> -18418921 | H44: =+G44+$P$42 -> -19193508 | I44: =+H44+$P$42 -> -19968095 | J44: =+I44+$P$42 -> -20742682 | K44: =+J44+$P$42 -> -21517269 | ... N44: =+M44+$P$42 -> -23841030 | Q44: =AVERAGE(B44:N44) -> -19193508
B48: =N39 -> 2026 | C48: =+B48+1 -> 2027 | D48: =+C48 -> 2027 | E48: =+D48 -> 2027 | F48: =+E48 -> 2027 | G48: =+F48 -> 2027 | H48: =+G48 -> 2027 | I48: =+H48 -> 2027 | J48: =+I48 -> 2027 | K48: =+J48 -> 2027 | ... Q48: =+P48 -> 2027
B49: December | C49: January | D49: February | E49: March | F49: April | G49: May | H49: June | I49: July | J49: August | K49: September | L49: October | M49: November | N49: December | O49: Activity | P49: Monthly Activity | Q49: 13 Month Ave.
A51: ADIT Balance - Form 6.1 | B51: =+N42 -> -23841032 | N51: ='6.1 ADIT Calculated p.1'!AK23*-1 -> -34968164 | O51: =+N51-B51 -> -11127132 | P51: =ROUND(O51/12,0) -> -927261
A53: 2024 Normalized ADIT | B53: =+B51 -> -23841032 | C53: =+B53+P51 -> -24768293 | D53: =+C53+$P$42 -> -25542880 | E53: =+D53+$P$42 -> -26317467 | F53: =+E53+$P$42 -> -27092054 | G53: =+F53+$P$42 -> -27866641 | H53: =+G53+$P$42 -> -28641228 | I53: =+H53+$P$42 -> -29415815 | J53: =+I53+$P$42 -> -30190402 | K53: =+J53+$P$42 -> -30964989 | ... N53: =+M53+$P$42 -> -33288750 | Q53: =AVERAGE(B53:N53) -> -28629484

Sheet 6.1 ADIT Calculated p.1
AK1: ='Table of Contents'!F1 -> Case No. 2026-00306
AK2: SMRP Form 6.1
AK3: Page 1 of 3
A4: Columbia Gas of Kentucky, Inc.
A5: Calculation of Accumulated Deferred Income Tax
A6: Annual Adjustment to the Safety Modification and Replacement Program
H7: Summary of Form 6.1, Pages 2 and 3
J9: 2022 | K9: =+J9+1 -> 2023 | L9: =+K9+1 -> 2024 | M9: =+L9+1 -> 2025 | N9: =+M9+1 -> 2026 | O9: =+N9+1 -> 2027 | P9: =+O9+1 -> 2028 | Q9: =+P9+1 -> 2029 | R9: =+Q9+1 -> 2030 | ... AE9: =+AD9+1 -> 2043 | AF9: Annual | AJ9: Deferred | AK9: Accumulated
A10: Ln. | B10: MACRS 20 Year | D10: 2023 | E10: =+D10+1 -> 2024 | F10: =+E10+1 -> 2025 | G10: =+F10+1 -> 2026 | H10: =+G10+1 -> 2027 | I10: =+H10+1 -> 2028 | J10: Year 9 | K10: Year 10 | L10: Year 11 | M10: Year 12 | N10: Year 13 | O10: Year 14 | P10: Year 15 | Q10: Year 16 | R10: Year 17 | S10: Year 18 | T10: Year 19 | U10: Year 20 | V10: Year 21 | W10: Year 22 | X10: Year 23 | Y10: Year 24 | Z10: Year 25 | AA10: Year 26 | AB10: Year 27 | AC10: Year 28 | AD10: Year 29 | AE10: Year 30 | AF10: Tax | AG10: Cost of | AH10: Book | AJ10: Tax @ [1] | AK10: Deferred
A11: No. | B11: Tax Depr Rates | C11: Year | D11: Additions | E11: Additions | F11: Additions | G11: Additions | H11: Additions | I11: Additions | J11: Additions | K11: Additions | L11: Additions | M11: Additions | N11: Additions | O11: Additions | P11: Additions | Q11: Additions | R11: Additions | S11: Additions | T11: Additions | U11: Additions | V11: Additions | W11: Additions | X11: Additions | Y11: Additions | Z11: Additions | AA11: Additions | AB11: Additions | AC11: Additions | AD11: Additions | AE11: Additions | AF11: Depreciation | AG11: Removal | AH11: Depreciation | AI11: Difference | AJ11: =0.2495 -> 0.2495 | AK11: Inc. Taxes
B12: ( A ) | C12: ( B ) | D12: ( C ) | E12: ( D ) | F12: ( E ) | G12: ( F ) | H12: ( G ) | I12: ( H ) | J12: =+I12-1 -> #VALUE! | K12: =+J12-1 -> #VALUE! | L12: =+K12-1 -> #VALUE! | M12: =+L12-1 -> #VALUE! | N12: =+M12-1 -> #VALUE! | O12: =+N12-1 -> #VALUE! | P12: =+O12-1 -> #VALUE! | Q12: =+P12-1 -> #VALUE! | ... AE12: =+AD12-1 -> #VALUE! | AF12: ( I ) | AG12: ( J ) | AH12: ( K ) | AI12: ( L ) | AJ12: ( M ) | AK12: ( N )
D13: ($) | E13: ($) | F13: ($) | G13: ($) | H13: ($) | I13: ($) | J13: ($) | K13: ($) | L13: ($) | M13: ($) | N13: ($) | O13: ($) | P13: ($) | Q13: ($) | R13: ($) | S13: ($) | T13: ($) | U13: ($) | V13: ($) | W13: ($) | X13: ($) | Y13: ($) | Z13: ($) | AA13: ($) | AB13: ($) | AC13: ($) | AD13: ($) | AE13: ($) | AF13: ($) | AG13: ($) | AH13: ($) | AI13: ($) | AJ13: ($) | AK13: ($)
A15: 1 | B15: Total Plant Additions | D15: ='6.1 ADIT Calcluated p.2'!D14+'6.1 ADIT Calcluated p.3'!D14 -> 43947665 | E15: ='6.1 ADIT Calcluated p.2'!E14+'6.1 ADIT Calcluated p.3'!E14 -> 41842731 | F15: ='6.1 ADIT Calcluated p.2'!F14+'6.1 ADIT Calcluated p.3'!F14 -> 43536557 | G15: ='6.1 ADIT Calcluated p.2'!G14+'6.1 ADIT Calcluated p.3'!G14 -> 52861038 | H15: ='6.1 ADIT Calcluated p.2'!H14+'6.1 ADIT Calcluated p.3'!H14 -> 63696569 | I15: 0 | J15: #REF! | K15: #REF! | L15: #REF! | M15: #REF! | N15: #REF! | O15: #REF! | P15: #REF! | Q15: #REF! | R15: #REF! | S15: #REF! | T15: #REF! | U15: #REF! | V15: #REF! | W15: #REF! | X15: #REF! | Y15: #REF! | Z15: #REF! | AA15: #REF! | AB15: #REF! | AC15: #REF! | AD15: #REF! | AE15: #REF!
A17: =A15+1 -> 2
A19: =A17+1 -> 3 | B19: 0.0375 | C19: 1 | D19: =+'6.1 ADIT Calcluated p.2'!D18+'6.1 ADIT Calcluated p.3'!D18 -> 18046484 | AF19: ='6.1 ADIT Calcluated p.2'!AF18+'6.1 ADIT Calcluated p.3'!AF18 -> 18046484 | AG19: ='6.1 ADIT Calcluated p.2'!AG18+'6.1 ADIT Calcluated p.3'!AG18 -> 2051396.7 | AH19: ='6.1 ADIT Calcluated p.2'!AH18+'6.1 ADIT Calcluated p.3'!AH18 -> 417391.12 | AI19: ='6.1 ADIT Calcluated p.2'!AI18+'6.1 ADIT Calcluated p.3'!AI18 -> 19680490 | AJ19: ='6.1 ADIT Calcluated p.2'!AJ18+'6.1 ADIT Calcluated p.3'!AJ18 -> 4910282 | AK19: ='6.1 ADIT Calcluated p.2'!AK18+'6.1 ADIT Calcluated p.3'!AK18 -> 4910282
A20: =A19+1 -> 4 | B20: 0.07219 | C20: =+C19+1 -> 2 | D20: =+'6.1 ADIT Calcluated p.2'!D19+'6.1 ADIT Calcluated p.3'!D19 -> 1942655 | E20: =+'6.1 ADIT Calcluated p.2'!E19+'6.1 ADIT Calcluated p.3'!E19 -> 16980005 | AF20: ='6.1 ADIT Calcluated p.2'!AF19+'6.1 ADIT Calcluated p.3'!AF19 -> 18922660 | AG20: ='6.1 ADIT Calcluated p.2'!AG19+'6.1 ADIT Calcluated p.3'!AG19 -> 1033930.7 | AH20: ='6.1 ADIT Calcluated p.2'!AH19+'6.1 ADIT Calcluated p.3'!AH19 -> 1260606 | AI20: ='6.1 ADIT Calcluated p.2'!AI19+'6.1 ADIT Calcluated p.3'!AI19 -> 18695985 | AJ20: ='6.1 ADIT Calcluated p.2'!AJ19+'6.1 ADIT Calcluated p.3'!AJ19 -> 4664648 | AK20: ='6.1 ADIT Calcluated p.2'!AK19+'6.1 ADIT Calcluated p.3'!AK19 -> 9574930
A21: =A20+1 -> 5 | B21: 0.06677 | C21: =+C20+1 -> 3 | D21: =+'6.1 ADIT Calcluated p.2'!D20+'6.1 ADIT Calcluated p.3'!D20 -> 1796802 | E21: =+'6.1 ADIT Calcluated p.2'!E20+'6.1 ADIT Calcluated p.3'!E20 -> 1864769 | F21: =+'6.1 ADIT Calcluated p.2'!F20+'6.1 ADIT Calcluated p.3'!F20 -> 17599955 | AF21: ='6.1 ADIT Calcluated p.2'!AF20+'6.1 ADIT Calcluated p.3'!AF20 -> 21261526 | AG21: ='6.1 ADIT Calcluated p.2'!AG20+'6.1 ADIT Calcluated p.3'!AG20 -> 1107528.6 | AH21: ='6.1 ADIT Calcluated p.2'!AH20+'6.1 ADIT Calcluated p.3'!AH20 -> 2444984 | AI21: ='6.1 ADIT Calcluated p.2'!AI20+'6.1 ADIT Calcluated p.3'!AI20 -> 19924071 | AJ21: ='6.1 ADIT Calcluated p.2'!AJ20+'6.1 ADIT Calcluated p.3'!AJ20 -> 4971056 | AK21: ='6.1 ADIT Calcluated p.2'!AK20+'6.1 ADIT Calcluated p.3'!AK20 -> 14545986
A22: =A21+1 -> 6 | B22: 0.06177 | C22: =+C21+1 -> 4 | D22: =+'6.1 ADIT Calcluated p.2'!D21+'6.1 ADIT Calcluated p.3'!D21 -> 1662250 | E22: =+'6.1 ADIT Calcluated p.2'!E21+'6.1 ADIT Calcluated p.3'!E21 -> 1724763 | F22: =+'6.1 ADIT Calcluated p.2'!F21+'6.1 ADIT Calcluated p.3'!F21 -> 1945313 | G22: =+'6.1 ADIT Calcluated p.2'!G21+'6.1 ADIT Calcluated p.3'!G21 -> 33950925 | AF22: ='6.1 ADIT Calcluated p.2'!AF21+'6.1 ADIT Calcluated p.3'!AF21 -> 39283251 | AG22: ='6.1 ADIT Calcluated p.2'!AG21+'6.1 ADIT Calcluated p.3'!AG21 -> 1542663.7 | AH22: ='6.1 ADIT Calcluated p.2'!AH21+'6.1 ADIT Calcluated p.3'!AH21 -> 3571220.6 | AI22: ='6.1 ADIT Calcluated p.2'!AI21+'6.1 ADIT Calcluated p.3'!AI21 -> 37254694 | AJ22: ='6.1 ADIT Calcluated p.2'!AJ21+'6.1 ADIT Calcluated p.3'!AJ21 -> 9295046 | AK22: ='6.1 ADIT Calcluated p.2'!AK21+'6.1 ADIT Calcluated p.3'!AK21 -> 23841032
A23: =A22+1 -> 7 | B23: 0.05713 | C23: =+C22+1 -> 5 | D23: =+'6.1 ADIT Calcluated p.2'!D22+'6.1 ADIT Calcluated p.3'!D22 -> 1537386 | E23: =+'6.1 ADIT Calcluated p.2'!E22+'6.1 ADIT Calcluated p.3'!E22 -> 1595605 | F23: =+'6.1 ADIT Calcluated p.2'!F22+'6.1 ADIT Calcluated p.3'!F22 -> 1799259 | G23: =+'6.1 ADIT Calcluated p.2'!G22+'6.1 ADIT Calcluated p.3'!G22 -> 1418307 | H23: =+'6.1 ADIT Calcluated p.2'!H22+'6.1 ADIT Calcluated p.3'!H22 -> 41001300 | I23: 0 | AF23: ='6.1 ADIT Calcluated p.2'!AF22+'6.1 ADIT Calcluated p.3'!AF22 -> 47351857 | AG23: ='6.1 ADIT Calcluated p.2'!AG22+'6.1 ADIT Calcluated p.3'!AG22 -> 2261774.7 | AH23: ='6.1 ADIT Calcluated p.2'!AH22+'6.1 ADIT Calcluated p.3'!AH22 -> 5015908.8 | AI23: ='6.1 ADIT Calcluated p.2'!AI22+'6.1 ADIT Calcluated p.3'!AI22 -> 44597723 | AJ23: ='6.1 ADIT Calcluated p.2'!AJ22+'6.1 ADIT Calcluated p.3'!AJ22 -> 11127132 | AK23: ='6.1 ADIT Calcluated p.2'!AK22+'6.1 ADIT Calcluated p.3'!AK22 -> 34968164
A24: =A23+1 -> 8 | B24: 0.05285 | C24: =+C23+1 -> 6 | D24: =+'6.1 ADIT Calcluated p.2'!D23+'6.1 ADIT Calcluated p.3'!D23 -> 1422211 | E24: =+'6.1 ADIT Calcluated p.2'!E23+'6.1 ADIT Calcluated p.3'!E23 -> 1475749 | F24: =+'6.1 ADIT Calcluated p.2'!F23+'6.1 ADIT Calcluated p.3'!F23 -> 1664524 | G24: =+'6.1 ADIT Calcluated p.2'!G23+'6.1 ADIT Calcluated p.3'!G23 -> 1320089 | H24: =+'6.1 ADIT Calcluated p.2'!H23+'6.1 ADIT Calcluated p.3'!H23 -> 1702204 | I24: 0 | AF24: ='6.1 ADIT Calcluated p.2'!AF23+'6.1 ADIT Calcluated p.3'!AF23 -> 7584777 | AH24: 0 | AI24: 0 | AJ24: 0 | AK24: 0
A25: =A24+1 -> 9 | B25: 0.04888 | C25: =+C24+1 -> 7 | D25: =+'6.1 ADIT Calcluated p.2'!D24+'6.1 ADIT Calcluated p.3'!D24 -> 1315377 | E25: =+'6.1 ADIT Calcluated p.2'!E24+'6.1 ADIT Calcluated p.3'!E24 -> 1365190 | F25: =+'6.1 ADIT Calcluated p.2'!F24+'6.1 ADIT Calcluated p.3'!F24 -> 1539489 | G25: =+'6.1 ADIT Calcluated p.2'!G24+'6.1 ADIT Calcluated p.3'!G24 -> 1221236 | H25: =+'6.1 ADIT Calcluated p.2'!H24+'6.1 ADIT Calcluated p.3'!H24 -> 1574404 | I25: 0 | AF25: ='6.1 ADIT Calcluated p.2'!AF24+'6.1 ADIT Calcluated p.3'!AF24 -> 7015696 | AH25: 0 | AI25: 0 | AJ25: 0 | AK25: 0
A26: =A25+1 -> 10 | B26: 0.04522 | C26: =+C25+1 -> 8 | D26: =+'6.1 ADIT Calcluated p.2'!D25+'6.1 ADIT Calcluated p.3'!D25 -> 1216885 | E26: =+'6.1 ADIT Calcluated p.2'!E25+'6.1 ADIT Calcluated p.3'!E25 -> 1262639 | F26: =+'6.1 ADIT Calcluated p.2'!F25+'6.1 ADIT Calcluated p.3'!F25 -> 1424155 | G26: =+'6.1 ADIT Calcluated p.2'!G25+'6.1 ADIT Calcluated p.3'!G25 -> 1129499 | H26: =+'6.1 ADIT Calcluated p.2'!H25+'6.1 ADIT Calcluated p.3'!H25 -> 1456505 | I26: 0 | AF26: ='6.1 ADIT Calcluated p.2'!AF25+'6.1 ADIT Calcluated p.3'!AF25 -> 6489683 | AH26: 0 | AI26: 0 | AJ26: 0 | AK26: 0
A27: =A26+1 -> 11 | B27: 0.04462 | C27: =+C26+1 -> 9 | D27: =+'6.1 ADIT Calcluated p.2'!D26+'6.1 ADIT Calcluated p.3'!D26 -> 1200739 | E27: =+'6.1 ADIT Calcluated p.2'!E26+'6.1 ADIT Calcluated p.3'!E26 -> 1168096 | F27: =+'6.1 ADIT Calcluated p.2'!F26+'6.1 ADIT Calcluated p.3'!F26 -> 1317176 | G27: =+'6.1 ADIT Calcluated p.2'!G26+'6.1 ADIT Calcluated p.3'!G26 -> 1044881 | H27: =+'6.1 ADIT Calcluated p.2'!H26+'6.1 ADIT Calcluated p.3'!H26 -> 1347097 | I27: 0 | AF27: ='6.1 ADIT Calcluated p.2'!AF26+'6.1 ADIT Calcluated p.3'!AF26 -> 6077989 | AH27: 0 | AI27: 0 | AJ27: 0 | AK27: 0
A28: =A27+1 -> 12 | B28: 0.04461 | C28: =+C27+1 -> 10 | D28: =+'6.1 ADIT Calcluated p.2'!D27+'6.1 ADIT Calcluated p.3'!D27 -> 1200470 | E28: =+'6.1 ADIT Calcluated p.2'!E27+'6.1 ADIT Calcluated p.3'!E27 -> 1152597 | F28: =+'6.1 ADIT Calcluated p.2'!F27+'6.1 ADIT Calcluated p.3'!F27 -> 1218549 | G28: =+'6.1 ADIT Calcluated p.2'!G27+'6.1 ADIT Calcluated p.3'!G27 -> 966392 | H28: =+'6.1 ADIT Calcluated p.2'!H27+'6.1 ADIT Calcluated p.3'!H27 -> 1246177 | I28: 0 | AF28: ='6.1 ADIT Calcluated p.2'!AF27+'6.1 ADIT Calcluated p.3'!AF27 -> 5784185 | AH28: 0 | AI28: 0 | AJ28: 0 | AK28: 0
A29: =A28+1 -> 13 | B29: 0.04462 | C29: =+C28+1 -> 11 | D29: =+'6.1 ADIT Calcluated p.2'!D28+'6.1 ADIT Calcluated p.3'!D28 -> 1200739 | E29: =+'6.1 ADIT Calcluated p.2'!E28+'6.1 ADIT Calcluated p.3'!E28 -> 1152339 | F29: =+'6.1 ADIT Calcluated p.2'!F28+'6.1 ADIT Calcluated p.3'!F28 -> 1202380 | G29: =+'6.1 ADIT Calcluated p.2'!G28+'6.1 ADIT Calcluated p.3'!G28 -> 894031 | H29: =+'6.1 ADIT Calcluated p.2'!H28+'6.1 ADIT Calcluated p.3'!H28 -> 1152566 | I29: 0 | AF29: ='6.1 ADIT Calcluated p.2'!AF28+'6.1 ADIT Calcluated p.3'!AF28 -> 5602055 | AH29: 0 | AI29: 0 | AJ29: 0 | AK29: 0
A30: =A29+1 -> 14 | B30: 0.04461 | C30: =+C29+1 -> 12 | D30: =+'6.1 ADIT Calcluated p.2'!D29+'6.1 ADIT Calcluated p.3'!D29 -> 1200470 | E30: =+'6.1 ADIT Calcluated p.2'!E29+'6.1 ADIT Calcluated p.3'!E29 -> 1152597 | F30: =+'6.1 ADIT Calcluated p.2'!F29+'6.1 ADIT Calcluated p.3'!F29 -> 1202111 | G30: =+'6.1 ADIT Calcluated p.2'!G29+'6.1 ADIT Calcluated p.3'!G29 -> 882168 | H30: =+'6.1 ADIT Calcluated p.2'!H29+'6.1 ADIT Calcluated p.3'!H29 -> 1066265 | I30: 0 | AF30: ='6.1 ADIT Calcluated p.2'!AF29+'6.1 ADIT Calcluated p.3'!AF29 -> 5503611 | AH30: 0 | AI30: 0 | AJ30: 0 | AK30: 0
A31: =A30+1 -> 15 | B31: 0.04462 | C31: =+C30+1 -> 13 | D31: =+'6.1 ADIT Calcluated p.2'!D30+'6.1 ADIT Calcluated p.3'!D30 -> 1200739 | E31: =+'6.1 ADIT Calcluated p.2'!E30+'6.1 ADIT Calcluated p.3'!E30 -> 1152339 | F31: =+'6.1 ADIT Calcluated p.2'!F30+'6.1 ADIT Calcluated p.3'!F30 -> 1202380 | G31: =+'6.1 ADIT Calcluated p.2'!G30+'6.1 ADIT Calcluated p.3'!G30 -> 881971 | H31: =+'6.1 ADIT Calcluated p.2'!H30+'6.1 ADIT Calcluated p.3'!H30 -> 1052118 | I31: 0 | AF31: ='6.1 ADIT Calcluated p.2'!AF30+'6.1 ADIT Calcluated p.3'!AF30 -> 5489547 | AH31: 0 | AI31: 0 | AJ31: 0 | AK31: 0
A32: =A31+1 -> 16 | B32: 0.04461 | C32: =+C31+1 -> 14 | D32: =+'6.1 ADIT Calcluated p.2'!D31+'6.1 ADIT Calcluated p.3'!D31 -> 1200470 | E32: =+'6.1 ADIT Calcluated p.2'!E31+'6.1 ADIT Calcluated p.3'!E31 -> 1152597 | F32: =+'6.1 ADIT Calcluated p.2'!F31+'6.1 ADIT Calcluated p.3'!F31 -> 1202111 | G32: =+'6.1 ADIT Calcluated p.2'!G31+'6.1 ADIT Calcluated p.3'!G31 -> 882168 | H32: =+'6.1 ADIT Calcluated p.2'!H31+'6.1 ADIT Calcluated p.3'!H31 -> 1051881 | I32: 0 | AF32: ='6.1 ADIT Calcluated p.2'!AF31+'6.1 ADIT Calcluated p.3'!AF31 -> 5489227 | AH32: 0 | AI32: 0 | AJ32: 0 | AK32: 0
A33: =A32+1 -> 17 | B33: 0.04462 | C33: =+C32+1 -> 15 | D33: =+'6.1 ADIT Calcluated p.2'!D32+'6.1 ADIT Calcluated p.3'!D32 -> 1200739 | E33: =+'6.1 ADIT Calcluated p.2'!E32+'6.1 ADIT Calcluated p.3'!E32 -> 1152339 | F33: =+'6.1 ADIT Calcluated p.2'!F32+'6.1 ADIT Calcluated p.3'!F32 -> 1202380 | G33: =+'6.1 ADIT Calcluated p.2'!G32+'6.1 ADIT Calcluated p.3'!G32 -> 881971 | H33: =+'6.1 ADIT Calcluated p.2'!H32+'6.1 ADIT Calcluated p.3'!H32 -> 1052118 | I33: 0 | AF33: ='6.1 ADIT Calcluated p.2'!AF32+'6.1 ADIT Calcluated p.3'!AF32 -> 5489547 | AH33: 0 | AI33: 0 | AJ33: 0 | AK33: 0
A34: =A33+1 -> 18 | B34: 0.04461 | C34: =+C33+1 -> 16 | D34: =+'6.1 ADIT Calcluated p.2'!D33+'6.1 ADIT Calcluated p.3'!D33 -> 1200470 | E34: =+'6.1 ADIT Calcluated p.2'!E33+'6.1 ADIT Calcluated p.3'!E33 -> 1152597 | F34: =+'6.1 ADIT Calcluated p.2'!F33+'6.1 ADIT Calcluated p.3'!F33 -> 1202111 | G34: =+'6.1 ADIT Calcluated p.2'!G33+'6.1 ADIT Calcluated p.3'!G33 -> 882168 | H34: =+'6.1 ADIT Calcluated p.2'!H33+'6.1 ADIT Calcluated p.3'!H33 -> 1051881 | I34: 0 | AF34: ='6.1 ADIT Calcluated p.2'!AF33+'6.1 ADIT Calcluated p.3'!AF33 -> 5489227 | AH34: 0 | AI34: 0 | AJ34: 0 | AK34: 0
A35: =A34+1 -> 19 | B35: 0.04462 | C35: =+C34+1 -> 17 | D35: =+'6.1 ADIT Calcluated p.2'!D34+'6.1 ADIT Calcluated p.3'!D34 -> 1200739 | E35: =+'6.1 ADIT Calcluated p.2'!E34+'6.1 ADIT Calcluated p.3'!E34 -> 1152339 | F35: =+'6.1 ADIT Calcluated p.2'!F34+'6.1 ADIT Calcluated p.3'!F34 -> 1202380 | G35: =+'6.1 ADIT Calcluated p.2'!G34+'6.1 ADIT Calcluated p.3'!G34 -> 881971 | H35: =+'6.1 ADIT Calcluated p.2'!H34+'6.1 ADIT Calcluated p.3'!H34 -> 1052118 | I35: 0 | AF35: ='6.1 ADIT Calcluated p.2'!AF34+'6.1 ADIT Calcluated p.3'!AF34 -> 5489547 | AH35: 0 | AI35: 0 | AJ35: 0 | AK35: 0
... A39: =A38+1 -> 23 | B39: 0.02231 | C39: =+C38+1 -> 21 | D39: =+'6.1 ADIT Calcluated p.2'!D38+'6.1 ADIT Calcluated p.3'!D38 -> 600370 | E39: =+'6.1 ADIT Calcluated p.2'!E38+'6.1 ADIT Calcluated p.3'!E38 -> 1152339 | F39: =+'6.1 ADIT Calcluated p.2'!F38+'6.1 ADIT Calcluated p.3'!F38 -> 1202380 | G39: =+'6.1 ADIT Calcluated p.2'!G38+'6.1 ADIT Calcluated p.3'!G38 -> 881971 | H39: =+'6.1 ADIT Calcluated p.2'!H38+'6.1 ADIT Calcluated p.3'!H38 -> 1052118 | I39: 0 | AF39: ='6.1 ADIT Calcluated p.2'!AF38+'6.1 ADIT Calcluated p.3'!AF38 -> 4889178 | AH39: 0 | AI39: 0 | AJ39: 0 | AK39: 0
A40: =A39+1 -> 24 | C40: =+C39+1 -> 22 | D40: =+'6.1 ADIT Calcluated p.2'!D39+'6.1 ADIT Calcluated p.3'!D39 -> 0 | E40: =+'6.1 ADIT Calcluated p.2'!E39+'6.1 ADIT Calcluated p.3'!E39 -> 576306 | F40: =+'6.1 ADIT Calcluated p.2'!F39+'6.1 ADIT Calcluated p.3'!F39 -> 1202111 | G40: =+'6.1 ADIT Calcluated p.2'!G39+'6.1 ADIT Calcluated p.3'!G39 -> 882168 | H40: =+'6.1 ADIT Calcluated p.2'!H39+'6.1 ADIT Calcluated p.3'!H39 -> 1051881 | I40: 0 | AF40: ='6.1 ADIT Calcluated p.2'!AF39+'6.1 ADIT Calcluated p.3'!AF39 -> 3712466 | AH40: 0 | AI40: 0 | AJ40: 0 | AK40: 0
A41: =A40+1 -> 25 | C41: =+C40+1 -> 23 | D41: =+'6.1 ADIT Calcluated p.2'!D40+'6.1 ADIT Calcluated p.3'!D40 -> 0 | E41: =+'6.1 ADIT Calcluated p.2'!E40+'6.1 ADIT Calcluated p.3'!E40 -> 0 | F41: =+'6.1 ADIT Calcluated p.2'!F40+'6.1 ADIT Calcluated p.3'!F40 -> 601190 | G41: =+'6.1 ADIT Calcluated p.2'!G40+'6.1 ADIT Calcluated p.3'!G40 -> 881971 | H41: =+'6.1 ADIT Calcluated p.2'!H40+'6.1 ADIT Calcluated p.3'!H40 -> 1052118 | I41: 0 | AF41: ='6.1 ADIT Calcluated p.2'!AF40+'6.1 ADIT Calcluated p.3'!AF40 -> 2535279 | AH41: 0 | AI41: 0 | AJ41: 0 | AK41: 0
A42: =A41+1 -> 26 | C42: =+C41+1 -> 24 | D42: =+'6.1 ADIT Calcluated p.2'!D41+'6.1 ADIT Calcluated p.3'!D41 -> 0 | E42: =+'6.1 ADIT Calcluated p.2'!E41+'6.1 ADIT Calcluated p.3'!E41 -> 0 | F42: =+'6.1 ADIT Calcluated p.2'!F41+'6.1 ADIT Calcluated p.3'!F41 -> 0 | G42: =+'6.1 ADIT Calcluated p.2'!G41+'6.1 ADIT Calcluated p.3'!G41 -> 441084 | H42: =+'6.1 ADIT Calcluated p.2'!H41+'6.1 ADIT Calcluated p.3'!H41 -> 1051881 | I42: 0 | AF42: ='6.1 ADIT Calcluated p.2'!AF41+'6.1 ADIT Calcluated p.3'!AF41 -> 1492965 | AH42: 0 | AI42: 0 | AJ42: 0 | AK42: 0
A43: =A42+1 -> 27 | D43: =+'6.1 ADIT Calcluated p.2'!D42+'6.1 ADIT Calcluated p.3'!D42 -> 0 | E43: =+'6.1 ADIT Calcluated p.2'!E42+'6.1 ADIT Calcluated p.3'!E42 -> 0 | F43: =+'6.1 ADIT Calcluated p.2'!F42+'6.1 ADIT Calcluated p.3'!F42 -> 0 | G43: =+'6.1 ADIT Calcluated p.2'!G42+'6.1 ADIT Calcluated p.3'!G42 -> 0 | H43: =+'6.1 ADIT Calcluated p.2'!H42+'6.1 ADIT Calcluated p.3'!H42 -> 526059 | I43: 0 | AF43: ='6.1 ADIT Calcluated p.2'!AF42+'6.1 ADIT Calcluated p.3'!AF42 -> 526059
A44: =A43+1 -> 28 | D44: =SUM(D19:D43) -> 43947674 | E44: =SUM(E19:E43) -> 41842738 | F44: =SUM(F19:F43) -> 43536556 | G44: =SUM(G19:G43) -> 52971278 | H44: =SUM(H19:H43) -> 63696571 | I44: =SUM(I19:I43) -> 0 | J44: =SUM(J19:J43) -> 0 | K44: =SUM(K19:K43) -> 0 | ... AF44: =SUM(AF19:AF43) -> 245994817 | AG44: =SUM(AG19:AG42) -> 7997294.3 | AH44: =SUM(AH19:AH42) -> 12710111
A46: Notes:
A47: [1] Deferred Taxes calculated using 21% Corporate Tax Rate and 5% State Tax Rate.

Sheet 6.1 ADIT Calcluated p.2
AK1: ='Table of Contents'!F1 -> Case No. 2026-00306
AK2: SMRP Form 6.1
AK3: Page 2 of 3
A4: Columbia Gas of Kentucky, Inc.
A5: Calculation of Accumulated Deferred Income Tax
A6: Annual Adjustment to the Safety Modification and Replacement Program [1]
J8: =+I8+1 -> 1 | K8: =+J8+1 -> 2 | L8: =+K8+1 -> 3 | M8: =+L8+1 -> 4 | N8: =+M8+1 -> 5 | O8: =+N8+1 -> 6 | P8: =+O8+1 -> 7 | Q8: =+P8+1 -> 8 | ... AE8: =+AD8+1 -> 22 | AF8: Annual | AJ8: Deferred | AK8: Accumulated
A9: Ln. | B9: MACRS 20 Year | D9: 2023 | E9: 2024 | F9: 2025 | G9: 2026 | H9: 2027 | I9: 2028 | J9: Year 9 | K9: Year 10 | L9: Year 11 | M9: Year 12 | N9: Year 13 | O9: Year 14 | P9: Year 15 | Q9: Year 16 | R9: Year 17 | S9: Year 18 | T9: Year 19 | U9: Year 20 | V9: Year 21 | W9: Year 22 | X9: Year 23 | Y9: Year 24 | Z9: Year 25 | AA9: Year 26 | AB9: Year 27 | AC9: Year 28 | AD9: Year 29 | AE9: Year 30 | AF9: Tax | AG9: Cost of | AH9: Book | AJ9: Tax @ | AK9: Deferred
A10: No. | B10: Tax Depr Rates | C10: Year | D10: Additions | E10: Additions | F10: Additions | G10: Additions | H10: Additions | I10: Additions | J10: Additions | K10: Additions | L10: Additions | M10: Additions | N10: Additions | O10: Additions | P10: Additions | Q10: Additions | R10: Additions | S10: Additions | T10: Additions | U10: Additions | V10: Additions | W10: Additions | X10: Additions | Y10: Additions | Z10: Additions | AA10: Additions | AB10: Additions | AC10: Additions | AD10: Additions | AE10: Additions | AF10: Depreciation | AG10: Removal | AH10: Depreciation | AI10: Difference | AJ10: 24.95% [3] | AK10: Inc. Taxes
B11: ( A ) | C11: ( B ) | D11: ( C ) | E11: ( D ) | F11: ( E ) | G11: ( F ) | H11: ( G ) | I11: ( H ) | J11: =+I11-1 -> #VALUE! | K11: =+J11-1 -> #VALUE! | L11: =+K11-1 -> #VALUE! | M11: =+L11-1 -> #VALUE! | N11: =+M11-1 -> #VALUE! | O11: =+N11-1 -> #VALUE! | P11: =+O11-1 -> #VALUE! | Q11: =+P11-1 -> #VALUE! | ... AE11: =+AD11-1 -> #VALUE! | AF11: ( I ) | AG11: ( J ) | AH11: ( K ) | AI11: ( L ) | AJ11: ( M ) | AK11: ( N )
D12: ($) | E12: ($) | F12: ($) | G12: ($) | H12: ($) | I12: ($) | J12: ($) | K12: ($) | L12: ($) | M12: ($) | N12: ($) | O12: ($) | P12: ($) | Q12: ($) | R12: ($) | S12: ($) | T12: ($) | U12: ($) | V12: ($) | W12: ($) | X12: ($) | Y12: ($) | Z12: ($) | AA12: ($) | AB12: ($) | AC12: ($) | AD12: ($) | AE12: ($) | AF12: ($) | AG12: ($) | AH12: ($) | AI12: ($) | AJ12: ($) | AK12: ($)
A14: 1 | B14: Mains & Services | D14: ='5.0 Depr Expense'!Q13+'5.0 Depr Expense'!Q33 -> 43862082 | E14: ='5.0 Depr Expense'!Q97+'5.0 Depr Expense'!Q117 -> 41168967 | F14: ='5.0 Depr Expense'!Q170+'5.0 Depr Expense'!Q190 -> 42634346 | G14: ='5.0 Depr Expense'!Q251+'5.0 Depr Expense'!Q271 -> 52087820 | H14: ='5.0 Depr Expense'!Q332+'5.0 Depr Expense'!Q352 -> 62923350 | I14: 0 | J14: =#REF!+#REF! -> #REF! | K14: =#REF!+#REF! -> #REF! | L14: =#REF!+#REF! -> #REF! | M14: =#REF!+#REF! -> #REF! | N14: =#REF!+#REF! -> #REF! | O14: =#REF!+#REF! -> #REF! | P14: =#REF!+#REF! -> #REF! | Q14: =#REF!+#REF! -> #REF! | ... AE14: =#REF!+#REF! -> #REF!
A16: =A14+1 -> 2 | B16: Composite Tax Rate [2] | D16: =D55+D54 -> 0.38835172 | E16: =E55+E54 -> 0.38826111 | F16: =F55+F54 -> 0.38826111 | G16: =G55+G54 -> 0.63706181 | H16: =H55+H54 -> 0.63706181 | I16: =I55+I54 -> 0.63706181
A18: =A16+1 -> 3 | B18: 0.0375 | C18: 1 | D18: =ROUND((D$14)*$D$16,0)+ROUND(($D$14-($D$14*$D$16))*B18,0) -> 18039971 | AF18: =SUM(D18:G18) -> 18039971 | AG18: =SUM('4.0 Accumulated Depr'!D34:O34)+SUM('4.0 Accumulated Depr'!D36:O36) -> 1997634.6 | AH18: ='5.0 Depr Expense'!Q20+'5.0 Depr Expense'!Q40 -> 421651.06 | AI18: =AF18+AG18-AH18 -> 19615955 | AJ18: =ROUND(0.2495*AI18,0) -> 4894181 | AK18: =+AJ18 -> 4894181
A19: =A18+1 -> 4 | B19: 0.07219 | C19: =+C18+1 -> 2 | D19: =ROUND(($D$14-($D$14*$D$16))*B19,0) -> 1936725 | E19: =ROUND((E$14)*E$16,0)+ROUND((E$14-(E$14*E$16))*$B18,0) -> 16928734 | AF19: =SUM(D19:G19) -> 18865459 | AG19: =SUM('4.0 Accumulated Depr'!D115:O115)+SUM('4.0 Accumulated Depr'!D117:O117) -> 1030769.3 | AH19: ='5.0 Depr Expense'!Q104+'5.0 Depr Expense'!Q124 -> 1264703.9 | AI19: =AF19+AG19-AH19 -> 18631524 | AJ19: =ROUND(0.2495*AI19,0) -> 4648565 | AK19: =+AK18+AJ19 -> 9542746
A20: =A19+1 -> 5 | B20: 0.06677 | C20: =+C19+1 -> 3 | D20: =ROUND(($D$14-($D$14*$D$16))*B20,0) -> 1791317 | E20: =ROUND((E$14-(E$14*E$16))*$B19,0) -> 1818080 | F20: =ROUND((F$14)*F$16,0)+ROUND((F$14-(F$14*F$16))*$B18,0) -> 17531300 | AF20: =SUM(D20:G20) -> 21140697 | AG20: =SUM('4.0 Accumulated Depr'!D196:O196)+SUM('4.0 Accumulated Depr'!D198:O198) -> 1094391.3 | AH20: ='5.0 Depr Expense'!Q177+'5.0 Depr Expense'!Q197 -> 2440812.3 | AI20: =AF20+AG20-AH20 -> 19794276 | AJ20: =ROUND(0.2495*AI20,0) -> 4938672 | AK20: =+AK19+AJ20 -> 14481418
A21: =A20+1 -> 6 | B21: 0.06177 | C21: =+C20+1 -> 4 | D21: =ROUND(($D$14-($D$14*$D$16))*B21,0) -> 1657176 | E21: =ROUND(($E$14-($E$14*$E$16))*B20,0) -> 1681580 | F21: =ROUND((F$14-(F$14*F$16))*$B19,0) -> 1882794 | G21: =ROUND((G$14)*G$16,0)+ROUND((G$14-(G$14*G$16))*$B18,0) -> 33892086 | AF21: =SUM(D21:H21) -> 39113636 | AG21: =SUM('4.0 Accumulated Depr'!D277:O277)+SUM('4.0 Accumulated Depr'!D279:O279) -> 1514202 | AH21: ='5.0 Depr Expense'!Q258+'5.0 Depr Expense'!Q278 -> 3549294 | AI21: =AF21+AG21-AH21 -> 37078544 | AJ21: =ROUND(0.2495*AI21,0) -> 9251097 | AK21: =+AK20+AJ21 -> 23732515
A22: =A21+1 -> 7 | B22: 0.05713 | C22: =+C21+1 -> 5 | D22: =ROUND(($D$14-($D$14*$D$16))*B22,0) -> 1532693 | E22: =ROUND(($E$14-($E$14*$E$16))*B21,0) -> 1555656 | F22: =ROUND((F$14-(F$14*F$16))*$B20,0) -> 1741434 | G22: =ROUND((G$14-(G$14*G$16))*$B19,0) -> 1364727 | H22: =ROUND((H$14)*H$16,0)+ROUND((H$14-(H$14*H$16))*$B18,0) -> 40942461 | I22: =ROUND((I$14)*I$16,0)+ROUND((I$14-(I$14*I$16))*$B18,0) -> 0 | AF22: =SUM(D22:I22) -> 47136971 | AG22: ='4.0 Accumulated Depr'!P358-'4.0 Accumulated Depr'!C358+'4.0 Accumulated Depr'!P360-'4.0 Accumulated Depr'!C360 -> 2233313 | AH22: ='5.0 Depr Expense'!Q339+'5.0 Depr Expense'!Q359 -> 4985588.3 | AI22: =AF22+AG22-AH22 -> 44384696 | AJ22: =ROUND(0.2495*AI22,0) -> 11073982 | AK22: =+AK21+AJ22 -> 34806497
A23: =A22+1 -> 8 | B23: 0.05285 | C23: =+C22+1 -> 6 | D23: =ROUND(($D$14-($D$14*$D$16))*B23,0) -> 1417869 | E23: =ROUND(($E$14-($E$14*$E$16))*B22,0) -> 1438800 | F23: =ROUND((F$14-(F$14*F$16))*$B21,0) -> 1611029 | G23: =ROUND((G$14-(G$14*G$16))*$B20,0) -> 1262264 | H23: =ROUND((H$14-(H$14*H$16))*$B19,0) -> 1648624 | I23: =ROUND((I$14-(I$14*I$16))*$B19,0) -> 0 | AF23: =SUM(D23:I23) -> 7378586
A24: =A23+1 -> 9 | B24: 0.04888 | C24: =+C23+1 -> 7 | D24: =ROUND(($D$14-($D$14*$D$16))*B24,0) -> 1311361 | E24: =ROUND(($E$14-($E$14*$E$16))*B23,0) -> 1331009 | F24: =ROUND((F$14-(F$14*F$16))*$B22,0) -> 1490013 | G24: =ROUND((G$14-(G$14*G$16))*$B21,0) -> 1167741 | H24: =ROUND((H$14-(H$14*H$16))*$B20,0) -> 1524846 | I24: =ROUND((I$14-(I$14*I$16))*$B20,0) -> 0 | AF24: =SUM(D24:I24) -> 6824970
A25: =A24+1 -> 10 | B25: 0.04522 | C25: =+C24+1 -> 8 | D25: =ROUND(($D$14-($D$14*$D$16))*B25,0) -> 1213170 | E25: =ROUND(($E$14-($E$14*$E$16))*B24,0) -> 1231026 | F25: =ROUND((F$14-(F$14*F$16))*$B23,0) -> 1378385 | G25: =ROUND((G$14-(G$14*G$16))*$B22,0) -> 1080023 | H25: =ROUND((H$14-(H$14*H$16))*$B21,0) -> 1410659 | I25: =ROUND((I$14-(I$14*I$16))*$B21,0) -> 0 | AF25: =SUM(D25:I25) -> 6313263
A26: =A25+1 -> 11 | B26: 0.04462 | C26: =+C25+1 -> 9 | D26: =ROUND(($D$14-($D$14*$D$16))*B26,0) -> 1197073 | E26: =ROUND(($E$14-($E$14*$E$16))*B25,0) -> 1138850 | F26: =ROUND((F$14-(F$14*F$16))*$B24,0) -> 1274844 | G26: =ROUND((G$14-(G$14*G$16))*$B23,0) -> 999111 | H26: =ROUND((H$14-(H$14*H$16))*$B22,0) -> 1304694 | I26: =ROUND((I$14-(I$14*I$16))*$B22,0) -> 0 | AF26: =SUM(D26:I26) -> 5914572
A27: =A26+1 -> 12 | B27: 0.04461 | C27: =+C26+1 -> 10 | D27: =ROUND(($D$14-($D$14*$D$16))*B27,0) -> 1196805 | E27: =ROUND(($E$14-($E$14*$E$16))*B26,0) -> 1123739 | F27: =ROUND((F$14-(F$14*F$16))*$B25,0) -> 1179387 | G27: =ROUND((G$14-(G$14*G$16))*$B24,0) -> 924060 | H27: =ROUND((H$14-(H$14*H$16))*$B23,0) -> 1206951 | I27: =ROUND((I$14-(I$14*I$16))*$B23,0) -> 0 | AF27: =SUM(D27:I27) -> 5630942
A28: =A27+1 -> 13 | B28: 0.04462 | C28: =+C27+1 -> 11 | D28: =ROUND(($D$14-($D$14*$D$16))*B28,0) -> 1197073 | E28: =ROUND(($E$14-($E$14*$E$16))*B27,0) -> 1123488 | F28: =ROUND((F$14-(F$14*F$16))*$B26,0) -> 1163738 | G28: =ROUND((G$14-(G$14*G$16))*$B25,0) -> 854869 | H28: =ROUND((H$14-(H$14*H$16))*$B24,0) -> 1116287 | I28: =ROUND((I$14-(I$14*I$16))*$B24,0) -> 0 | AF28: =SUM(D28:I28) -> 5455455
A29: =A28+1 -> 14 | B29: 0.04461 | C29: =+C28+1 -> 12 | D29: =ROUND(($D$14-($D$14*$D$16))*B29,0) -> 1196805 | E29: =ROUND(($E$14-($E$14*$E$16))*B28,0) -> 1123739 | F29: =ROUND((F$14-(F$14*F$16))*$B27,0) -> 1163477 | G29: =ROUND((G$14-(G$14*G$16))*$B26,0) -> 843526 | H29: =ROUND((H$14-(H$14*H$16))*$B25,0) -> 1032702 | I29: =ROUND((I$14-(I$14*I$16))*$B25,0) -> 0 | AF29: =SUM(D29:I29) -> 5360249
A30: =A29+1 -> 15 | B30: 0.04462 | C30: =+C29+1 -> 13 | D30: =ROUND(($D$14-($D$14*$D$16))*B30,0) -> 1197073 | E30: =ROUND(($E$14-($E$14*$E$16))*B29,0) -> 1123488 | F30: =ROUND((F$14-(F$14*F$16))*$B28,0) -> 1163738 | G30: =ROUND((G$14-(G$14*G$16))*$B27,0) -> 843337 | H30: =ROUND((H$14-(H$14*H$16))*$B26,0) -> 1019000 | I30: =ROUND((I$14-(I$14*I$16))*$B26,0) -> 0 | AF30: =SUM(D30:I30) -> 5346636
A31: =A30+1 -> 16 | B31: 0.04461 | C31: =+C30+1 -> 14 | D31: =ROUND(($D$14-($D$14*$D$16))*B31,0) -> 1196805 | E31: =ROUND(($E$14-($E$14*$E$16))*B30,0) -> 1123739 | F31: =ROUND((F$14-(F$14*F$16))*$B29,0) -> 1163477 | G31: =ROUND((G$14-(G$14*G$16))*$B28,0) -> 843526 | H31: =ROUND((H$14-(H$14*H$16))*$B27,0) -> 1018771 | I31: =ROUND((I$14-(I$14*I$16))*$B27,0) -> 0 | AF31: =SUM(D31:I31) -> 5346318
A32: =A31+1 -> 17 | B32: 0.04462 | C32: =+C31+1 -> 15 | D32: =ROUND(($D$14-($D$14*$D$16))*B32,0) -> 1197073 | E32: =ROUND(($E$14-($E$14*$E$16))*B31,0) -> 1123488 | F32: =ROUND((F$14-(F$14*F$16))*$B30,0) -> 1163738 | G32: =ROUND((G$14-(G$14*G$16))*$B29,0) -> 843337 | H32: =ROUND((H$14-(H$14*H$16))*$B28,0) -> 1019000 | I32: =ROUND((I$14-(I$14*I$16))*$B28,0) -> 0 | AF32: =SUM(D32:I32) -> 5346636
A33: =A32+1 -> 18 | B33: 0.04461 | C33: =+C32+1 -> 16 | D33: =ROUND(($D$14-($D$14*$D$16))*B33,0) -> 1196805 | E33: =ROUND(($E$14-($E$14*$E$16))*B32,0) -> 1123739 | F33: =ROUND((F$14-(F$14*F$16))*$B31,0) -> 1163477 | G33: =ROUND((G$14-(G$14*G$16))*$B30,0) -> 843526 | H33: =ROUND((H$14-(H$14*H$16))*$B29,0) -> 1018771 | I33: =ROUND((I$14-(I$14*I$16))*$B29,0) -> 0 | AF33: =SUM(D33:I33) -> 5346318
A34: =A33+1 -> 19 | B34: 0.04462 | C34: =+C33+1 -> 17 | D34: =ROUND(($D$14-($D$14*$D$16))*B34,0) -> 1197073 | E34: =ROUND(($E$14-($E$14*$E$16))*B33,0) -> 1123488 | F34: =ROUND((F$14-(F$14*F$16))*$B32,0) -> 1163738 | G34: =ROUND((G$14-(G$14*G$16))*$B31,0) -> 843337 | H34: =ROUND((H$14-(H$14*H$16))*$B30,0) -> 1019000 | I34: =ROUND((I$14-(I$14*I$16))*$B30,0) -> 0 | AF34: =SUM(D34:I34) -> 5346636
... A37: =A36+1 -> 22 | B37: 0.04461 | C37: =+C36+1 -> 20 | D37: =ROUND(($D$14-($D$14*$D$16))*B37,0) -> 1196805 | E37: =ROUND(($E$14-($E$14*$E$16))*B36,0) -> 1123739 | F37: =ROUND((F$14-(F$14*F$16))*$B35,0) -> 1163477 | G37: =ROUND((G$14-(G$14*G$16))*$B34,0) -> 843526 | H37: =ROUND((H$14-(H$14*H$16))*$B33,0) -> 1018771 | I37: =ROUND((I$14-(I$14*I$16))*$B33,0) -> 0 | AF37: =SUM(D37:I37) -> 5346318
A38: =A37+1 -> 23 | B38: 0.02231 | C38: =+C37+1 -> 21 | D38: =ROUND(($D$14-($D$14*$D$16))*B38,0)+1 -> 598537 | E38: =ROUND(($E$14-($E$14*$E$16))*B37,0) -> 1123488 | F38: =ROUND((F$14-(F$14*F$16))*$B36,0) -> 1163738 | G38: =ROUND((G$14-(G$14*G$16))*$B35,0) -> 843337 | H38: =ROUND((H$14-(H$14*H$16))*$B34,0) -> 1019000 | I38: =ROUND((I$14-(I$14*I$16))*$B34,0) -> 0 | AF38: =SUM(D38:I38) -> 4748100
A39: =A38+1 -> 24 | C39: =+C38+1 -> 22 | E39: =ROUND(($E$14-($E$14*$E$16))*B38,0)+6 -> 561876 | F39: =ROUND((F$14-(F$14*F$16))*$B37,0) -> 1163477 | G39: =ROUND((G$14-(G$14*G$16))*$B36,0) -> 843526 | H39: =ROUND((H$14-(H$14*H$16))*$B35,0) -> 1018771 | I39: =ROUND((I$14-(I$14*I$16))*$B35,0) -> 0 | AF39: =SUM(D39:I39) -> 3587650
A40: =A39+1 -> 25 | C40: =+C39+1 -> 23 | F40: =ROUND((F$14-(F$14*F$16))*$B38,0) -> 581869 | G40: =ROUND((G$14-(G$14*G$16))*$B37,0) -> 843337 | H40: =ROUND((H$14-(H$14*H$16))*$B36,0) -> 1019000 | I40: =ROUND((I$14-(I$14*I$16))*$B36,0) -> 0 | AF40: =SUM(D40:I40) -> 2444206
A41: =A40+1 -> 26 | C41: =+C40+1 -> 24 | G41: =ROUND((G$14-(G$14*G$16))*$B38,0) -> 421763 | H41: =ROUND((H$14-(H$14*H$16))*$B37,0) -> 1018771 | I41: =ROUND((I$14-(I$14*I$16))*$B37,0) -> 0 | AF41: =SUM(D41:I41) -> 1440534
A42: =A41+1 -> 27 | H42: =ROUND((H$14-(H$14*H$16))*$B38,0) -> 509500 | I42: =ROUND((I$14-(I$14*I$16))*$B38,0) -> 0 | AF42: =SUM(D42:I42) -> 509500
A43: =A42+1 -> 28 | D43: =SUM(D18:D39) -> 43862087 | E43: =SUM(E18:E39)-2 -> 41168971 | F43: =SUM(F18:F41) -> 42634345 | G43: =SUM(G18:G41) -> 52087822 | H43: =SUM(H18:H42) -> 62923350 | I43: =SUM(I18:I42) -> 0 | J43: =SUM(J18:J40) -> 0 | K43: =SUM(K18:K40) -> 0 | L43: =SUM(L18:L40) -> 0 | M43: =SUM(M18:M40) -> 0 | N43: =SUM(N18:N40) -> 0 | O43: =SUM(O18:O40) -> 0 | P43: =SUM(P18:P40) -> 0 | Q43: =SUM(Q18:Q40) -> 0 | ... AE43: =SUM(AE18:AE40) -> 0 | AF43: =SUM(AF18:AF41) -> 242167077 | AG43: =SUM(AG18:AG41) -> 7870310.3 | AH43: =SUM(AH18:AH41) -> 12662049
A45: Notes:
A46: [1] Plant additions eligible for repairs tax deduction.
A47: [2] Composite rate including repairs (62.19%) and mixed services 263A (4.01%)
A48: [3] Deferred Taxes calculated using 21% Corporate Tax Rate and 5% State Tax Rate.
D50: 2023 | E50: =+D50+1 -> 2024 | F50: =+E50+1 -> 2025 | G50: =+F50+1 -> 2026 | H50: =+G50+1 -> 2027 | I50: =+H50+1 -> 2028
B51: Repairs % | D51: 0.3628 | E51: 0.3627056 | F51: 0.3627056 | G51: 0.6219 | H51: =+G51 -> 0.6219 | I51: =+H51 -> 0.6219
B52: 263a % | D52: 0.0401 | E52: 0.0401 | F52: 0.0401 | G52: 0.0401 | H52: 0.0401 | I52: 0.0401
D53: =(1-D51)*D52 -> 0.02555172 | E53: =(1-E51)*E52 -> 0.025555505 | F53: =(1-F51)*F52 -> 0.025555505 | G53: =(1-G51)*G52 -> 0.01516181 | H53: =(1-H51)*H52 -> 0.01516181 | I53: =(1-I51)*I52 -> 0.01516181 | J53: =(1-J51)*J52 -> 0 | K53: =(1-K51)*K52 -> 0 | ... AE53: =(1-AE51)*AE52 -> 0
B54: Bonus Tax | D54: 0 | E54: =+D54 -> 0 | F54: =(1-F51-F53)*0 -> 0 | G54: =(1-G51-G53)*0 -> 0 | H54: =(1-H51-H53)*0 -> 0 | I54: =(1-I51-I53)*0 -> 0
D55: =D51+D53 -> 0.38835172 | E55: =E51+E53 -> 0.38826111 | F55: =F51+F53 -> 0.38826111 | G55: =G51+G53 -> 0.63706181 | H55: =H51+H53 -> 0.63706181 | I55: =I51+I53 -> 0.63706181

Sheet 6.1 ADIT Calcluated p.3
AK1: ='Table of Contents'!F1 -> Case No. 2026-00306
AK2: SMRP Form 6.1
AK3: Page 3 of 3
A4: Columbia Gas of Kentucky, Inc.
A5: Calculation of Accumulated Deferred Income Tax
A6: Annual Adjustment to the Safety Modification and Replacement Program [1]
J8: 2022 | K8: =+J8+1 -> 2023 | L8: =+K8+1 -> 2024 | M8: =+L8+1 -> 2025 | N8: =+M8+1 -> 2026 | O8: =+N8+1 -> 2027 | P8: =+O8+1 -> 2028 | Q8: =+P8+1 -> 2029 | R8: =+Q8+1 -> 2030 | ... AE8: =+AD8+1 -> 2043 | AF8: Annual | AJ8: Deferred | AK8: Accumulated
A9: Ln. | B9: MACRS 20 Year | D9: 2023 | E9: 2024 | F9: 2025 | G9: 2026 | H9: 2027 | I9: 2028 | J9: Year 9 | K9: Year 10 | L9: Year 11 | M9: Year 12 | N9: Year 13 | O9: Year 14 | P9: Year 15 | Q9: Year 16 | R9: Year 17 | S9: Year 18 | T9: Year 19 | U9: Year 20 | V9: Year 21 | W9: Year 22 | X9: Year 23 | Y9: Year 24 | Z9: Year 25 | AA9: Year 26 | AB9: Year 27 | AC9: Year 28 | AD9: Year 29 | AE9: Year 30 | AF9: Tax | AG9: Cost of | AH9: Book | AJ9: Tax @ | AK9: Deferred
A10: No. | B10: Tax Depr Rates | C10: Year | D10: Additions | E10: Additions | F10: Additions | G10: Additions | H10: Additions | I10: Additions | J10: Additions | K10: Additions | L10: Additions | M10: Additions | N10: Additions | O10: Additions | P10: Additions | Q10: Additions | R10: Additions | S10: Additions | T10: Additions | U10: Additions | V10: Additions | W10: Additions | X10: Additions | Y10: Additions | Z10: Additions | AA10: Additions | AB10: Additions | AC10: Additions | AD10: Additions | AE10: Additions | AF10: Depreciation | AG10: Removal | AH10: Depreciation | AI10: Difference | AJ10: 24.95% [3] | AK10: Inc. Taxes
B11: ( A ) | C11: ( B ) | D11: ( C ) | E11: ( D ) | F11: ( E ) | G11: ( F ) | H11: ( G ) | I11: ( H ) | J11: =+I11-1 -> #VALUE! | K11: =+J11-1 -> #VALUE! | L11: =+K11-1 -> #VALUE! | M11: =+L11-1 -> #VALUE! | N11: =+M11-1 -> #VALUE! | O11: =+N11-1 -> #VALUE! | P11: =+O11-1 -> #VALUE! | Q11: =+P11-1 -> #VALUE! | ... AE11: =+AD11-1 -> #VALUE! | AF11: ( I ) | AG11: ( J ) | AH11: ( K ) | AI11: ( L ) | AJ11: ( M ) | AK11: ( N )
D12: ($) | E12: ($) | F12: ($) | G12: ($) | H12: ($) | I12: ($) | J12: ($) | K12: ($) | L12: ($) | M12: ($) | N12: ($) | O12: ($) | P12: ($) | Q12: ($) | R12: ($) | S12: ($) | T12: ($) | U12: ($) | V12: ($) | W12: ($) | X12: ($) | Y12: ($) | Z12: ($) | AA12: ($) | AB12: ($) | AC12: ($) | AD12: ($) | AE12: ($) | AF12: ($) | AG12: ($) | AH12: ($) | AI12: ($) | AJ12: ($) | AK12: ($)
A14: 1 | B14: Plant Additions [1] | D14: ='5.0 Depr Expense'!Q23+'5.0 Depr Expense'!Q43+'5.0 Depr Expense'!Q53 -> 85582.38 | E14: ='5.0 Depr Expense'!Q107+'5.0 Depr Expense'!Q127+'5.0 Depr Expense'!Q137 -> 673763.54 | F14: ='5.0 Depr Expense'!Q180+'5.0 Depr Expense'!Q200+'5.0 Depr Expense'!Q210 -> 902210.17 | G14: ='5.0 Depr Expense'!Q261+'5.0 Depr Expense'!Q281+'5.0 Depr Expense'!Q291 -> 773218.57 | H14: ='5.0 Depr Expense'!Q342+'5.0 Depr Expense'!Q362+'5.0 Depr Expense'!Q372 -> 773218.57 | I14: 0 | J14: =#REF!+#REF! -> #REF! | K14: =#REF!+#REF! -> #REF! | L14: =#REF!+#REF! -> #REF! | M14: =#REF!+#REF! -> #REF! | N14: =#REF!+#REF! -> #REF! | O14: =#REF!+#REF! -> #REF! | P14: =#REF!+#REF! -> #REF! | Q14: =#REF!+#REF! -> #REF! | ... AE14: =#REF!+#REF! -> #REF!
A16: =A14+1 -> 2 | B16: Composite Tax Rate [2] | D16: =D55+D54 -> 0.0401 | E16: =E55+E54 -> 0.0401 | F16: =F55+F54 -> 0.0401 | G16: =G55+G54 -> 0.0401 | H16: =H55+H54 -> 0.0401 | I16: =I55+I54 -> 0.0401
A18: =A16+1 -> 3 | B18: 0.0375 | C18: 1 | D18: =ROUND((D$14)*$D$16,0)+ROUND(($D$14-($D$14*$D$16))*B18,0) -> 6513 | AF18: =SUM(D18:G18) -> 6513 | AG18: =SUM('4.0 Accumulated Depr'!D35:O35)+SUM('4.0 Accumulated Depr'!D37:O38) -> 53762.03 | AH18: ='5.0 Depr Expense'!Q30+'5.0 Depr Expense'!Q50+'5.0 Depr Expense'!Q60 -> -4259.937 | AI18: =AF18+AG18-AH18 -> 64534.967 | AJ18: =ROUND(0.2495*AI18,0) -> 16101 | AK18: =+AJ18 -> 16101
A19: =A18+1 -> 4 | B19: 0.07219 | C19: =+C18+1 -> 2 | D19: =ROUND(($D$14-($D$14*$D$16))*B19,0) -> 5930 | E19: =ROUND((E$14)*$E$16,0)+ROUND(($E$14-($E$14*$E$16))*B18,0) -> 51271 | AF19: =SUM(D19:G19) -> 57201 | AG19: =SUM('4.0 Accumulated Depr'!D116:O116)+SUM('4.0 Accumulated Depr'!D118:O119) -> 3161.36 | AH19: ='5.0 Depr Expense'!Q114+'5.0 Depr Expense'!Q134+'5.0 Depr Expense'!Q144 -> -4097.86 | AI19: =AF19+AG19-AH19 -> 64460.22 | AJ19: =ROUND(0.2495*AI19,0) -> 16083 | AK19: =+AK18+AJ19 -> 32184
A20: =A19+1 -> 5 | B20: 0.06677 | C20: =+C19+1 -> 3 | D20: =ROUND(($D$14-($D$14*$D$16))*B20,0) -> 5485 | E20: =ROUND(($E$14-($E$14*$E$16))*B19,0) -> 46689 | F20: =ROUND((F$14)*F$16,0)+ROUND((F$14-(F$14*F$16))*$B18,0) -> 68655 | AF20: =SUM(D20:G20) -> 120829 | AG20: =SUM('4.0 Accumulated Depr'!D197:O197)+SUM('4.0 Accumulated Depr'!D199:O200) -> 13137.22 | AH20: ='5.0 Depr Expense'!Q187+'5.0 Depr Expense'!Q207+'5.0 Depr Expense'!Q217 -> 4171.742 | AI20: =AF20+AG20-AH20 -> 129794.48 | AJ20: =ROUND(0.2495*AI20,0) -> 32384 | AK20: =+AK19+AJ20 -> 64568
A21: =A20+1 -> 6 | B21: 0.06177 | C21: =+C20+1 -> 4 | D21: =ROUND(($D$14-($D$14*$D$16))*B21,0) -> 5074 | E21: =ROUND(($E$14-($E$14*$E$16))*B20,0) -> 43183 | F21: =ROUND((F$14-(F$14*F$16))*$B19,0) -> 62519 | G21: =ROUND((G$14)*G$16,0)+ROUND((G$14-(G$14*G$16))*$B18,0) -> 58839 | AF21: =SUM(D21:H21) -> 169615 | AG21: =SUM('4.0 Accumulated Depr'!D278:O278)+SUM('4.0 Accumulated Depr'!D280:O281) -> 28461.695 | AH21: ='5.0 Depr Expense'!Q268+'5.0 Depr Expense'!Q288+'5.0 Depr Expense'!Q298 -> 21926.574 | AI21: =AF21+AG21-AH21 -> 176150.12 | AJ21: =ROUND(0.2495*AI21,0) -> 43949 | AK21: =+AK20+AJ21 -> 108517
A22: =A21+1 -> 7 | B22: 0.05713 | C22: =+C21+1 -> 5 | D22: =ROUND(($D$14-($D$14*$D$16))*B22,0) -> 4693 | E22: =ROUND(($E$14-($E$14*$E$16))*B21,0) -> 39949 | F22: =ROUND(($F$14-($F$14*$F$16))*B20,0) -> 57825 | G22: =ROUND((G$14-(G$14*G$16))*$B19,0) -> 53580 | H22: =ROUND((H$14)*H$16,0)+ROUND((H$14-(H$14*H$16))*$B18,0) -> 58839 | I22: =ROUND((I$14)*I$16,0)+ROUND((I$14-(I$14*I$16))*$B18,0) -> 0 | AF22: =SUM(D22:I22) -> 214886 | AG22: ='4.0 Accumulated Depr'!P359-'4.0 Accumulated Depr'!C359+'4.0 Accumulated Depr'!P361-'4.0 Accumulated Depr'!C361+'4.0 Accumulated Depr'!P362-'4.0 Accumulated Depr'!C362 -> 28461.695 | AH22: ='5.0 Depr Expense'!Q349+'5.0 Depr Expense'!Q369+'5.0 Depr Expense'!Q379 -> 30320.569 | AI22: =AF22+AG22-AH22 -> 213027.13 | AJ22: =ROUND(0.2495*AI22,0) -> 53150 | AK22: =+AK21+AJ22 -> 161667
A23: =A22+1 -> 8 | B23: 0.05285 | C23: =+C22+1 -> 6 | D23: =ROUND(($D$14-($D$14*$D$16))*B23,0) -> 4342 | E23: =ROUND(($E$14-($E$14*$E$16))*B22,0) -> 36949 | F23: =ROUND(($F$14-($F$14*$F$16))*B21,0) -> 53495 | G23: =ROUND(($F$14-($F$14*$F$16))*B20,0) -> 57825 | H23: =ROUND((H$14-(H$14*H$16))*$B19,0) -> 53580 | I23: =ROUND((I$14-(I$14*I$16))*$B19,0) -> 0 | AF23: =SUM(D23:I23) -> 206191
A24: =A23+1 -> 9 | B24: 0.04888 | C24: =+C23+1 -> 7 | D24: =ROUND(($D$14-($D$14*$D$16))*B24,0) -> 4016 | E24: =ROUND(($E$14-($E$14*$E$16))*B23,0) -> 34181 | F24: =ROUND(($F$14-($F$14*$F$16))*B22,0) -> 49476 | G24: =ROUND(($F$14-($F$14*$F$16))*B21,0) -> 53495 | H24: =ROUND((H$14-(H$14*H$16))*$B20,0) -> 49558 | I24: =ROUND((I$14-(I$14*I$16))*$B20,0) -> 0 | AF24: =SUM(D24:I24) -> 190726
A25: =A24+1 -> 10 | B25: 0.04522 | C25: =+C24+1 -> 8 | D25: =ROUND(($D$14-($D$14*$D$16))*B25,0) -> 3715 | E25: =ROUND(($E$14-($E$14*$E$16))*B24,0) -> 31613 | F25: =ROUND(($F$14-($F$14*$F$16))*B23,0) -> 45770 | G25: =ROUND(($F$14-($F$14*$F$16))*B22,0) -> 49476 | H25: =ROUND((H$14-(H$14*H$16))*$B21,0) -> 45846 | I25: =ROUND((I$14-(I$14*I$16))*$B21,0) -> 0 | AF25: =SUM(D25:I25) -> 176420
A26: =A25+1 -> 11 | B26: 0.04462 | C26: =+C25+1 -> 9 | D26: =ROUND(($D$14-($D$14*$D$16))*B26,0) -> 3666 | E26: =ROUND(($E$14-($E$14*$E$16))*B25,0) -> 29246 | F26: =ROUND(($F$14-($F$14*$F$16))*B24,0) -> 42332 | G26: =ROUND(($F$14-($F$14*$F$16))*B23,0) -> 45770 | H26: =ROUND((H$14-(H$14*H$16))*$B22,0) -> 42403 | I26: =ROUND((I$14-(I$14*I$16))*$B22,0) -> 0 | AF26: =SUM(D26:I26) -> 163417
A27: =A26+1 -> 12 | B27: 0.04461 | C27: =+C26+1 -> 10 | D27: =ROUND(($D$14-($D$14*$D$16))*B27,0) -> 3665 | E27: =ROUND(($E$14-($E$14*$E$16))*B26,0) -> 28858 | F27: =ROUND(($F$14-($F$14*$F$16))*B25,0) -> 39162 | G27: =ROUND(($F$14-($F$14*$F$16))*B24,0) -> 42332 | H27: =ROUND((H$14-(H$14*H$16))*$B23,0) -> 39226 | I27: =ROUND((I$14-(I$14*I$16))*$B23,0) -> 0 | AF27: =SUM(D27:I27) -> 153243
A28: =A27+1 -> 13 | B28: 0.04462 | C28: =+C27+1 -> 11 | D28: =ROUND(($D$14-($D$14*$D$16))*B28,0) -> 3666 | E28: =ROUND(($E$14-($E$14*$E$16))*B27,0) -> 28851 | F28: =ROUND(($F$14-($F$14*$F$16))*B26,0) -> 38642 | G28: =ROUND(($F$14-($F$14*$F$16))*B25,0) -> 39162 | H28: =ROUND((H$14-(H$14*H$16))*$B24,0) -> 36279 | I28: =ROUND((I$14-(I$14*I$16))*$B24,0) -> 0 | AF28: =SUM(D28:I28) -> 146600
A29: =A28+1 -> 14 | B29: 0.04461 | C29: =+C28+1 -> 12 | D29: =ROUND(($D$14-($D$14*$D$16))*B29,0) -> 3665 | E29: =ROUND(($E$14-($E$14*$E$16))*B28,0) -> 28858 | F29: =ROUND(($F$14-($F$14*$F$16))*B27,0) -> 38634 | G29: =ROUND(($F$14-($F$14*$F$16))*B26,0) -> 38642 | H29: =ROUND((H$14-(H$14*H$16))*$B25,0) -> 33563 | I29: =ROUND((I$14-(I$14*I$16))*$B25,0) -> 0 | AF29: =SUM(D29:I29) -> 143362
A30: =A29+1 -> 15 | B30: 0.04462 | C30: =+C29+1 -> 13 | D30: =ROUND(($D$14-($D$14*$D$16))*B30,0) -> 3666 | E30: =ROUND(($E$14-($E$14*$E$16))*B29,0) -> 28851 | F30: =ROUND(($F$14-($F$14*$F$16))*B28,0) -> 38642 | G30: =ROUND(($F$14-($F$14*$F$16))*B27,0) -> 38634 | H30: =ROUND((H$14-(H$14*H$16))*$B26,0) -> 33118 | I30: =ROUND((I$14-(I$14*I$16))*$B26,0) -> 0 | AF30: =SUM(D30:I30) -> 142911
A31: =A30+1 -> 16 | B31: 0.04461 | C31: =+C30+1 -> 14 | D31: =ROUND(($D$14-($D$14*$D$16))*B31,0) -> 3665 | E31: =ROUND(($E$14-($E$14*$E$16))*B30,0) -> 28858 | F31: =ROUND(($F$14-($F$14*$F$16))*B29,0) -> 38634 | G31: =ROUND(($F$14-($F$14*$F$16))*B28,0) -> 38642 | H31: =ROUND((H$14-(H$14*H$16))*$B27,0) -> 33110 | I31: =ROUND((I$14-(I$14*I$16))*$B27,0) -> 0 | AF31: =SUM(D31:I31) -> 142909
A32: =A31+1 -> 17 | B32: 0.04462 | C32: =+C31+1 -> 15 | D32: =ROUND(($D$14-($D$14*$D$16))*B32,0) -> 3666 | E32: =ROUND(($E$14-($E$14*$E$16))*B31,0) -> 28851 | F32: =ROUND(($F$14-($F$14*$F$16))*B30,0) -> 38642 | G32: =ROUND(($F$14-($F$14*$F$16))*B29,0) -> 38634 | H32: =ROUND((H$14-(H$14*H$16))*$B28,0) -> 33118 | I32: =ROUND((I$14-(I$14*I$16))*$B28,0) -> 0 | AF32: =SUM(D32:I32) -> 142911
A33: =A32+1 -> 18 | B33: 0.04461 | C33: =+C32+1 -> 16 | D33: =ROUND(($D$14-($D$14*$D$16))*B33,0) -> 3665 | E33: =ROUND(($E$14-($E$14*$E$16))*B32,0) -> 28858 | F33: =ROUND(($F$14-($F$14*$F$16))*B31,0) -> 38634 | G33: =ROUND(($F$14-($F$14*$F$16))*B30,0) -> 38642 | H33: =ROUND((H$14-(H$14*H$16))*$B29,0) -> 33110 | I33: =ROUND((I$14-(I$14*I$16))*$B29,0) -> 0 | AF33: =SUM(D33:I33) -> 142909
A34: =A33+1 -> 19 | B34: 0.04462 | C34: =+C33+1 -> 17 | D34: =ROUND(($D$14-($D$14*$D$16))*B34,0) -> 3666 | E34: =ROUND(($E$14-($E$14*$E$16))*B33,0) -> 28851 | F34: =ROUND(($F$14-($F$14*$F$16))*B32,0) -> 38642 | G34: =ROUND(($F$14-($F$14*$F$16))*B31,0) -> 38634 | H34: =ROUND((H$14-(H$14*H$16))*$B30,0) -> 33118 | I34: =ROUND((I$14-(I$14*I$16))*$B30,0) -> 0 | AF34: =SUM(D34:I34) -> 142911
... A38: =A37+1 -> 23 | B38: 0.02231 | C38: =+C37+1 -> 21 | D38: =ROUND(($D$14-($D$14*$D$16))*B38,0) -> 1833 | E38: =ROUND(($E$14-($E$14*$E$16))*B37,0) -> 28851 | F38: =ROUND(($F$14-($F$14*$F$16))*B36,0) -> 38642 | G38: =ROUND(($F$14-($F$14*$F$16))*B35,0) -> 38634 | H38: =ROUND((H$14-(H$14*H$16))*$B34,0) -> 33118 | I38: =ROUND((I$14-(I$14*I$16))*$B34,0) -> 0 | AF38: =SUM(D38:I38) -> 141078
A39: =A38+1 -> 24 | C39: =+C38+1 -> 22 | E39: =ROUND(($E$14-($E$14*$E$16))*B38,0)+1 -> 14430 | F39: =ROUND(($F$14-($F$14*$F$16))*B37,0) -> 38634 | G39: =ROUND(($F$14-($F$14*$F$16))*B36,0) -> 38642 | H39: =ROUND((H$14-(H$14*H$16))*$B35,0) -> 33110 | I39: =ROUND((I$14-(I$14*I$16))*$B35,0) -> 0 | AF39: =SUM(D39:I39) -> 124816
A40: =A39+1 -> 25 | C40: =+C39+1 -> 23 | F40: =ROUND(($F$14-($F$14*$F$16))*B38,0) -> 19321 | G40: =ROUND(($F$14-($F$14*$F$16))*B37,0) -> 38634 | H40: =ROUND((H$14-(H$14*H$16))*$B36,0) -> 33118 | I40: =ROUND((I$14-(I$14*I$16))*$B36,0) -> 0 | AF40: =SUM(D40:I40) -> 91073
A41: =A40+1 -> 26 | C41: =+C40+1 -> 24 | G41: =ROUND(($F$14-($F$14*$F$16))*B38,0) -> 19321 | H41: =ROUND((H$14-(H$14*H$16))*$B37,0) -> 33110 | I41: =ROUND((I$14-(I$14*I$16))*$B37,0) -> 0 | AF41: =SUM(D41:I41) -> 52431
A42: =A41+1 -> 27 | H42: =ROUND((H$14-(H$14*H$16))*$B38,0) -> 16559 | I42: =ROUND((I$14-(I$14*I$16))*$B38,0) -> 0 | AF42: =SUM(D42:I42) -> 16559
A43: =A42+1 -> 28 | D43: =SUM(D18:D39) -> 85587 | E43: =SUM(E19:E39) -> 673765 | F43: =SUM(F18:F42) -> 902211 | G43: =SUM(G18:G42) -> 883456 | H43: =SUM(H18:H42) -> 773221 | I43: =SUM(I18:I42) -> 0 | J43: =SUM(J18:J39) -> 0 | K43: =SUM(K18:K39) -> 0 | L43: =SUM(L18:L39) -> 0 | M43: =SUM(M18:M39) -> 0 | N43: =SUM(N18:N39) -> 0 | O43: =SUM(O18:O39) -> 0 | P43: =SUM(P18:P39) -> 0 | Q43: =SUM(Q18:Q39) -> 0 | ... AE43: =SUM(AE18:AE39) -> 0 | AF43: =SUM(AF18:AF41) -> 3301681
A45: Notes:
A46: [1] Plant additions not eligible for repairs tax deduction.
A47: [2] Composite rate including mixed services 263A (4.01%)
A48: [3] Deferred Taxes calculated using 21% Corporate Tax Rate and 5% State Tax Rate.
D50: 2023 | E50: 2024 | F50: 2025 | G50: 2026 | H50: 2027 | I50: 2028
B51: Repairs % | D51: 0 | E51: 0 | F51: 0 | G51: 0 | H51: 0 | I51: 0
B52: 263a % | D52: 0.0401 | E52: 0.0401 | F52: 0.0401 | G52: 0.0401 | H52: 0.0401 | I52: 0.0401
D53: =(1-D51)*D52 -> 0.0401 | E53: =(1-E51)*E52 -> 0.0401 | F53: =(1-F51)*F52 -> 0.0401 | G53: =(1-G51)*G52 -> 0.0401 | H53: =(1-H51)*H52 -> 0.0401 | I53: =(1-I51)*I52 -> 0.0401 | J53: =(1-J51)*J52 -> 0 | K53: =(1-K51)*K52 -> 0 | ... AE53: =(1-AE51)*AE52 -> 0
B54: Bonus Tax | D54: 0 | E54: 0 | F54: 0 | G54: 0 | H54: 0 | I54: 0
D55: =D51+D53 -> 0.0401 | E55: =E51+E53 -> 0.0401 | F55: =F51+F53 -> 0.0401 | G55: =G51+G53 -> 0.0401 | H55: =H51+H53 -> 0.0401 | I55: =I51+I53 -> 0.0401

Sheet 7.0 Property Tax
I1: ='Table of Contents'!F1 -> Case No. 2026-00306
I2: SMRP Form 7.0
A3: Columbia Gas of Kentucky, Inc.
A4: Annual Adjustment to the Safety Modification and Replacement Program ("SMRP")
A5: Property Tax Calculation
A8: Line | G8: SMRP Investment
A9: No. | G9: 46387 | I9: Reference
G10: ( A ) | I10: ( B )
B13: Investment subject to Property Tax
A14: 1 | D14: Net SMRP Investment-Property, Plant and Equipment | G14: ='3.0 Plant in Service'!P255+'4.0 Accumulated Depr'!O292 -> 1.8022931e+08 | I14: Form 3.0 and 4.0
B16: Operating Expenses
A17: =A14+1 -> 2 | D17: Property Tax (1) | G17: =ROUND(G14*0.015297,0) -> 2756968 | I17: Line 1 * 1.5297%
A24: Notes:
A25: (1) Property taxes rate is filed for rate in 2024-00092 Stipulation

Sheet 8.0 O&M Savings 
G1: ='Table of Contents'!F1 -> Case No. 2026-00306
G2: SMRP Form 8.0
B4: Columbia Gas of Kentucky, Inc.
B5: Annual Adjustment to the Safety Modification and Replacement Program
B6: Calculation of O&M Savings
E9: FERC Account 887
E10: ($)
B11: 2026 O&M Account 887 Costs [1] | E11: =+E12 -> 3433598
B12: 2026 O&M Account 887 per Case No. 2024-00092 | E12: 3433598
B13: Projected O&M Savings | E13: =IF(+E11-E12<0,+E11-E12,0) -> 0
B16: [1] 2026 O&M is unknown - amount reflects the 2024-00092 Rate Case amount
B17: This will be updated to actual 2026 O&M costs in SMRP BA filing (filed March 2027)
